Workbook

Sheet 2022A Revised
I1: University System of Maryland | X1: University System of Maryland | AR1: University System of Maryland | BL1: University System of Maryland | CD1: University System of Maryland
I2: Distribution of Debt Services | X2: Distribution of Debt Services | AR2: Distribution of Debt Services | BL2: Distribution of Debt Services | CD2: Distribution of Debt Services
I3: 2022 Series A Bond Funded Projects | X3: 2022 Series A Bond Funded Projects | AR3: 2022 Series A Bond Funded Projects | BL3: 2022 Series A Bond Funded Projects | CD3: 2022 Series A Bond Funded Projects
A5: Payment | C5: Total Debt Services - 2022A | Q5: Total Facilities Renewal - 2022A | V5: UMCP N. Campus Dining Hall Replace (Aux) | AA5: UMCP Two New Residence Halls (Aux) | AF5: Total Academic Projects - 2022A | AK5: Total Auxiliary Projects - 2022A | AP5: UMCP High Rise Residence Halls (Aux) | AU5: UMES Natural Gas Conversion (Aux) | AZ5: UMB Facilities Renewal 42nd Amendment (Aux) | BE5: FSU Five Dorm Renovation (Auxiliary) | BJ5: TU Glen Towers & Addition & Renov (Auxiliary) | BO5: TU Union Addition/Renovation (Auxiliary) | BT5: TU 401 Washington Renovation (Auxiliary) | BY5: Debt Svc from Earnings\Accrued Int\Plant Fund | CD5: Debt Svc from Earnings\Accrued Int\Plant Fund | CI5: Debt Svc from Earnings\Accrued Int\Plant Fund
A6: Date | C6: 2022A - 30 Year Bond | F6: 2022A - 20 Year Bond | I6: 2022A - 10 Year Bond | L6: 2022A Bond - Total | Q6: 2022A - 10 Year Bond | W6: 30 Year Bond | AB6: 30 Year Bond | AF6: 20 Year Bond including 20-yr FR | AK6: 20 Year Bond | AQ6: 20 Year Bond | AV6: 20 Year Bond | BA6: 20 Year Bond | BF6: 20 Year Bond | BK6: 20 Year Bond | BP6: 20 Year Bond | BU6: 20 Year Bond | BZ6: 30 Year Bond | CE6: 20 Year Bond | CJ6: 10 Year Bond
E7: Amort of | H7: Amort of | K7: Amort of | O7: Amort of | T7: Amort of | V7: 0.4426357 | W7: 0.49710176 | X7: 0.50093742 | Y7: Amort of | AA7: 0.4920576 | AB7: 0.49205765 | AC7: 0.49205765 | AD7: Amort of | AH7: ='20-Year Acad Revised'!J6+'20-Year Fac Renewal Acad'!J6 -> 0.2638782 | AI7: Amort of | AK7: =+AZ7+BE7+BJ7+BO7+CD7+AP7+AU7+BT7 -> 1 | AL7: =+BA7+BF7+BK7+BP7+CE7+AQ7+AV7+BU7 -> 1 | AM7: =+BB7+BG7+BL7+BQ7+CF7+AR7+AW7+BV7 -> 0.7361218 | AN7: Amort of | AS7: Amort of | AW7: 0.007134843 | AX7: Amort of | AZ7: 0.049299214 | BA7: 0.051766702 | BB7: 0.056344599 | BC7: Amort of | BG7: 0.0022507153 | BH7: Amort of | BL7: 0.047136646 | BM7: Amort of | BQ7: 0.0072046273 | BR7: Amort of | BV7: 0 | BW7: Amort of | BY7: 0.065306665 | BZ7: 0.010840597 | CA7: 0.00700493 | CB7: Amort of | CD7: 0.95070079 | CE7: 0.9482333 | CF7: 0.61605037 | CG7: Amort of | CI7: 0.50176832 | CJ7: 0.13472001 | CK7: Done | CL7: Amort of
E8: Premium | H8: Premium | K8: Premium | O8: Premium | T8: Premium | V8: 0.50794235 | Y8: Premium | AA8: 0.49205765 | AD8: Premium | AF8: ='20-Year Acad Revised'!H7+'20-Year Fac Renewal Acad'!H7 -> 0.65533056 | AG8: ='20-Year Acad Revised'!I7+'20-Year Fac Renewal Acad'!I7 -> 0.71249468 | AI8: Premium | AK8: =+BE8+BJ8+BO8+CD8+AP8+AU8+BT8 -> 0.34466933 | AL8: =+BF8+BK8+BP8+CE8+AQ8+AV8+BU8 -> 0.28750532 | AN8: Premium | AP8: 0.00019683175 | AQ8: 0.00019657021 | AS8: Premium | AU8: 0.009195273 | AV8: 0.0091830548 | AX8: Premium | AZ8: Early Payoff-Complete | BC8: Premium | BE8: 0.0030216227 | BF8: 0.0030550579 | BH8: Premium | BJ8: 0.2000596 | BK8: 0.21268526 | BM8: Premium | BO8: 0.056156897 | BP8: 0.056333435 | BR8: Premium | BT8: 0 | BU8: 0.0013640376 | BW8: Premium | BY8: Done | CB8: Premium | CD8: =7.1345%+0.46941% -> 0.0760391 | CE8: 0.0046879036 | CG8: Premium | CL8: Premium
C9: Principal | D9: Interest | E9: Total | F9: Principal | G9: Interest | H9: Total | I9: Principal | J9: Interest | K9: Total | L9: Principal-Total | M9: Interest-Total | N9: Total | O9: Total | Q9: Principal | R9: Interest | S9: Total | T9: Total | V9: Principal | W9: Interest | X9: Total | Y9: Total | AA9: Principal | AB9: Interest | AC9: Total | AD9: Total | AF9: Principal | AG9: Interest | AH9: Total | AI9: Total | AK9: Principal | AL9: Interest | AM9: Total | AN9: Total | AP9: Principal | AQ9: Interest | AR9: Total | AS9: Total | AU9: Principal | AV9: Interest | AW9: Total | AX9: Total | AZ9: Principal | BA9: Interest | BB9: Total | BC9: Total | BE9: Principal | BF9: Interest | BG9: Total | BH9: Total | BJ9: Principal | BK9: Interest | BL9: Total | BM9: Total | BO9: Principal | BP9: Interest | BQ9: Total | BR9: Total | BT9: Principal | BU9: Interest | BV9: Total | BW9: Total | BY9: Principal | BZ9: Interest | CA9: Total | CB9: Total | CD9: Principal | CE9: Interest | CF9: Total | CG9: Total | CI9: Principal | CJ9: Interest | CK9: Total | CL9: Total
A10: 45200 | D10: 790375 | E10: =97157-19 -> 97138 | G10: 660450 | H10: =112831-11 -> 112820 | J10: 482875 | K10: =129308-7 -> 129301 | M10: =D10+G10+J10 -> 1933700 | N10: =L10+M10 -> 1933700 | O10: =E10+H10+K10 -> 339259 | R10: ='10-Year Fac Renewal Revised'!I9 -> 482875 | S10: =Q10+R10 -> 482875 | T10: ='10-Year Fac Renewal Revised'!K9 -> 129301 | W10: =D10*X7 -> 395928.42 | X10: =V10+W10 -> 395928.42 | Y10: =X$7*$E10 -> 48660.059 | AB10: =D10*AC7 -> 388910.06 | AC10: =AA10+AB10 -> 388910.06 | AD10: =AC$7*$E10 -> 47797.496 | AF10: ='20-Year Acad Revised'!H9+'20-Year Fac Renewal Acad'!H9 -> 0 | AG10: ='20-Year Acad Revised'!I9+'20-Year Fac Renewal Acad'!I9 -> 174278.36 | AH10: =AF10+AG10 -> 174278.36 | AI10: ='20-Year Acad Revised'!K9+'20-Year Fac Renewal Acad'!K9 -> 29770.739 | AL10: =+BA10+BF10+BK10+BP10+CE10+BU10+AQ10+AV10 -> 486171.64 | AM10: =AK10+AL10 -> 486171.64 | AN10: =+BC10+BH10+BM10+BR10+CG10+BW10+AS10+AX10 -> 83049.261 | AR10: =AP10+AQ10 -> 0 | AS10: =AR$7*$H10 -> 0 | AV10: =G10*AW7 -> 4712.2071 | AW10: =AU10+AV10 -> 4712.2071 | AX10: =AW$7*$H10 -> 804.95299 | BA10: =G10*BB7 -> 37212.791 | BB10: =AZ10+BA10 -> 37212.791 | BC10: =BB$7*$H10 -> 6356.7977 | BF10: =G10*BG7 -> 1486.4849 | BG10: =BE10+BF10 -> 1486.4849 | BH10: =BG$7*$H10 -> 253.92569 | BK10: =G10*BL7 -> 31131.398 | BL10: =BJ10+BK10 -> 31131.398 | BM10: =BL$7*$H10 -> 5317.9564 | BP10: =G10*BQ7 -> 4758.2961 | BQ10: =BO10+BP10 -> 4758.2961 | BR10: =BQ$7*$H10 -> 812.82605 | BV10: =BT10+BU10 -> 0 | BW10: =BV$7*$H10 -> 0 | BZ10: =D10*CA7 -> 5536.5216 | CA10: =BY10+BZ10 -> 5536.5216 | CB10: =CA$7*$H10 -> 790.29621 | CE10: =G10*CF7 -> 406870.47 | CF10: =CD10+CE10 -> 406870.47 | CG10: =CF$7*$H10 -> 69502.803
A11: 45383 | C11: 890000 | D11: 790375 | E11: 97157 | F11: 1195000 | G11: 660450 | H11: 112831 | I11: 1750000 | J11: 482875 | K11: 129308 | L11: =C11+F11+I11 -> 3835000 | M11: =D11+G11+J11 -> 1933700 | N11: =L11+M11 -> 5768700 | O11: =E11+H11+K11 -> 339296 | Q11: ='10-Year Fac Renewal Revised'!H10 -> 1750000 | R11: ='10-Year Fac Renewal Revised'!I10 -> 482875 | S11: =Q11+R11 -> 2232875 | T11: ='10-Year Fac Renewal Revised'!K10 -> 129308 | V11: =C11*$V$8 -> 452068.69 | W11: =D11*$V$8 -> 401464.94 | X11: =V11+W11 -> 853533.63 | Y11: =V$8*$E11 -> 49350.155 | AA11: =C11*$AA$8 -> 437931.31 | AB11: =D11*$AA$8 -> 388910.06 | AC11: =AA11+AB11 -> 826841.37 | AD11: =AA$8*$E11 -> 47806.845 | AF11: ='20-Year Acad Revised'!H10+'20-Year Fac Renewal Acad'!H10 -> 783120.02 | AG11: ='20-Year Acad Revised'!I10+'20-Year Fac Renewal Acad'!I10 -> 432813.07 | AH11: =AF11+AG11 -> 1215933.1 | AI11: ='20-Year Acad Revised'!K10+'20-Year Fac Renewal Acad'!K10 -> 73941.602 | AK11: =+AZ11+BE11+BJ11+BO11+CD11+BT11+AP11+AU11 -> 411879.85 | AL11: =+BA11+BF11+BK11+BP11+CE11+BU11+AQ11+AV11 -> 227636.86 | AM11: =AK11+AL11 -> 639516.71 | AN11: =+BC11+BH11+BM11+BR11+CG11+BW11+AS11+AX11 -> 38889.385 | AP11: =F11*$AP$8 -> 235.21394 | AQ11: =G11*$AP$8 -> 129.99753 | AR11: =AP11+AQ11 -> 365.21147 | AS11: =AP$8*$H11 -> 22.208723 | AU11: =F11*$AU$8 -> 10988.351 | AV11: =G11*$AU$8 -> 6073.0181 | AW11: =AU11+AV11 -> 17061.369 | AX11: =AU$8*$H11 -> 1037.5118 | BE11: =F11*$BE$8 -> 3610.8392 | BF11: =G11*$BE$8 -> 1995.6307 | BG11: =BE11+BF11 -> 5606.4699 | BH11: =BE$8*$H11 -> 340.93272 | BJ11: =F11*$BJ$8 -> 239071.23 | BK11: =G11*$BJ$8 -> 132129.37 | BL11: =BJ11+BK11 -> 371200.59 | BM11: =BJ$8*$H11 -> 22572.925 | BO11: =F11*$BO$8 -> 67107.493 | BP11: =G11*$BO$8 -> 37088.823 | BQ11: =BO11+BP11 -> 104196.32 | BR11: =BO$8*$H11 -> 6336.2389 | BV11: =BT11+BU11 -> 0 | BW11: =BT$8*$H11 -> 0 | CD11: =F11*CD8 -> 90866.724 | CE11: =G11*CD8 -> 50220.024 | CF11: =CD11+CE11 -> 141086.75 | CG11: =CD$8*$H11 -> 8579.5677 | CL11: =CI$8*$H11 -> 0
A12: 45566 | D12: 768125 | E12: 97157 | G12: 630575 | H12: 112831 | J12: 439125 | K12: 129308 | M12: =D12+G12+J12 -> 1837825 | N12: =L12+M12 -> 1837825 | O12: =E12+H12+K12 -> 339296 | R12: ='10-Year Fac Renewal Revised'!I11 -> 439125 | S12: =Q12+R12 -> 439125 | T12: ='10-Year Fac Renewal Revised'!K11 -> 129308 | W12: =D12*$V$8 -> 390163.22 | X12: =V12+W12 -> 390163.22 | Y12: =V$8*$E12 -> 49350.155 | AB12: =D12*$AA$8 -> 377961.78 | AC12: =AA12+AB12 -> 377961.78 | AD12: =AA$8*$E12 -> 47806.845 | AG12: ='20-Year Acad Revised'!I11+'20-Year Fac Renewal Acad'!I11 -> 449281.33 | AH12: =AF12+AG12 -> 449281.33 | AI12: ='20-Year Acad Revised'!K11+'20-Year Fac Renewal Acad'!K11 -> 80391.487 | AL12: =+BA12+CE12+BF12+BK12+BP12+BU12+AQ12+AV12 -> 181293.67 | AM12: =AK12+AL12 -> 181293.67 | AN12: =+BC12+CG12+BH12+BM12+BR12+BW12+AS12+AX12 -> 32439.513 | AQ12: =G12*$AQ$8 -> 123.95226 | AR12: =AP12+AQ12 -> 123.95226 | AS12: =AQ$8*$H12 -> 22.179213 | AV12: =G12*$AV$8 -> 5790.6048 | AW12: =AU12+AV12 -> 5790.6048 | AX12: =AV$8*$H12 -> 1036.1333 | BF12: =G12*$BF$8 -> 1926.4432 | BG12: =BE12+BF12 -> 1926.4432 | BH12: =BF$8*$H12 -> 344.70524 | BK12: =G12*$BK$8 -> 134114.01 | BL12: =BJ12+BK12 -> 134114.01 | BM12: =BK$8*$H12 -> 23997.491 | BP12: =G12*$BP$8 -> 35522.456 | BQ12: =BO12+BP12 -> 35522.456 | BR12: =BP$8*$H12 -> 6356.1579 | BU12: =G12*$BU$8 -> 860.12802 | BV12: =BT12+BU12 -> 860.12802 | BW12: =BU$8*$H12 -> 153.90573 | CE12: =G12*$CE$8 -> 2956.0748 | CF12: =CD12+CE12 -> 2956.0748 | CG12: =CE$8*$H12 -> 528.94086 | CL12: =CJ$8*$H12 -> 0
A13: 45748 | C13: 935000 | D13: 768125 | E13: 97157 | F13: 1255000 | G13: 630575 | H13: 112831 | I13: 1840000 | J13: 439125 | K13: 129308 | L13: =C13+F13+I13 -> 4030000 | M13: =D13+G13+J13 -> 1837825 | N13: =L13+M13 -> 5867825 | O13: =E13+H13+K13 -> 339296 | Q13: ='10-Year Fac Renewal Revised'!H12 -> 1840000 | R13: ='10-Year Fac Renewal Revised'!I12 -> 439125 | S13: =Q13+R13 -> 2279125 | T13: ='10-Year Fac Renewal Revised'!K12 -> 129308 | V13: =C13*$V$8 -> 474926.1 | W13: =D13*$V$8 -> 390163.22 | X13: =V13+W13 -> 865089.32 | Y13: =V$8*$E13 -> 49350.155 | AA13: =C13*$AA$8 -> 460073.9 | AB13: =D13*$AA$8 -> 377961.78 | AC13: =AA13+AB13 -> 838035.68 | AD13: =AA$8*$E13 -> 47806.845 | AF13: ='20-Year Acad Revised'!H12+'20-Year Fac Renewal Acad'!H12 -> 894180.82 | AG13: ='20-Year Acad Revised'!I12+'20-Year Fac Renewal Acad'!I12 -> 449281.33 | AH13: =AF13+AG13 -> 1343462.2 | AI13: ='20-Year Acad Revised'!K12+'20-Year Fac Renewal Acad'!K12 -> 80391.487 | AK13: =+AZ13+CD13+BE13+BJ13+BO13+BT13+AP13+AU13 -> 360819.18 | AL13: =+BA13+CE13+BF13+BK13+BP13+BU13+AQ13+AV13 -> 181293.67 | AM13: =AK13+AL13 -> 542112.85 | AN13: =+BC13+CG13+BH13+BM13+BR13+BW13+AS13+AX13 -> 32439.513 | AP13: =F13*$AQ$8 -> 246.69561 | AQ13: =G13*$AQ$8 -> 123.95226 | AR13: =AP13+AQ13 -> 370.64787 | AS13: =AQ$8*$H13 -> 22.179213 | AU13: =F13*$AV$8 -> 11524.734 | AV13: =G13*$AV$8 -> 5790.6048 | AW13: =AU13+AV13 -> 17315.338 | AX13: =AV$8*$H13 -> 1036.1333 | BE13: =F13*$BF$8 -> 3834.0977 | BF13: =G13*$BF$8 -> 1926.4432 | BG13: =BE13+BF13 -> 5760.5409 | BH13: =BF$8*$H13 -> 344.70524 | BJ13: =F13*$BK$8 -> 266920.01 | BK13: =G13*$BK$8 -> 134114.01 | BL13: =BJ13+BK13 -> 401034.02 | BM13: =BK$8*$H13 -> 23997.491 | BO13: =F13*$BP$8 -> 70698.462 | BP13: =G13*$BP$8 -> 35522.456 | BQ13: =BO13+BP13 -> 106220.92 | BR13: =BP$8*$H13 -> 6356.1579 | BT13: =F13*$BU$8 -> 1711.8672 | BU13: =G13*$BU$8 -> 860.12802 | BV13: =BT13+BU13 -> 2571.9952 | BW13: =BU$8*$H13 -> 153.90573 | CD13: =F13*$CE$8 -> 5883.3191 | CE13: =G13*$CE$8 -> 2956.0748 | CF13: =CD13+CE13 -> 8839.3939 | CG13: =CE$8*$H13 -> 528.94086 | CL13: =CJ$8*$H13 -> 0
A14: 45931 | D14: 744750 | E14: 97157 | G14: 599200 | H14: 112831 | J14: 393125 | K14: 129308 | M14: =D14+G14+J14 -> 1737075 | N14: =L14+M14 -> 1737075 | O14: =E14+H14+K14 -> 339296 | R14: ='10-Year Fac Renewal Revised'!I13 -> 393125 | S14: =Q14+R14 -> 393125 | T14: ='10-Year Fac Renewal Revised'!K13 -> 129308 | W14: =D14*$V$8 -> 378290.07 | X14: =V14+W14 -> 378290.07 | Y14: =V$8*$E14 -> 49350.155 | AB14: =D14*$AA$8 -> 366459.93 | AC14: =AA14+AB14 -> 366459.93 | AD14: =AA$8*$E14 -> 47806.845 | AG14: ='20-Year Acad Revised'!I13+'20-Year Fac Renewal Acad'!I13 -> 426926.81 | AH14: =AF14+AG14 -> 426926.81 | AI14: ='20-Year Acad Revised'!K13+'20-Year Fac Renewal Acad'!K13 -> 80391.487 | AL14: =+BA14+CE14+BF14+BK14+BP14+BU14+AQ14+AV14 -> 172273.19 | AM14: =AK14+AL14 -> 172273.19 | AN14: =+BC14+CG14+BH14+BM14+BR14+BW14+AS14+AX14 -> 32439.513 | AQ14: =G14*$AQ$8 -> 117.78487 | AR14: =AP14+AQ14 -> 117.78487 | AS14: =AQ$8*$H14 -> 22.179213 | AV14: =G14*$AV$8 -> 5502.4864 | AW14: =AU14+AV14 -> 5502.4864 | AX14: =AV$8*$H14 -> 1036.1333 | BF14: =G14*$BF$8 -> 1830.5907 | BG14: =BE14+BF14 -> 1830.5907 | BH14: =BF$8*$H14 -> 344.70524 | BK14: =G14*$BK$8 -> 127441.01 | BL14: =BJ14+BK14 -> 127441.01 | BM14: =BK$8*$H14 -> 23997.491 | BP14: =G14*$BP$8 -> 33754.995 | BQ14: =BO14+BP14 -> 33754.995 | BR14: =BP$8*$H14 -> 6356.1579 | BU14: =G14*$BU$8 -> 817.33134 | BV14: =BT14+BU14 -> 817.33134 | BW14: =BU$8*$H14 -> 153.90573 | CE14: =G14*$CE$8 -> 2808.9919 | CF14: =CD14+CE14 -> 2808.9919 | CG14: =CE$8*$H14 -> 528.94086 | CL14: =CJ$8*$H14 -> 0
A15: 46113 | C15: 980000 | D15: 744750 | E15: 97157 | F15: 1320000 | G15: 599200 | H15: 112831 | I15: 1930000 | J15: 393125 | K15: 129308 | L15: =C15+F15+I15 -> 4230000 | M15: =D15+G15+J15 -> 1737075 | N15: =L15+M15 -> 5967075 | O15: =E15+H15+K15 -> 339296 | Q15: ='10-Year Fac Renewal Revised'!H14 -> 1930000 | R15: ='10-Year Fac Renewal Revised'!I14 -> 393125 | S15: =Q15+R15 -> 2323125 | T15: ='10-Year Fac Renewal Revised'!K14 -> 129308 | V15: =C15*$V$8 -> 497783.5 | W15: =D15*$V$8 -> 378290.07 | X15: =V15+W15 -> 876073.57 | Y15: =V$8*$E15 -> 49350.155 | AA15: =C15*$AA$8 -> 482216.5 | AB15: =D15*$AA$8 -> 366459.93 | AC15: =AA15+AB15 -> 848676.43 | AD15: =AA$8*$E15 -> 47806.845 | AF15: ='20-Year Acad Revised'!H14+'20-Year Fac Renewal Acad'!H14 -> 940492.97 | AG15: ='20-Year Acad Revised'!I14+'20-Year Fac Renewal Acad'!I14 -> 426926.81 | AH15: =AF15+AG15 -> 1367419.8 | AI15: ='20-Year Acad Revised'!K14+'20-Year Fac Renewal Acad'!K14 -> 80391.487 | AK15: =+AZ15+CD15+BE15+BJ15+BO15+BT15+AP15+AU15 -> 379507.03 | AL15: =+BA15+CE15+BF15+BK15+BP15+BU15+AQ15+AV15 -> 172273.19 | AM15: =AK15+AL15 -> 551780.22 | AN15: =+BC15+CG15+BH15+BM15+BR15+BW15+AS15+AX15 -> 32439.513 | AP15: =F15*$AQ$8 -> 259.47268 | AQ15: =G15*$AQ$8 -> 117.78487 | AR15: =AP15+AQ15 -> 377.25755 | AS15: =AQ$8*$H15 -> 22.179213 | AU15: =F15*$AV$8 -> 12121.632 | AV15: =G15*$AV$8 -> 5502.4864 | AW15: =AU15+AV15 -> 17624.119 | AX15: =AV$8*$H15 -> 1036.1333 | BE15: =F15*$BF$8 -> 4032.6765 | BF15: =G15*$BF$8 -> 1830.5907 | BG15: =BE15+BF15 -> 5863.2672 | BH15: =BF$8*$H15 -> 344.70524 | BJ15: =F15*$BK$8 -> 280744.55 | BK15: =G15*$BK$8 -> 127441.01 | BL15: =BJ15+BK15 -> 408185.56 | BM15: =BK$8*$H15 -> 23997.491 | BO15: =F15*$BP$8 -> 74360.135 | BP15: =G15*$BP$8 -> 33754.995 | BQ15: =BO15+BP15 -> 108115.13 | BR15: =BP$8*$H15 -> 6356.1579 | BT15: =F15*$BU$8 -> 1800.5297 | BU15: =G15*$BU$8 -> 817.33134 | BV15: =BT15+BU15 -> 2617.861 | BW15: =BU$8*$H15 -> 153.90573 | CD15: =F15*$CE$8 -> 6188.0328 | CE15: =G15*$CE$8 -> 2808.9919 | CF15: =CD15+CE15 -> 8997.0247 | CG15: =CE$8*$H15 -> 528.94086 | CL15: =CJ$8*$H15 -> 0
A16: 46296 | D16: 720250 | E16: 97157 | G16: 566200 | H16: 112831 | J16: 344875 | K16: 129308 | M16: =D16+G16+J16 -> 1631325 | N16: =L16+M16 -> 1631325 | O16: =E16+H16+K16 -> 339296 | R16: ='10-Year Fac Renewal Revised'!I15 -> 344875 | S16: =Q16+R16 -> 344875 | T16: ='10-Year Fac Renewal Revised'!K15 -> 129308 | W16: =D16*$V$8 -> 365845.48 | X16: =V16+W16 -> 365845.48 | Y16: =V$8*$E16 -> 49350.155 | AB16: =D16*$AA$8 -> 354404.52 | AC16: =AA16+AB16 -> 354404.52 | AD16: =AA$8*$E16 -> 47806.845 | AG16: ='20-Year Acad Revised'!I15+'20-Year Fac Renewal Acad'!I15 -> 403414.49 | AH16: =AF16+AG16 -> 403414.49 | AI16: ='20-Year Acad Revised'!K15+'20-Year Fac Renewal Acad'!K15 -> 80391.487 | AL16: =+BA16+CE16+BF16+BK16+BP16+BU16+AQ16+AV16 -> 162785.51 | AM16: =AK16+AL16 -> 162785.51 | AN16: =+BC16+CG16+BH16+BM16+BR16+BW16+AS16+AX16 -> 32439.513 | AQ16: =G16*$AQ$8 -> 111.29805 | AR16: =AP16+AQ16 -> 111.29805 | AS16: =AQ$8*$H16 -> 22.179213 | AV16: =G16*$AV$8 -> 5199.4456 | AW16: =AU16+AV16 -> 5199.4456 | AX16: =AV$8*$H16 -> 1036.1333 | BF16: =G16*$BF$8 -> 1729.7738 | BG16: =BE16+BF16 -> 1729.7738 | BH16: =BF$8*$H16 -> 344.70524 | BK16: =G16*$BK$8 -> 120422.4 | BL16: =BJ16+BK16 -> 120422.4 | BM16: =BK$8*$H16 -> 23997.491 | BP16: =G16*$BP$8 -> 31895.991 | BQ16: =BO16+BP16 -> 31895.991 | BR16: =BP$8*$H16 -> 6356.1579 | BU16: =G16*$BU$8 -> 772.3181 | BV16: =BT16+BU16 -> 772.3181 | BW16: =BU$8*$H16 -> 153.90573 | CE16: =G16*$CE$8 -> 2654.291 | CF16: =CD16+CE16 -> 2654.291 | CG16: =CE$8*$H16 -> 528.94086 | CL16: =CJ$8*$H16 -> 0
A17: 46478 | C17: 1030000 | D17: 720250 | E17: 97157 | F17: 1385000 | G17: 566200 | H17: 112831 | I17: 2030000 | J17: 344875 | K17: 129308 | L17: =C17+F17+I17 -> 4445000 | M17: =D17+G17+J17 -> 1631325 | N17: =L17+M17 -> 6076325 | O17: =E17+H17+K17 -> 339296 | Q17: ='10-Year Fac Renewal Revised'!H16 -> 2030000 | R17: ='10-Year Fac Renewal Revised'!I16 -> 344875 | S17: =Q17+R17 -> 2374875 | T17: ='10-Year Fac Renewal Revised'!K16 -> 129308 | V17: =C17*$V$8 -> 523180.62 | W17: =D17*$V$8 -> 365845.48 | X17: =V17+W17 -> 889026.1 | Y17: =V$8*$E17 -> 49350.155 | AA17: =C17*$AA$8 -> 506819.38 | AB17: =D17*$AA$8 -> 354404.52 | AC17: =AA17+AB17 -> 861223.9 | AD17: =AA$8*$E17 -> 47806.845 | AF17: ='20-Year Acad Revised'!H16+'20-Year Fac Renewal Acad'!H16 -> 986805.13 | AG17: ='20-Year Acad Revised'!I16+'20-Year Fac Renewal Acad'!I16 -> 403414.49 | AH17: =AF17+AG17 -> 1390219.6 | AI17: ='20-Year Acad Revised'!K16+'20-Year Fac Renewal Acad'!K16 -> 80391.487 | AK17: =+AZ17+CD17+BE17+BJ17+BO17+BT17+AP17+AU17 -> 398194.87 | AL17: =+BA17+CE17+BF17+BK17+BP17+BU17+AQ17+AV17 -> 162785.51 | AM17: =AK17+AL17 -> 560980.39 | AN17: =+BC17+CG17+BH17+BM17+BR17+BW17+AS17+AX17 -> 32439.513 | AP17: =F17*$AQ$8 -> 272.24974 | AQ17: =G17*$AQ$8 -> 111.29805 | AR17: =AP17+AQ17 -> 383.54779 | AS17: =AQ$8*$H17 -> 22.179213 | AU17: =F17*$AV$8 -> 12718.531 | AV17: =G17*$AV$8 -> 5199.4456 | AW17: =AU17+AV17 -> 17917.976 | AX17: =AV$8*$H17 -> 1036.1333 | BE17: =F17*$BF$8 -> 4231.2552 | BF17: =G17*$BF$8 -> 1729.7738 | BG17: =BE17+BF17 -> 5961.029 | BH17: =BF$8*$H17 -> 344.70524 | BJ17: =F17*$BK$8 -> 294569.09 | BK17: =G17*$BK$8 -> 120422.4 | BL17: =BJ17+BK17 -> 414991.49 | BM17: =BK$8*$H17 -> 23997.491 | BO17: =F17*$BP$8 -> 78021.808 | BP17: =G17*$BP$8 -> 31895.991 | BQ17: =BO17+BP17 -> 109917.8 | BR17: =BP$8*$H17 -> 6356.1579 | BT17: =F17*$BU$8 -> 1889.1921 | BU17: =G17*$BU$8 -> 772.3181 | BV17: =BT17+BU17 -> 2661.5102 | BW17: =BU$8*$H17 -> 153.90573 | CD17: =F17*$CE$8 -> 6492.7466 | CE17: =G17*$CE$8 -> 2654.291 | CF17: =CD17+CE17 -> 9147.0376 | CG17: =CE$8*$H17 -> 528.94086 | CL17: =CJ$8*$H17 -> 0
A18: 46661 | D18: 694500 | E18: 97157 | G18: 531575 | H18: 112831 | J18: 294125 | K18: 129308 | M18: =D18+G18+J18 -> 1520200 | N18: =L18+M18 -> 1520200 | O18: =E18+H18+K18 -> 339296 | R18: ='10-Year Fac Renewal Revised'!I17 -> 294125 | S18: =Q18+R18 -> 294125 | T18: ='10-Year Fac Renewal Revised'!K17 -> 129308 | W18: =D18*$V$8 -> 352765.96 | X18: =V18+W18 -> 352765.96 | Y18: =V$8*$E18 -> 49350.155 | AB18: =D18*$AA$8 -> 341734.04 | AC18: =AA18+AB18 -> 341734.04 | AD18: =AA$8*$E18 -> 47806.845 | AG18: ='20-Year Acad Revised'!I17+'20-Year Fac Renewal Acad'!I17 -> 378744.36 | AH18: =AF18+AG18 -> 378744.36 | AI18: ='20-Year Acad Revised'!K17+'20-Year Fac Renewal Acad'!K17 -> 80391.487 | AL18: =+BA18+CE18+BF18+BK18+BP18+BU18+AQ18+AV18 -> 152830.64 | AM18: =AK18+AL18 -> 152830.64 | AN18: =+BC18+CG18+BH18+BM18+BR18+BW18+AS18+AX18 -> 32439.513 | AQ18: =G18*$AQ$8 -> 104.49181 | AR18: =AP18+AQ18 -> 104.49181 | AS18: =AQ$8*$H18 -> 22.179213 | AV18: =G18*$AV$8 -> 4881.4823 | AW18: =AU18+AV18 -> 4881.4823 | AX18: =AV$8*$H18 -> 1036.1333 | BF18: =G18*$BF$8 -> 1623.9924 | BG18: =BE18+BF18 -> 1623.9924 | BH18: =BF$8*$H18 -> 344.70524 | BK18: =G18*$BK$8 -> 113058.17 | BL18: =BJ18+BK18 -> 113058.17 | BM18: =BK$8*$H18 -> 23997.491 | BP18: =G18*$BP$8 -> 29945.446 | BQ18: =BO18+BP18 -> 29945.446 | BR18: =BP$8*$H18 -> 6356.1579 | BU18: =G18*$BU$8 -> 725.0883 | BV18: =BT18+BU18 -> 725.0883 | BW18: =BU$8*$H18 -> 153.90573 | CE18: =G18*$CE$8 -> 2491.9724 | CF18: =CD18+CE18 -> 2491.9724 | CG18: =CE$8*$H18 -> 528.94086 | CL18: =CJ$8*$H18 -> 0
A19: 46844 | C19: 1080000 | D19: 694500 | E19: 97157 | F19: 1455000 | G19: 531575 | H19: 112831 | I19: 2130000 | J19: 294125 | K19: 129308 | L19: =C19+F19+I19 -> 4665000 | M19: =D19+G19+J19 -> 1520200 | N19: =L19+M19 -> 6185200 | O19: =E19+H19+K19 -> 339296 | Q19: ='10-Year Fac Renewal Revised'!H18 -> 2130000 | R19: ='10-Year Fac Renewal Revised'!I18 -> 294125 | S19: =Q19+R19 -> 2424125 | T19: ='10-Year Fac Renewal Revised'!K18 -> 129308 | V19: =C19*$V$8 -> 548577.74 | W19: =D19*$V$8 -> 352765.96 | X19: =V19+W19 -> 901343.7 | Y19: =V$8*$E19 -> 49350.155 | AA19: =C19*$AA$8 -> 531422.26 | AB19: =D19*$AA$8 -> 341734.04 | AC19: =AA19+AB19 -> 873156.3 | AD19: =AA$8*$E19 -> 47806.845 | AF19: ='20-Year Acad Revised'!H18+'20-Year Fac Renewal Acad'!H18 -> 1036679.8 | AG19: ='20-Year Acad Revised'!I18+'20-Year Fac Renewal Acad'!I18 -> 378744.36 | AH19: =AF19+AG19 -> 1415424.1 | AI19: ='20-Year Acad Revised'!K18+'20-Year Fac Renewal Acad'!K18 -> 80391.487 | AK19: =+AZ19+CD19+BE19+BJ19+BO19+BT19+AP19+AU19 -> 418320.25 | AL19: =+BA19+CE19+BF19+BK19+BP19+BU19+AQ19+AV19 -> 152830.64 | AM19: =AK19+AL19 -> 571150.89 | AN19: =+BC19+CG19+BH19+BM19+BR19+BW19+AS19+AX19 -> 32439.513 | AP19: =F19*$AQ$8 -> 286.00965 | AQ19: =G19*$AQ$8 -> 104.49181 | AR19: =AP19+AQ19 -> 390.50146 | AS19: =AQ$8*$H19 -> 22.179213 | AU19: =F19*$AV$8 -> 13361.345 | AV19: =G19*$AV$8 -> 4881.4823 | AW19: =AU19+AV19 -> 18242.827 | AX19: =AV$8*$H19 -> 1036.1333 | BE19: =F19*$BF$8 -> 4445.1093 | BF19: =G19*$BF$8 -> 1623.9924 | BG19: =BE19+BF19 -> 6069.1017 | BH19: =BF$8*$H19 -> 344.70524 | BJ19: =F19*$BK$8 -> 309457.06 | BK19: =G19*$BK$8 -> 113058.17 | BL19: =BJ19+BK19 -> 422515.23 | BM19: =BK$8*$H19 -> 23997.491 | BO19: =F19*$BP$8 -> 81965.149 | BP19: =G19*$BP$8 -> 29945.446 | BQ19: =BO19+BP19 -> 111910.59 | BR19: =BP$8*$H19 -> 6356.1579 | BT19: =F19*$BU$8 -> 1984.6747 | BU19: =G19*$BU$8 -> 725.0883 | BV19: =BT19+BU19 -> 2709.763 | BW19: =BU$8*$H19 -> 153.90573 | CD19: =F19*$CE$8 -> 6820.8998 | CE19: =G19*$CE$8 -> 2491.9724 | CF19: =CD19+CE19 -> 9312.8722 | CG19: =CE$8*$H19 -> 528.94086 | CL19: =CJ$8*$H19 -> 0
A20: 47027 | D20: 667500 | E20: 97157 | G20: 495200 | H20: 112831 | J20: 240875 | K20: 129308 | M20: =D20+G20+J20 -> 1403575 | N20: =L20+M20 -> 1403575 | O20: =E20+H20+K20 -> 339296 | R20: ='10-Year Fac Renewal Revised'!I19 -> 240875 | S20: =Q20+R20 -> 240875 | T20: ='10-Year Fac Renewal Revised'!K19 -> 129308 | W20: =D20*$V$8 -> 339051.52 | X20: =V20+W20 -> 339051.52 | Y20: =V$8*$E20 -> 49350.155 | AB20: =D20*$AA$8 -> 328448.48 | AC20: =AA20+AB20 -> 328448.48 | AD20: =AA$8*$E20 -> 47806.845 | AG20: ='20-Year Acad Revised'!I19+'20-Year Fac Renewal Acad'!I19 -> 352827.36 | AH20: =AF20+AG20 -> 352827.36 | AI20: ='20-Year Acad Revised'!K19+'20-Year Fac Renewal Acad'!K19 -> 80391.487 | AL20: =+BA20+CE20+BF20+BK20+BP20+BU20+AQ20+AV20 -> 142372.64 | AM20: =AK20+AL20 -> 142372.64 | AN20: =+BC20+CG20+BH20+BM20+BR20+BW20+AS20+AX20 -> 32439.513 | AQ20: =G20*$AQ$8 -> 97.341568 | AR20: =AP20+AQ20 -> 97.341568 | AS20: =AQ$8*$H20 -> 22.179213 | AV20: =G20*$AV$8 -> 4547.4487 | AW20: =AU20+AV20 -> 4547.4487 | AX20: =AV$8*$H20 -> 1036.1333 | BF20: =G20*$BF$8 -> 1512.8647 | BG20: =BE20+BF20 -> 1512.8647 | BH20: =BF$8*$H20 -> 344.70524 | BK20: =G20*$BK$8 -> 105321.74 | BL20: =BJ20+BK20 -> 105321.74 | BM20: =BK$8*$H20 -> 23997.491 | BP20: =G20*$BP$8 -> 27896.317 | BQ20: =BO20+BP20 -> 27896.317 | BR20: =BP$8*$H20 -> 6356.1579 | BU20: =G20*$BU$8 -> 675.47143 | BV20: =BT20+BU20 -> 675.47143 | BW20: =BU$8*$H20 -> 153.90573 | CE20: =G20*$CE$8 -> 2321.4499 | CF20: =CD20+CE20 -> 2321.4499 | CG20: =CE$8*$H20 -> 528.94086 | CL20: =CJ$8*$H20 -> 0
A21: 47209 | C21: 1135000 | D21: 667500 | E21: 97157 | F21: 1525000 | G21: 495200 | H21: 112831 | I21: 2235000 | J21: 240875 | K21: 129308 | L21: =C21+F21+I21 -> 4895000 | M21: =D21+G21+J21 -> 1403575 | N21: =L21+M21 -> 6298575 | O21: =E21+H21+K21 -> 339296 | Q21: ='10-Year Fac Renewal Revised'!H20 -> 2235000 | R21: ='10-Year Fac Renewal Revised'!I20 -> 240875 | S21: =Q21+R21 -> 2475875 | T21: ='10-Year Fac Renewal Revised'!K20 -> 129308 | V21: =C21*$V$8 -> 576514.57 | W21: =D21*$V$8 -> 339051.52 | X21: =V21+W21 -> 915566.09 | Y21: =V$8*$E21 -> 49350.155 | AA21: =C21*$AA$8 -> 558485.43 | AB21: =D21*$AA$8 -> 328448.48 | AC21: =AA21+AB21 -> 886933.91 | AD21: =AA$8*$E21 -> 47806.845 | AF21: ='20-Year Acad Revised'!H20+'20-Year Fac Renewal Acad'!H20 -> 1086554.4 | AG21: ='20-Year Acad Revised'!I20+'20-Year Fac Renewal Acad'!I20 -> 352827.36 | AH21: =AF21+AG21 -> 1439381.7 | AI21: ='20-Year Acad Revised'!K20+'20-Year Fac Renewal Acad'!K20 -> 80391.487 | AK21: =+AZ21+CD21+BE21+BJ21+BO21+BT21+AP21+AU21 -> 438445.62 | AL21: =+BA21+CE21+BF21+BK21+BP21+BU21+AQ21+AV21 -> 142372.64 | AM21: =AK21+AL21 -> 580818.25 | AN21: =+BC21+CG21+BH21+BM21+BR21+BW21+AS21+AX21 -> 32439.513 | AP21: =F21*$AQ$8 -> 299.76957 | AQ21: =G21*$AQ$8 -> 97.341568 | AR21: =AP21+AQ21 -> 397.11114 | AS21: =AQ$8*$H21 -> 22.179213 | AU21: =F21*$AV$8 -> 14004.159 | AV21: =G21*$AV$8 -> 4547.4487 | AW21: =AU21+AV21 -> 18551.607 | AX21: =AV$8*$H21 -> 1036.1333 | BE21: =F21*$BF$8 -> 4658.9633 | BF21: =G21*$BF$8 -> 1512.8647 | BG21: =BE21+BF21 -> 6171.828 | BH21: =BF$8*$H21 -> 344.70524 | BJ21: =F21*$BK$8 -> 324345.03 | BK21: =G21*$BK$8 -> 105321.74 | BL21: =BJ21+BK21 -> 429666.77 | BM21: =BK$8*$H21 -> 23997.491 | BO21: =F21*$BP$8 -> 85908.489 | BP21: =G21*$BP$8 -> 27896.317 | BQ21: =BO21+BP21 -> 113804.81 | BR21: =BP$8*$H21 -> 6356.1579 | BT21: =F21*$BU$8 -> 2080.1574 | BU21: =G21*$BU$8 -> 675.47143 | BV21: =BT21+BU21 -> 2755.6288 | BW21: =BU$8*$H21 -> 153.90573 | CD21: =F21*$CE$8 -> 7149.0531 | CE21: =G21*$CE$8 -> 2321.4499 | CF21: =CD21+CE21 -> 9470.5029 | CG21: =CE$8*$H21 -> 528.94086 | CL21: =CJ$8*$H21 -> 0
A22: 47392 | D22: 639125 | E22: 97157 | G22: 457075 | H22: 112831 | J22: 185000 | K22: 129308 | M22: =D22+G22+J22 -> 1281200 | N22: =L22+M22 -> 1281200 | O22: =E22+H22+K22 -> 339296 | R22: ='10-Year Fac Renewal Revised'!I21 -> 185000 | S22: =Q22+R22 -> 185000 | T22: ='10-Year Fac Renewal Revised'!K21 -> 129308 | W22: =D22*$V$8 -> 324638.65 | X22: =V22+W22 -> 324638.65 | Y22: =V$8*$E22 -> 49350.155 | AB22: =D22*$AA$8 -> 314486.35 | AC22: =AA22+AB22 -> 314486.35 | AD22: =AA$8*$E22 -> 47806.845 | AG22: ='20-Year Acad Revised'!I21+'20-Year Fac Renewal Acad'!I21 -> 325663.5 | AH22: =AF22+AG22 -> 325663.5 | AI22: ='20-Year Acad Revised'!K21+'20-Year Fac Renewal Acad'!K21 -> 80391.487 | AL22: =+BA22+CE22+BF22+BK22+BP22+BU22+AQ22+AV22 -> 131411.5 | AM22: =AK22+AL22 -> 131411.5 | AN22: =+BC22+CG22+BH22+BM22+BR22+BW22+AS22+AX22 -> 32439.513 | AQ22: =G22*$AQ$8 -> 89.847328 | AR22: =AP22+AQ22 -> 89.847328 | AS22: =AQ$8*$H22 -> 22.179213 | AV22: =G22*$AV$8 -> 4197.3448 | AW22: =AU22+AV22 -> 4197.3448 | AX22: =AV$8*$H22 -> 1036.1333 | BF22: =G22*$BF$8 -> 1396.3906 | BG22: =BE22+BF22 -> 1396.3906 | BH22: =BF$8*$H22 -> 344.70524 | BK22: =G22*$BK$8 -> 97213.117 | BL22: =BJ22+BK22 -> 97213.117 | BM22: =BK$8*$H22 -> 23997.491 | BP22: =G22*$BP$8 -> 25748.605 | BQ22: =BO22+BP22 -> 25748.605 | BR22: =BP$8*$H22 -> 6356.1579 | BU22: =G22*$BU$8 -> 623.4675 | BV22: =BT22+BU22 -> 623.4675 | BW22: =BU$8*$H22 -> 153.90573 | CE22: =G22*$CE$8 -> 2142.7236 | CF22: =CD22+CE22 -> 2142.7236 | CG22: =CE$8*$H22 -> 528.94086 | CL22: =CJ$8*$H22 -> 0
A23: 11049 | C23: 1190000 | D23: 639125 | E23: 97157 | F23: 1600000 | G23: 457075 | H23: 112831 | I23: 2345000 | J23: 185000 | K23: 129308 | L23: =C23+F23+I23 -> 5135000 | M23: =D23+G23+J23 -> 1281200 | N23: =L23+M23 -> 6416200 | O23: =E23+H23+K23 -> 339296 | Q23: ='10-Year Fac Renewal Revised'!H22 -> 2345000 | R23: ='10-Year Fac Renewal Revised'!I22 -> 185000 | S23: =Q23+R23 -> 2530000 | T23: ='10-Year Fac Renewal Revised'!K22 -> 129308 | V23: =C23*$V$8 -> 604451.4 | W23: =D23*$V$8 -> 324638.65 | X23: =V23+W23 -> 929090.05 | Y23: =V$8*$E23 -> 49350.155 | AA23: =C23*$AA$8 -> 585548.6 | AB23: =D23*$AA$8 -> 314486.35 | AC23: =AA23+AB23 -> 900034.95 | AD23: =AA$8*$E23 -> 47806.845 | AF23: ='20-Year Acad Revised'!H22+'20-Year Fac Renewal Acad'!H22 -> 1139991.5 | AG23: ='20-Year Acad Revised'!I22+'20-Year Fac Renewal Acad'!I22 -> 325663.5 | AH23: =AF23+AG23 -> 1465655 | AI23: ='20-Year Acad Revised'!K22+'20-Year Fac Renewal Acad'!K22 -> 80391.487 | AK23: =+AZ23+CD23+BE23+BJ23+BO23+BT23+AP23+AU23 -> 460008.52 | AL23: =+BA23+CE23+BF23+BK23+BP23+BU23+AQ23+AV23 -> 131411.5 | AM23: =AK23+AL23 -> 591420.01 | AN23: =+BC23+CG23+BH23+BM23+BR23+BW23+AS23+AX23 -> 32439.513 | AP23: =F23*$AQ$8 -> 314.51233 | AQ23: =G23*$AQ$8 -> 89.847328 | AR23: =AP23+AQ23 -> 404.35966 | AS23: =AQ$8*$H23 -> 22.179213 | AU23: =F23*$AV$8 -> 14692.888 | AV23: =G23*$AV$8 -> 4197.3448 | AW23: =AU23+AV23 -> 18890.232 | AX23: =AV$8*$H23 -> 1036.1333 | BE23: =F23*$BF$8 -> 4888.0927 | BF23: =G23*$BF$8 -> 1396.3906 | BG23: =BE23+BF23 -> 6284.4833 | BH23: =BF$8*$H23 -> 344.70524 | BJ23: =F23*$BK$8 -> 340296.42 | BK23: =G23*$BK$8 -> 97213.117 | BL23: =BJ23+BK23 -> 437509.54 | BM23: =BK$8*$H23 -> 23997.491 | BO23: =F23*$BP$8 -> 90133.497 | BP23: =G23*$BP$8 -> 25748.605 | BQ23: =BO23+BP23 -> 115882.1 | BR23: =BP$8*$H23 -> 6356.1579 | BT23: =F23*$BU$8 -> 2182.4602 | BU23: =G23*$BU$8 -> 623.4675 | BV23: =BT23+BU23 -> 2805.9277 | BW23: =BU$8*$H23 -> 153.90573 | CD23: =F23*$CE$8 -> 7500.6458 | CE23: =G23*$CE$8 -> 2142.7236 | CF23: =CD23+CE23 -> 9643.3694 | CG23: =CE$8*$H23 -> 528.94086 | CL23: =CJ$8*$H23 -> 0
A24: 11232 | D24: 609375 | E24: 97157 | G24: 417075 | H24: 112831 | J24: 126375 | K24: 129308 | M24: =D24+G24+J24 -> 1152825 | N24: =L24+M24 -> 1152825 | O24: =E24+H24+K24 -> 339296 | R24: ='10-Year Fac Renewal Revised'!I23 -> 126375 | S24: =Q24+R24 -> 126375 | T24: ='10-Year Fac Renewal Revised'!K23 -> 129308 | W24: =D24*$V$8 -> 309527.37 | X24: =V24+W24 -> 309527.37 | Y24: =V$8*$E24 -> 49350.155 | AB24: =D24*$AA$8 -> 299847.63 | AC24: =AA24+AB24 -> 299847.63 | AD24: =AA$8*$E24 -> 47806.845 | AG24: ='20-Year Acad Revised'!I23+'20-Year Fac Renewal Acad'!I23 -> 297163.72 | AH24: =AF24+AG24 -> 297163.72 | AI24: ='20-Year Acad Revised'!K23+'20-Year Fac Renewal Acad'!K23 -> 80391.487 | AL24: =+BA24+CE24+BF24+BK24+BP24+BU24+AQ24+AV24 -> 119911.28 | AM24: =AK24+AL24 -> 119911.28 | AN24: =+BC24+CG24+BH24+BM24+BR24+BW24+AS24+AX24 -> 32439.513 | AQ24: =G24*$AQ$8 -> 81.98452 | AR24: =AP24+AQ24 -> 81.98452 | AS24: =AQ$8*$H24 -> 22.179213 | AV24: =G24*$AV$8 -> 3830.0226 | AW24: =AU24+AV24 -> 3830.0226 | AX24: =AV$8*$H24 -> 1036.1333 | BF24: =G24*$BF$8 -> 1274.1883 | BG24: =BE24+BF24 -> 1274.1883 | BH24: =BF$8*$H24 -> 344.70524 | BK24: =G24*$BK$8 -> 88705.706 | BL24: =BJ24+BK24 -> 88705.706 | BM24: =BK$8*$H24 -> 23997.491 | BP24: =G24*$BP$8 -> 23495.268 | BQ24: =BO24+BP24 -> 23495.268 | BR24: =BP$8*$H24 -> 6356.1579 | BU24: =G24*$BU$8 -> 568.90599 | BV24: =BT24+BU24 -> 568.90599 | BW24: =BU$8*$H24 -> 153.90573 | CE24: =G24*$CE$8 -> 1955.2074 | CF24: =CD24+CE24 -> 1955.2074 | CG24: =CE$8*$H24 -> 528.94086 | CL24: =CJ$8*$H24 -> 0
A25: 11414 | C25: 1250000 | D25: 609375 | E25: 97157 | F25: 1680000 | G25: 417075 | H25: 112831 | I25: 2465000 | J25: 126375 | K25: 129308 | L25: =C25+F25+I25 -> 5395000 | M25: =D25+G25+J25 -> 1152825 | N25: =L25+M25 -> 6547825 | O25: =E25+H25+K25 -> 339296 | Q25: ='10-Year Fac Renewal Revised'!H24 -> 2465000 | R25: ='10-Year Fac Renewal Revised'!I24 -> 126375 | S25: =Q25+R25 -> 2591375 | T25: ='10-Year Fac Renewal Revised'!K24 -> 129308 | V25: =C25*$V$8 -> 634927.94 | W25: =D25*$V$8 -> 309527.37 | X25: =V25+W25 -> 944455.31 | Y25: =V$8*$E25 -> 49350.155 | AA25: =C25*$AA$8 -> 615072.06 | AB25: =D25*$AA$8 -> 299847.63 | AC25: =AA25+AB25 -> 914919.69 | AD25: =AA$8*$E25 -> 47806.845 | AF25: ='20-Year Acad Revised'!H24+'20-Year Fac Renewal Acad'!H24 -> 1196991.1 | AG25: ='20-Year Acad Revised'!I24+'20-Year Fac Renewal Acad'!I24 -> 297163.72 | AH25: =AF25+AG25 -> 1494154.8 | AI25: ='20-Year Acad Revised'!K24+'20-Year Fac Renewal Acad'!K24 -> 80391.487 | AK25: =+AZ25+CD25+BE25+BJ25+BO25+BT25+AP25+AU25 -> 483008.94 | AL25: =+BA25+CE25+BF25+BK25+BP25+BU25+AQ25+AV25 -> 119911.28 | AM25: =AK25+AL25 -> 602920.23 | AN25: =+BC25+CG25+BH25+BM25+BR25+BW25+AS25+AX25 -> 32439.513 | AP25: =F25*$AQ$8 -> 330.23795 | AQ25: =G25*$AQ$8 -> 81.98452 | AR25: =AP25+AQ25 -> 412.22247 | AS25: =AQ$8*$H25 -> 22.179213 | AU25: =F25*$AV$8 -> 15427.532 | AV25: =G25*$AV$8 -> 3830.0226 | AW25: =AU25+AV25 -> 19257.555 | AX25: =AV$8*$H25 -> 1036.1333 | BE25: =F25*$BF$8 -> 5132.4973 | BF25: =G25*$BF$8 -> 1274.1883 | BG25: =BE25+BF25 -> 6406.6856 | BH25: =BF$8*$H25 -> 344.70524 | BJ25: =F25*$BK$8 -> 357311.24 | BK25: =G25*$BK$8 -> 88705.706 | BL25: =BJ25+BK25 -> 446016.95 | BM25: =BK$8*$H25 -> 23997.491 | BO25: =F25*$BP$8 -> 94640.172 | BP25: =G25*$BP$8 -> 23495.268 | BQ25: =BO25+BP25 -> 118135.44 | BR25: =BP$8*$H25 -> 6356.1579 | BT25: =F25*$BU$8 -> 2291.5832 | BU25: =G25*$BU$8 -> 568.90599 | BV25: =BT25+BU25 -> 2860.4892 | BW25: =BU$8*$H25 -> 153.90573 | CD25: =F25*$CE$8 -> 7875.6781 | CE25: =G25*$CE$8 -> 1955.2074 | CF25: =CD25+CE25 -> 9830.8855 | CG25: =CE$8*$H25 -> 528.94086 | CL25: =CJ$8*$H25 -> 0
A26: 11597 | D26: 578125 | E26: 97157 | G26: 375075 | H26: 112831 | J26: 64750 | K26: 129308 | M26: =D26+G26+J26 -> 1017950 | N26: =L26+M26 -> 1017950 | O26: =E26+H26+K26 -> 339296 | R26: ='10-Year Fac Renewal Revised'!I25 -> 64750 | S26: =Q26+R26 -> 64750 | T26: ='10-Year Fac Renewal Revised'!K25 -> 129308 | W26: =D26*$V$8 -> 293654.17 | X26: =V26+W26 -> 293654.17 | Y26: =V$8*$E26 -> 49350.155 | AB26: =D26*$AA$8 -> 284470.83 | AC26: =AA26+AB26 -> 284470.83 | AD26: =AA$8*$E26 -> 47806.845 | AG26: ='20-Year Acad Revised'!I25+'20-Year Fac Renewal Acad'!I25 -> 267238.94 | AH26: =AF26+AG26 -> 267238.94 | AI26: ='20-Year Acad Revised'!K25+'20-Year Fac Renewal Acad'!K25 -> 80391.487 | AL26: =+BA26+CE26+BF26+BK26+BP26+BU26+AQ26+AV26 -> 107836.06 | AM26: =AK26+AL26 -> 107836.06 | AN26: =+BC26+CG26+BH26+BM26+BR26+BW26+AS26+AX26 -> 32439.513 | AQ26: =G26*$AQ$8 -> 73.728571 | AR26: =AP26+AQ26 -> 73.728571 | AS26: =AQ$8*$H26 -> 22.179213 | AV26: =G26*$AV$8 -> 3444.3343 | AW26: =AU26+AV26 -> 3444.3343 | AX26: =AV$8*$H26 -> 1036.1333 | BF26: =G26*$BF$8 -> 1145.8759 | BG26: =BE26+BF26 -> 1145.8759 | BH26: =BF$8*$H26 -> 344.70524 | BK26: =G26*$BK$8 -> 79772.925 | BL26: =BJ26+BK26 -> 79772.925 | BM26: =BK$8*$H26 -> 23997.491 | BP26: =G26*$BP$8 -> 21129.263 | BQ26: =BO26+BP26 -> 21129.263 | BR26: =BP$8*$H26 -> 6356.1579 | BU26: =G26*$BU$8 -> 511.61641 | BV26: =BT26+BU26 -> 511.61641 | BW26: =BU$8*$H26 -> 153.90573 | CE26: =G26*$CE$8 -> 1758.3155 | CF26: =CD26+CE26 -> 1758.3155 | CG26: =CE$8*$H26 -> 528.94086 | CL26: =CJ$8*$H26 -> 0
A27: 11780 | C27: 1315000 | D27: 578125 | E27: 97157 | F27: 1765000 | G27: 375075 | H27: 112831 | I27: 2590000 | J27: 64750 | K27: 129308 | L27: =C27+F27+I27 -> 5670000 | M27: =D27+G27+J27 -> 1017950 | N27: =L27+M27 -> 6687950 | O27: =E27+H27+K27 -> 339296 | Q27: ='10-Year Fac Renewal Revised'!H26 -> 2590000 | R27: ='10-Year Fac Renewal Revised'!I26 -> 64750 | S27: =Q27+R27 -> 2654750 | T27: ='10-Year Fac Renewal Revised'!K26 -> 129308 | V27: =C27*$V$8 -> 667944.19 | W27: =D27*$V$8 -> 293654.17 | X27: =V27+W27 -> 961598.36 | Y27: =V$8*$E27 -> 49350.155 | AA27: =C27*$AA$8 -> 647055.81 | AB27: =D27*$AA$8 -> 284470.83 | AC27: =AA27+AB27 -> 931526.64 | AD27: =AA$8*$E27 -> 47806.845 | AF27: ='20-Year Acad Revised'!H26+'20-Year Fac Renewal Acad'!H26 -> 1257553.1 | AG27: ='20-Year Acad Revised'!I26+'20-Year Fac Renewal Acad'!I26 -> 267238.94 | AH27: =AF27+AG27 -> 1524792 | AI27: ='20-Year Acad Revised'!K26+'20-Year Fac Renewal Acad'!K26 -> 80391.487 | AK27: =+AZ27+CD27+BE27+BJ27+BO27+BT27+AP27+AU27 -> 507446.9 | AL27: =+BA27+CE27+BF27+BK27+BP27+BU27+AQ27+AV27 -> 107836.06 | AM27: =AK27+AL27 -> 615282.95 | AN27: =+BC27+CG27+BH27+BM27+BR27+BW27+AS27+AX27 -> 32439.513 | AP27: =F27*$AQ$8 -> 346.94642 | AQ27: =G27*$AQ$8 -> 73.728571 | AR27: =AP27+AQ27 -> 420.67499 | AS27: =AQ$8*$H27 -> 22.179213 | AU27: =F27*$AV$8 -> 16208.092 | AV27: =G27*$AV$8 -> 3444.3343 | AW27: =AU27+AV27 -> 19652.426 | AX27: =AV$8*$H27 -> 1036.1333 | BE27: =F27*$BF$8 -> 5392.1773 | BF27: =G27*$BF$8 -> 1145.8759 | BG27: =BE27+BF27 -> 6538.0531 | BH27: =BF$8*$H27 -> 344.70524 | BJ27: =F27*$BK$8 -> 375389.49 | BK27: =G27*$BK$8 -> 79772.925 | BL27: =BJ27+BK27 -> 455162.42 | BM27: =BK$8*$H27 -> 23997.491 | BO27: =F27*$BP$8 -> 99428.514 | BP27: =G27*$BP$8 -> 21129.263 | BQ27: =BO27+BP27 -> 120557.78 | BR27: =BP$8*$H27 -> 6356.1579 | BT27: =F27*$BU$8 -> 2407.5264 | BU27: =G27*$BU$8 -> 511.61641 | BV27: =BT27+BU27 -> 2919.1428 | BW27: =BU$8*$H27 -> 153.90573 | CD27: =F27*$CE$8 -> 8274.1499 | CE27: =G27*$CE$8 -> 1758.3155 | CF27: =CD27+CE27 -> 10032.465 | CG27: =CE$8*$H27 -> 528.94086 | CL27: =CJ$8*$H27 -> 0
A28: 11963 | D28: 545250 | E28: 97157 | G28: 330950 | H28: 112831 | M28: =D28+G28+J28 -> 876200 | N28: =L28+M28 -> 876200 | O28: =E28+H28+K28 -> 209988 | W28: =D28*$V$8 -> 276955.57 | X28: =V28+W28 -> 276955.57 | Y28: =V$8*$E28 -> 49350.155 | AB28: =D28*$AA$8 -> 268294.43 | AC28: =AA28+AB28 -> 268294.43 | AD28: =AA$8*$E28 -> 47806.845 | AG28: ='20-Year Acad Revised'!I27+'20-Year Fac Renewal Acad'!I27 -> 235800.11 | AH28: =AF28+AG28 -> 235800.11 | AI28: ='20-Year Acad Revised'!K27+'20-Year Fac Renewal Acad'!K27 -> 80391.487 | AL28: =+BA28+CE28+BF28+BK28+BP28+BU28+AQ28+AV28 -> 95149.887 | AM28: =AK28+AL28 -> 95149.887 | AN28: =+BC28+CG28+BH28+BM28+BR28+BW28+AS28+AX28 -> 32439.513 | AQ28: =G28*$AQ$8 -> 65.054911 | AR28: =AP28+AQ28 -> 65.054911 | AS28: =AQ$8*$H28 -> 22.179213 | AV28: =G28*$AV$8 -> 3039.132 | AW28: =AU28+AV28 -> 3039.132 | AX28: =AV$8*$H28 -> 1036.1333 | BF28: =G28*$BF$8 -> 1011.0714 | BG28: =BE28+BF28 -> 1011.0714 | BH28: =BF$8*$H28 -> 344.70524 | BK28: =G28*$BK$8 -> 70388.188 | BL28: =BJ28+BK28 -> 70388.188 | BM28: =BK$8*$H28 -> 23997.491 | BP28: =G28*$BP$8 -> 18643.55 | BQ28: =BO28+BP28 -> 18643.55 | BR28: =BP$8*$H28 -> 6356.1579 | BU28: =G28*$BU$8 -> 451.42825 | BV28: =BT28+BU28 -> 451.42825 | BW28: =BU$8*$H28 -> 153.90573 | CE28: =G28*$CE$8 -> 1551.4617 | CF28: =CD28+CE28 -> 1551.4617 | CG28: =CE$8*$H28 -> 528.94086 | CL28: =CJ$8*$H28 -> 0
A29: 12145 | C29: 1380000 | D29: 545250 | E29: 97157 | F29: 1855000 | G29: 330950 | H29: 112831 | L29: =C29+F29+I29 -> 3235000 | M29: =D29+G29+J29 -> 876200 | N29: =L29+M29 -> 4111200 | O29: =E29+H29+K29 -> 209988 | V29: =C29*$V$8 -> 700960.44 | W29: =D29*$V$8 -> 276955.57 | X29: =V29+W29 -> 977916.01 | Y29: =V$8*$E29 -> 49350.155 | AA29: =C29*$AA$8 -> 679039.56 | AB29: =D29*$AA$8 -> 268294.43 | AC29: =AA29+AB29 -> 947333.99 | AD29: =AA$8*$E29 -> 47806.845 | AF29: ='20-Year Acad Revised'!H28+'20-Year Fac Renewal Acad'!H28 -> 1321677.6 | AG29: ='20-Year Acad Revised'!I28+'20-Year Fac Renewal Acad'!I28 -> 235800.11 | AH29: =AF29+AG29 -> 1557477.7 | AI29: ='20-Year Acad Revised'!K28+'20-Year Fac Renewal Acad'!K28 -> 80391.487 | AK29: =+AZ29+CD29+BE29+BJ29+BO29+BT29+AP29+AU29 -> 533322.37 | AL29: =+BA29+CE29+BF29+BK29+BP29+BU29+AQ29+AV29 -> 95149.887 | AM29: =AK29+AL29 -> 628472.26 | AN29: =+BC29+CG29+BH29+BM29+BR29+BW29+AS29+AX29 -> 32439.513 | AP29: =F29*$AQ$8 -> 364.63774 | AQ29: =G29*$AQ$8 -> 65.054911 | AR29: =AP29+AQ29 -> 429.69265 | AS29: =AQ$8*$H29 -> 22.179213 | AU29: =F29*$AV$8 -> 17034.567 | AV29: =G29*$AV$8 -> 3039.132 | AW29: =AU29+AV29 -> 20073.699 | AX29: =AV$8*$H29 -> 1036.1333 | BE29: =F29*$BF$8 -> 5667.1325 | BF29: =G29*$BF$8 -> 1011.0714 | BG29: =BE29+BF29 -> 6678.2039 | BH29: =BF$8*$H29 -> 344.70524 | BJ29: =F29*$BK$8 -> 394531.16 | BK29: =G29*$BK$8 -> 70388.188 | BL29: =BJ29+BK29 -> 464919.35 | BM29: =BK$8*$H29 -> 23997.491 | BO29: =F29*$BP$8 -> 104498.52 | BP29: =G29*$BP$8 -> 18643.55 | BQ29: =BO29+BP29 -> 123142.07 | BR29: =BP$8*$H29 -> 6356.1579 | BT29: =F29*$BU$8 -> 2530.2898 | BU29: =G29*$BU$8 -> 451.42825 | BV29: =BT29+BU29 -> 2981.718 | BW29: =BU$8*$H29 -> 153.90573 | CD29: =F29*$CE$8 -> 8696.0613 | CE29: =G29*$CE$8 -> 1551.4617 | CF29: =CD29+CE29 -> 10247.523 | CG29: =CE$8*$H29 -> 528.94086 | CL29: =CJ$8*$H29 -> 0
A30: 12328 | D30: 517650 | E30: 97157 | G30: 293850 | H30: 112831 | M30: =D30+G30+J30 -> 811500 | N30: =L30+M30 -> 811500 | O30: =E30+H30+K30 -> 209988 | W30: =D30*$V$8 -> 262936.36 | X30: =V30+W30 -> 262936.36 | Y30: =V$8*$E30 -> 49350.155 | AB30: =D30*$AA$8 -> 254713.64 | AC30: =AA30+AB30 -> 254713.64 | AD30: =AA$8*$E30 -> 47806.845 | AG30: ='20-Year Acad Revised'!I29+'20-Year Fac Renewal Acad'!I29 -> 209366.56 | AH30: =AF30+AG30 -> 209366.56 | AI30: ='20-Year Acad Revised'!K29+'20-Year Fac Renewal Acad'!K29 -> 80391.487 | AL30: =+BA30+CE30+BF30+BK30+BP30+BU30+AQ30+AV30 -> 84483.439 | AM30: =AK30+AL30 -> 84483.439 | AN30: =+BC30+CG30+BH30+BM30+BR30+BW30+AS30+AX30 -> 32439.513 | AQ30: =G30*$AQ$8 -> 57.762156 | AR30: =AP30+AQ30 -> 57.762156 | AS30: =AQ$8*$H30 -> 22.179213 | AV30: =G30*$AV$8 -> 2698.4406 | AW30: =AU30+AV30 -> 2698.4406 | AX30: =AV$8*$H30 -> 1036.1333 | BF30: =G30*$BF$8 -> 897.72877 | BG30: =BE30+BF30 -> 897.72877 | BH30: =BF$8*$H30 -> 344.70524 | BK30: =G30*$BK$8 -> 62497.565 | BL30: =BJ30+BK30 -> 62497.565 | BM30: =BK$8*$H30 -> 23997.491 | BP30: =G30*$BP$8 -> 16553.58 | BQ30: =BO30+BP30 -> 16553.58 | BR30: =BP$8*$H30 -> 6356.1579 | BU30: =G30*$BU$8 -> 400.82245 | BV30: =BT30+BU30 -> 400.82245 | BW30: =BU$8*$H30 -> 153.90573 | CE30: =G30*$CE$8 -> 1377.5405 | CF30: =CD30+CE30 -> 1377.5405 | CG30: =CE$8*$H30 -> 528.94086 | CL30: =CJ$8*$H30 -> 0
A31: 12510 | C31: 1435000 | D31: 517650 | E31: 97157 | F31: 1930000 | G31: 293850 | H31: 112831 | L31: =C31+F31+I31 -> 3365000 | M31: =D31+G31+J31 -> 811500 | N31: =L31+M31 -> 4176500 | O31: =E31+H31+K31 -> 209988 | V31: =C31*$V$8 -> 728897.27 | W31: =D31*$V$8 -> 262936.36 | X31: =V31+W31 -> 991833.63 | Y31: =V$8*$E31 -> 49350.155 | AA31: =C31*$AA$8 -> 706102.73 | AB31: =D31*$AA$8 -> 254713.64 | AC31: =AA31+AB31 -> 960816.37 | AD31: =AA$8*$E31 -> 47806.845 | AF31: ='20-Year Acad Revised'!H30+'20-Year Fac Renewal Acad'!H30 -> 1375114.7 | AG31: ='20-Year Acad Revised'!I30+'20-Year Fac Renewal Acad'!I30 -> 209366.56 | AH31: =AF31+AG31 -> 1584481.3 | AI31: ='20-Year Acad Revised'!K30+'20-Year Fac Renewal Acad'!K30 -> 80391.487 | AK31: =+AZ31+CD31+BE31+BJ31+BO31+BT31+AP31+AU31 -> 554885.27 | AL31: =+BA31+CE31+BF31+BK31+BP31+BU31+AQ31+AV31 -> 84483.439 | AM31: =AK31+AL31 -> 639368.71 | AN31: =+BC31+CG31+BH31+BM31+BR31+BW31+AS31+AX31 -> 32439.513 | AP31: =F31*$AQ$8 -> 379.3805 | AQ31: =G31*$AQ$8 -> 57.762156 | AR31: =AP31+AQ31 -> 437.14266 | AS31: =AQ$8*$H31 -> 22.179213 | AU31: =F31*$AV$8 -> 17723.296 | AV31: =G31*$AV$8 -> 2698.4406 | AW31: =AU31+AV31 -> 20421.736 | AX31: =AV$8*$H31 -> 1036.1333 | BE31: =F31*$BF$8 -> 5896.2618 | BF31: =G31*$BF$8 -> 897.72877 | BG31: =BE31+BF31 -> 6793.9906 | BH31: =BF$8*$H31 -> 344.70524 | BJ31: =F31*$BK$8 -> 410482.56 | BK31: =G31*$BK$8 -> 62497.565 | BL31: =BJ31+BK31 -> 472980.12 | BM31: =BK$8*$H31 -> 23997.491 | BO31: =F31*$BP$8 -> 108723.53 | BP31: =G31*$BP$8 -> 16553.58 | BQ31: =BO31+BP31 -> 125277.11 | BR31: =BP$8*$H31 -> 6356.1579 | BT31: =F31*$BU$8 -> 2632.5926 | BU31: =G31*$BU$8 -> 400.82245 | BV31: =BT31+BU31 -> 3033.4151 | BW31: =BU$8*$H31 -> 153.90573 | CD31: =F31*$CE$8 -> 9047.654 | CE31: =G31*$CE$8 -> 1377.5405 | CF31: =CD31+CE31 -> 10425.195 | CG31: =CE$8*$H31 -> 528.94086 | CL31: =CJ$8*$H31 -> 0
A32: 12693 | D32: 496125 | E32: 97157 | G32: 264900 | H32: 112831 | M32: =D32+G32+J32 -> 761025 | N32: =L32+M32 -> 761025 | O32: =E32+H32+K32 -> 209988 | W32: =D32*$V$8 -> 252002.9 | X32: =V32+W32 -> 252002.9 | Y32: =V$8*$E32 -> 49350.155 | AB32: =D32*$AA$8 -> 244122.1 | AC32: =AA32+AB32 -> 244122.1 | AD32: =AA$8*$E32 -> 47806.845 | AG32: ='20-Year Acad Revised'!I31+'20-Year Fac Renewal Acad'!I31 -> 188739.84 | AH32: =AF32+AG32 -> 188739.84 | AI32: ='20-Year Acad Revised'!K31+'20-Year Fac Renewal Acad'!K31 -> 80391.487 | AL32: =+BA32+CE32+BF32+BK32+BP32+BU32+AQ32+AV32 -> 76160.16 | AM32: =AK32+AL32 -> 76160.16 | AN32: =+BC32+CG32+BH32+BM32+BR32+BW32+AS32+AX32 -> 32439.513 | AQ32: =G32*$AQ$8 -> 52.071448 | AR32: =AP32+AQ32 -> 52.071448 | AS32: =AQ$8*$H32 -> 22.179213 | AV32: =G32*$AV$8 -> 2432.5912 | AW32: =AU32+AV32 -> 2432.5912 | AX32: =AV$8*$H32 -> 1036.1333 | BF32: =G32*$BF$8 -> 809.28485 | BG32: =BE32+BF32 -> 809.28485 | BH32: =BF$8*$H32 -> 344.70524 | BK32: =G32*$BK$8 -> 56340.326 | BL32: =BJ32+BK32 -> 56340.326 | BM32: =BK$8*$H32 -> 23997.491 | BP32: =G32*$BP$8 -> 14922.727 | BQ32: =BO32+BP32 -> 14922.727 | BR32: =BP$8*$H32 -> 6356.1579 | BU32: =G32*$BU$8 -> 361.33357 | BV32: =BT32+BU32 -> 361.33357 | BW32: =BU$8*$H32 -> 153.90573 | CE32: =G32*$CE$8 -> 1241.8257 | CF32: =CD32+CE32 -> 1241.8257 | CG32: =CE$8*$H32 -> 528.94086 | CL32: =CJ$8*$H32 -> 0
A33: 12875 | C33: 1475000 | D33: 496125 | E33: 97157 | F33: 1985000 | G33: 264900 | H33: 112831 | L33: =C33+F33+I33 -> 3460000 | M33: =D33+G33+J33 -> 761025 | N33: =L33+M33 -> 4221025 | O33: =E33+H33+K33 -> 209988 | V33: =C33*$V$8 -> 749214.97 | W33: =D33*$V$8 -> 252002.9 | X33: =V33+W33 -> 1001217.9 | Y33: =V$8*$E33 -> 49350.155 | AA33: =C33*$AA$8 -> 725785.03 | AB33: =D33*$AA$8 -> 244122.1 | AC33: =AA33+AB33 -> 969907.13 | AD33: =AA$8*$E33 -> 47806.845 | AF33: ='20-Year Acad Revised'!H32+'20-Year Fac Renewal Acad'!H32 -> 1414301.9 | AG33: ='20-Year Acad Revised'!I32+'20-Year Fac Renewal Acad'!I32 -> 188739.84 | AH33: =AF33+AG33 -> 1603041.8 | AI33: ='20-Year Acad Revised'!K32+'20-Year Fac Renewal Acad'!K32 -> 80391.487 | AK33: =+AZ33+CD33+BE33+BJ33+BO33+BT33+AP33+AU33 -> 570698.07 | AL33: =+BA33+CE33+BF33+BK33+BP33+BU33+AQ33+AV33 -> 76160.16 | AM33: =AK33+AL33 -> 646858.23 | AN33: =+BC33+CG33+BH33+BM33+BR33+BW33+AS33+AX33 -> 32439.513 | AP33: =F33*$AQ$8 -> 390.19187 | AQ33: =G33*$AQ$8 -> 52.071448 | AR33: =AP33+AQ33 -> 442.26331 | AS33: =AQ$8*$H33 -> 22.179213 | AU33: =F33*$AV$8 -> 18228.364 | AV33: =G33*$AV$8 -> 2432.5912 | AW33: =AU33+AV33 -> 20660.955 | AX33: =AV$8*$H33 -> 1036.1333 | BE33: =F33*$BF$8 -> 6064.29 | BF33: =G33*$BF$8 -> 809.28485 | BG33: =BE33+BF33 -> 6873.5748 | BH33: =BF$8*$H33 -> 344.70524 | BJ33: =F33*$BK$8 -> 422180.25 | BK33: =G33*$BK$8 -> 56340.326 | BL33: =BJ33+BK33 -> 478520.57 | BM33: =BK$8*$H33 -> 23997.491 | BO33: =F33*$BP$8 -> 111821.87 | BP33: =G33*$BP$8 -> 14922.727 | BQ33: =BO33+BP33 -> 126744.6 | BR33: =BP$8*$H33 -> 6356.1579 | BT33: =F33*$BU$8 -> 2707.6147 | BU33: =G33*$BU$8 -> 361.33357 | BV33: =BT33+BU33 -> 3068.9482 | BW33: =BU$8*$H33 -> 153.90573 | CD33: =F33*$CE$8 -> 9305.4887 | CE33: =G33*$CE$8 -> 1241.8257 | CF33: =CD33+CE33 -> 10547.314 | CG33: =CE$8*$H33 -> 528.94086 | CL33: =CJ$8*$H33 -> 0
A34: 13058 | D34: 474000 | E34: 97157 | G34: 235125 | H34: 112831 | M34: =D34+G34+J34 -> 709125 | N34: =L34+M34 -> 709125 | O34: =E34+H34+K34 -> 209988 | W34: =D34*$V$8 -> 240764.67 | X34: =V34+W34 -> 240764.67 | Y34: =V$8*$E34 -> 49350.155 | AB34: =D34*$AA$8 -> 233235.33 | AC34: =AA34+AB34 -> 233235.33 | AD34: =AA$8*$E34 -> 47806.845 | AG34: ='20-Year Acad Revised'!I33+'20-Year Fac Renewal Acad'!I33 -> 167525.31 | AH34: =AF34+AG34 -> 167525.31 | AI34: ='20-Year Acad Revised'!K33+'20-Year Fac Renewal Acad'!K33 -> 80391.487 | AL34: =+BA34+CE34+BF34+BK34+BP34+BU34+AQ34+AV34 -> 67599.689 | AM34: =AK34+AL34 -> 67599.689 | AN34: =+BC34+CG34+BH34+BM34+BR34+BW34+AS34+AX34 -> 32439.513 | AQ34: =G34*$AQ$8 -> 46.21857 | AR34: =AP34+AQ34 -> 46.21857 | AS34: =AQ$8*$H34 -> 22.179213 | AV34: =G34*$AV$8 -> 2159.1657 | AW34: =AU34+AV34 -> 2159.1657 | AX34: =AV$8*$H34 -> 1036.1333 | BF34: =G34*$BF$8 -> 718.3205 | BG34: =BE34+BF34 -> 718.3205 | BH34: =BF$8*$H34 -> 344.70524 | BK34: =G34*$BK$8 -> 50007.623 | BL34: =BJ34+BK34 -> 50007.623 | BM34: =BK$8*$H34 -> 23997.491 | BP34: =G34*$BP$8 -> 13245.399 | BQ34: =BO34+BP34 -> 13245.399 | BR34: =BP$8*$H34 -> 6356.1579 | BU34: =G34*$BU$8 -> 320.71935 | BV34: =BT34+BU34 -> 320.71935 | BW34: =BU$8*$H34 -> 153.90573 | CE34: =G34*$CE$8 -> 1102.2433 | CF34: =CD34+CE34 -> 1102.2433 | CG34: =CE$8*$H34 -> 528.94086 | CL34: =CJ$8*$H34 -> 0
A35: 13241 | C35: 1520000 | D35: 474000 | E35: 97157 | F35: 2045000 | G35: 235125 | H35: 112831 | L35: =C35+F35+I35 -> 3565000 | M35: =D35+G35+J35 -> 709125 | N35: =L35+M35 -> 4274125 | O35: =E35+H35+K35 -> 209988 | V35: =C35*$V$8 -> 772072.37 | W35: =D35*$V$8 -> 240764.67 | X35: =V35+W35 -> 1012837 | Y35: =V$8*$E35 -> 49350.155 | AA35: =C35*$AA$8 -> 747927.63 | AB35: =D35*$AA$8 -> 233235.33 | AC35: =AA35+AB35 -> 981162.95 | AD35: =AA$8*$E35 -> 47806.845 | AF35: ='20-Year Acad Revised'!H34+'20-Year Fac Renewal Acad'!H34 -> 1457051.6 | AG35: ='20-Year Acad Revised'!I34+'20-Year Fac Renewal Acad'!I34 -> 167525.31 | AH35: =AF35+AG35 -> 1624576.9 | AI35: ='20-Year Acad Revised'!K34+'20-Year Fac Renewal Acad'!K34 -> 80391.487 | AK35: =+AZ35+CD35+BE35+BJ35+BO35+BT35+AP35+AU35 -> 587948.39 | AL35: =+BA35+CE35+BF35+BK35+BP35+BU35+AQ35+AV35 -> 67599.689 | AM35: =AK35+AL35 -> 655548.08 | AN35: =+BC35+CG35+BH35+BM35+BR35+BW35+AS35+AX35 -> 32439.513 | AP35: =F35*$AQ$8 -> 401.98608 | AQ35: =G35*$AQ$8 -> 46.21857 | AR35: =AP35+AQ35 -> 448.20465 | AS35: =AQ$8*$H35 -> 22.179213 | AU35: =F35*$AV$8 -> 18779.347 | AV35: =G35*$AV$8 -> 2159.1657 | AW35: =AU35+AV35 -> 20938.513 | AX35: =AV$8*$H35 -> 1036.1333 | BE35: =F35*$BF$8 -> 6247.5935 | BF35: =G35*$BF$8 -> 718.3205 | BG35: =BE35+BF35 -> 6965.914 | BH35: =BF$8*$H35 -> 344.70524 | BJ35: =F35*$BK$8 -> 434941.36 | BK35: =G35*$BK$8 -> 50007.623 | BL35: =BJ35+BK35 -> 484948.99 | BM35: =BK$8*$H35 -> 23997.491 | BO35: =F35*$BP$8 -> 115201.88 | BP35: =G35*$BP$8 -> 13245.399 | BQ35: =BO35+BP35 -> 128447.27 | BR35: =BP$8*$H35 -> 6356.1579 | BT35: =F35*$BU$8 -> 2789.4569 | BU35: =G35*$BU$8 -> 320.71935 | BV35: =BT35+BU35 -> 3110.1763 | BW35: =BU$8*$H35 -> 153.90573 | CD35: =F35*$CE$8 -> 9586.763 | CE35: =G35*$CE$8 -> 1102.2433 | CF35: =CD35+CE35 -> 10689.006 | CG35: =CE$8*$H35 -> 528.94086 | CL35: =CJ$8*$H35 -> 0
A36: 13424 | D36: 451200 | E36: 97157 | G36: 204450 | H36: 112831 | M36: =D36+G36+J36 -> 655650 | N36: =L36+M36 -> 655650 | O36: =E36+H36+K36 -> 209988 | W36: =D36*$V$8 -> 229183.59 | X36: =V36+W36 -> 229183.59 | Y36: =V$8*$E36 -> 49350.155 | AB36: =D36*$AA$8 -> 222016.41 | AC36: =AA36+AB36 -> 222016.41 | AD36: =AA$8*$E36 -> 47806.845 | AG36: ='20-Year Acad Revised'!I35+'20-Year Fac Renewal Acad'!I35 -> 145669.54 | AH36: =AF36+AG36 -> 145669.54 | AI36: ='20-Year Acad Revised'!K35+'20-Year Fac Renewal Acad'!K35 -> 80391.487 | AL36: =+BA36+CE36+BF36+BK36+BP36+BU36+AQ36+AV36 -> 58780.463 | AM36: =AK36+AL36 -> 58780.463 | AN36: =+BC36+CG36+BH36+BM36+BR36+BW36+AS36+AX36 -> 32439.513 | AQ36: =G36*$AQ$8 -> 40.188779 | AR36: =AP36+AQ36 -> 40.188779 | AS36: =AQ$8*$H36 -> 22.179213 | AV36: =G36*$AV$8 -> 1877.4755 | AW36: =AU36+AV36 -> 1877.4755 | AX36: =AV$8*$H36 -> 1036.1333 | BF36: =G36*$BF$8 -> 624.60659 | BG36: =BE36+BF36 -> 624.60659 | BH36: =BF$8*$H36 -> 344.70524 | BK36: =G36*$BK$8 -> 43483.502 | BL36: =BJ36+BK36 -> 43483.502 | BM36: =BK$8*$H36 -> 23997.491 | BP36: =G36*$BP$8 -> 11517.371 | BQ36: =BO36+BP36 -> 11517.371 | BR36: =BP$8*$H36 -> 6356.1579 | BU36: =G36*$BU$8 -> 278.87749 | BV36: =BT36+BU36 -> 278.87749 | BW36: =BU$8*$H36 -> 153.90573 | CE36: =G36*$CE$8 -> 958.4419 | CF36: =CD36+CE36 -> 958.4419 | CG36: =CE$8*$H36 -> 528.94086 | CL36: =CJ$8*$H36 -> 0
A37: 13606 | C37: 1565000 | D37: 451200 | E37: 97157 | F37: 2105000 | G37: 204450 | H37: 112831 | L37: =C37+F37+I37 -> 3670000 | M37: =D37+G37+J37 -> 655650 | N37: =L37+M37 -> 4325650 | O37: =E37+H37+K37 -> 209988 | V37: =C37*$V$8 -> 794929.78 | W37: =D37*$V$8 -> 229183.59 | X37: =V37+W37 -> 1024113.4 | Y37: =V$8*$E37 -> 49350.155 | AA37: =C37*$AA$8 -> 770070.22 | AB37: =D37*$AA$8 -> 222016.41 | AC37: =AA37+AB37 -> 992086.63 | AD37: =AA$8*$E37 -> 47806.845 | AF37: ='20-Year Acad Revised'!H36+'20-Year Fac Renewal Acad'!H36 -> 1499801.3 | AG37: ='20-Year Acad Revised'!I36+'20-Year Fac Renewal Acad'!I36 -> 145669.54 | AH37: =AF37+AG37 -> 1645470.8 | AI37: ='20-Year Acad Revised'!K36+'20-Year Fac Renewal Acad'!K36 -> 80391.487 | AK37: =+AZ37+CD37+BE37+BJ37+BO37+BT37+AP37+AU37 -> 605198.71 | AL37: =+BA37+CE37+BF37+BK37+BP37+BU37+AQ37+AV37 -> 58780.463 | AM37: =AK37+AL37 -> 663979.17 | AN37: =+BC37+CG37+BH37+BM37+BR37+BW37+AS37+AX37 -> 32439.513 | AP37: =F37*$AQ$8 -> 413.78029 | AQ37: =G37*$AQ$8 -> 40.188779 | AR37: =AP37+AQ37 -> 453.96907 | AS37: =AQ$8*$H37 -> 22.179213 | AU37: =F37*$AV$8 -> 19330.33 | AV37: =G37*$AV$8 -> 1877.4755 | AW37: =AU37+AV37 -> 21207.806 | AX37: =AV$8*$H37 -> 1036.1333 | BE37: =F37*$BF$8 -> 6430.8969 | BF37: =G37*$BF$8 -> 624.60659 | BG37: =BE37+BF37 -> 7055.5035 | BH37: =BF$8*$H37 -> 344.70524 | BJ37: =F37*$BK$8 -> 447702.48 | BK37: =G37*$BK$8 -> 43483.502 | BL37: =BJ37+BK37 -> 491185.98 | BM37: =BK$8*$H37 -> 23997.491 | BO37: =F37*$BP$8 -> 118581.88 | BP37: =G37*$BP$8 -> 11517.371 | BQ37: =BO37+BP37 -> 130099.25 | BR37: =BP$8*$H37 -> 6356.1579 | BT37: =F37*$BU$8 -> 2871.2992 | BU37: =G37*$BU$8 -> 278.87749 | BV37: =BT37+BU37 -> 3150.1767 | BW37: =BU$8*$H37 -> 153.90573 | CD37: =F37*$CE$8 -> 9868.0372 | CE37: =G37*$CE$8 -> 958.4419 | CF37: =CD37+CE37 -> 10826.479 | CG37: =CE$8*$H37 -> 528.94086 | CL37: =CJ$8*$H37 -> 0
A38: 13789 | D38: 427725 | E38: 97157 | G38: 172875 | H38: 112831 | M38: =D38+G38+J38 -> 600600 | N38: =L38+M38 -> 600600 | O38: =E38+H38+K38 -> 209988 | W38: =D38*$V$8 -> 217259.64 | X38: =V38+W38 -> 217259.64 | Y38: =V$8*$E38 -> 49350.155 | AB38: =D38*$AA$8 -> 210465.36 | AC38: =AA38+AB38 -> 210465.36 | AD38: =AA$8*$E38 -> 47806.845 | AG38: ='20-Year Acad Revised'!I37+'20-Year Fac Renewal Acad'!I37 -> 123172.52 | AH38: =AF38+AG38 -> 123172.52 | AI38: ='20-Year Acad Revised'!K37+'20-Year Fac Renewal Acad'!K37 -> 80391.487 | AL38: =+BA38+CE38+BF38+BK38+BP38+BU38+AQ38+AV38 -> 49702.483 | AM38: =AK38+AL38 -> 49702.483 | AN38: =+BC38+CG38+BH38+BM38+BR38+BW38+AS38+AX38 -> 32439.513 | AQ38: =G38*$AQ$8 -> 33.982075 | AR38: =AP38+AQ38 -> 33.982075 | AS38: =AQ$8*$H38 -> 22.179213 | AV38: =G38*$AV$8 -> 1587.5206 | AW38: =AU38+AV38 -> 1587.5206 | AX38: =AV$8*$H38 -> 1036.1333 | BF38: =G38*$BF$8 -> 528.14314 | BG38: =BE38+BF38 -> 528.14314 | BH38: =BF$8*$H38 -> 344.70524 | BK38: =G38*$BK$8 -> 36767.965 | BL38: =BJ38+BK38 -> 36767.965 | BM38: =BK$8*$H38 -> 23997.491 | BP38: =G38*$BP$8 -> 9738.6427 | BQ38: =BO38+BP38 -> 9738.6427 | BR38: =BP$8*$H38 -> 6356.1579 | BU38: =G38*$BU$8 -> 235.808 | BV38: =BT38+BU38 -> 235.808 | BW38: =BU$8*$H38 -> 153.90573 | CE38: =G38*$CE$8 -> 810.42134 | CF38: =CD38+CE38 -> 810.42134 | CG38: =CE$8*$H38 -> 528.94086 | CL38: =CJ$8*$H38 -> 0
A39: 13971 | C39: 1615000 | D39: 427725 | E39: 97157 | F39: 2170000 | G39: 172875 | H39: 112831 | L39: =C39+F39+I39 -> 3785000 | M39: =D39+G39+J39 -> 600600 | N39: =L39+M39 -> 4385600 | O39: =E39+H39+K39 -> 209988 | V39: =C39*$V$8 -> 820326.9 | W39: =D39*$V$8 -> 217259.64 | X39: =V39+W39 -> 1037586.5 | Y39: =V$8*$E39 -> 49350.155 | AA39: =C39*$AA$8 -> 794673.1 | AB39: =D39*$AA$8 -> 210465.36 | AC39: =AA39+AB39 -> 1005138.5 | AD39: =AA$8*$E39 -> 47806.845 | AF39: ='20-Year Acad Revised'!H38+'20-Year Fac Renewal Acad'!H38 -> 1546113.4 | AG39: ='20-Year Acad Revised'!I38+'20-Year Fac Renewal Acad'!I38 -> 123172.52 | AH39: =AF39+AG39 -> 1669286 | AI39: ='20-Year Acad Revised'!K38+'20-Year Fac Renewal Acad'!K38 -> 80391.487 | AK39: =+AZ39+CD39+BE39+BJ39+BO39+BT39+AP39+AU39 -> 623886.55 | AL39: =+BA39+CE39+BF39+BK39+BP39+BU39+AQ39+AV39 -> 49702.483 | AM39: =AK39+AL39 -> 673589.03 | AN39: =+BC39+CG39+BH39+BM39+BR39+BW39+AS39+AX39 -> 32439.513 | AP39: =F39*$AQ$8 -> 426.55735 | AQ39: =G39*$AQ$8 -> 33.982075 | AR39: =AP39+AQ39 -> 460.53943 | AS39: =AQ$8*$H39 -> 22.179213 | AU39: =F39*$AV$8 -> 19927.229 | AV39: =G39*$AV$8 -> 1587.5206 | AW39: =AU39+AV39 -> 21514.749 | AX39: =AV$8*$H39 -> 1036.1333 | BE39: =F39*$BF$8 -> 6629.4757 | BF39: =G39*$BF$8 -> 528.14314 | BG39: =BE39+BF39 -> 7157.6189 | BH39: =BF$8*$H39 -> 344.70524 | BJ39: =F39*$BK$8 -> 461527.02 | BK39: =G39*$BK$8 -> 36767.965 | BL39: =BJ39+BK39 -> 498294.99 | BM39: =BK$8*$H39 -> 23997.491 | BO39: =F39*$BP$8 -> 122243.55 | BP39: =G39*$BP$8 -> 9738.6427 | BQ39: =BO39+BP39 -> 131982.2 | BR39: =BP$8*$H39 -> 6356.1579 | BT39: =F39*$BU$8 -> 2959.9616 | BU39: =G39*$BU$8 -> 235.808 | BV39: =BT39+BU39 -> 3195.7696 | BW39: =BU$8*$H39 -> 153.90573 | CD39: =F39*$CE$8 -> 10172.751 | CE39: =G39*$CE$8 -> 810.42134 | CF39: =CD39+CE39 -> 10983.172 | CG39: =CE$8*$H39 -> 528.94086 | CL39: =CJ$8*$H39 -> 0
A40: 14154 | D40: 403500 | E40: 97157 | G40: 140325 | H40: 112831 | M40: =D40+G40+J40 -> 543825 | N40: =L40+M40 -> 543825 | O40: =E40+H40+K40 -> 209988 | W40: =D40*$V$8 -> 204954.74 | X40: =V40+W40 -> 204954.74 | Y40: =V$8*$E40 -> 49350.155 | AB40: =D40*$AA$8 -> 198545.26 | AC40: =AA40+AB40 -> 198545.26 | AD40: =AA$8*$E40 -> 47806.845 | AG40: ='20-Year Acad Revised'!I39+'20-Year Fac Renewal Acad'!I39 -> 99980.816 | AH40: =AF40+AG40 -> 99980.816 | AI40: ='20-Year Acad Revised'!K39+'20-Year Fac Renewal Acad'!K39 -> 80391.487 | AL40: =+BA40+CE40+BF40+BK40+BP40+BU40+AQ40+AV40 -> 40344.184 | AM40: =AK40+AL40 -> 40344.184 | AN40: =+BC40+CG40+BH40+BM40+BR40+BW40+AS40+AX40 -> 32439.513 | AQ40: =G40*$AQ$8 -> 27.583715 | AR40: =AP40+AQ40 -> 27.583715 | AS40: =AQ$8*$H40 -> 22.179213 | AV40: =G40*$AV$8 -> 1288.6122 | AW40: =AU40+AV40 -> 1288.6122 | AX40: =AV$8*$H40 -> 1036.1333 | BF40: =G40*$BF$8 -> 428.701 | BG40: =BE40+BF40 -> 428.701 | BH40: =BF$8*$H40 -> 344.70524 | BK40: =G40*$BK$8 -> 29845.06 | BL40: =BJ40+BK40 -> 29845.06 | BM40: =BK$8*$H40 -> 23997.491 | BP40: =G40*$BP$8 -> 7904.9893 | BQ40: =BO40+BP40 -> 7904.9893 | BR40: =BP$8*$H40 -> 6356.1579 | BU40: =G40*$BU$8 -> 191.40858 | BV40: =BT40+BU40 -> 191.40858 | BW40: =BU$8*$H40 -> 153.90573 | CE40: =G40*$CE$8 -> 657.83008 | CF40: =CD40+CE40 -> 657.83008 | CG40: =CE$8*$H40 -> 528.94086 | CL40: =CJ$8*$H40 -> 0
A41: 14336 | C41: 1665000 | D41: 403500 | E41: 97157 | F41: 2235000 | G41: 140325 | H41: 112831 | L41: =C41+F41+I41 -> 3900000 | M41: =D41+G41+J41 -> 543825 | N41: =L41+M41 -> 4443825 | O41: =E41+H41+K41 -> 209988 | V41: =C41*$V$8 -> 845724.01 | W41: =D41*$V$8 -> 204954.74 | X41: =V41+W41 -> 1050678.8 | Y41: =V$8*$E41 -> 49350.155 | AA41: =C41*$AA$8 -> 819275.99 | AB41: =D41*$AA$8 -> 198545.26 | AC41: =AA41+AB41 -> 1017821.2 | AD41: =AA$8*$E41 -> 47806.845 | AF41: ='20-Year Acad Revised'!H40+'20-Year Fac Renewal Acad'!H40 -> 1592425.6 | AG41: ='20-Year Acad Revised'!I40+'20-Year Fac Renewal Acad'!I40 -> 99980.816 | AH41: =AF41+AG41 -> 1692406.4 | AI41: ='20-Year Acad Revised'!K40+'20-Year Fac Renewal Acad'!K40 -> 80391.487 | AK41: =+AZ41+CD41+BE41+BJ41+BO41+BT41+AP41+AU41 -> 642574.4 | AL41: =+BA41+CE41+BF41+BK41+BP41+BU41+AQ41+AV41 -> 40344.184 | AM41: =AK41+AL41 -> 682918.58 | AN41: =+BC41+CG41+BH41+BM41+BR41+BW41+AS41+AX41 -> 32439.513 | AP41: =F41*$AQ$8 -> 439.33442 | AQ41: =G41*$AQ$8 -> 27.583715 | AR41: =AP41+AQ41 -> 466.91813 | AS41: =AQ$8*$H41 -> 22.179213 | AU41: =F41*$AV$8 -> 20524.127 | AV41: =G41*$AV$8 -> 1288.6122 | AW41: =AU41+AV41 -> 21812.74 | AX41: =AV$8*$H41 -> 1036.1333 | BE41: =F41*$BF$8 -> 6828.0545 | BF41: =G41*$BF$8 -> 428.701 | BG41: =BE41+BF41 -> 7256.7555 | BH41: =BF$8*$H41 -> 344.70524 | BJ41: =F41*$BK$8 -> 475351.56 | BK41: =G41*$BK$8 -> 29845.06 | BL41: =BJ41+BK41 -> 505196.62 | BM41: =BK$8*$H41 -> 23997.491 | BO41: =F41*$BP$8 -> 125905.23 | BP41: =G41*$BP$8 -> 7904.9893 | BQ41: =BO41+BP41 -> 133810.22 | BR41: =BP$8*$H41 -> 6356.1579 | BT41: =F41*$BU$8 -> 3048.6241 | BU41: =G41*$BU$8 -> 191.40858 | BV41: =BT41+BU41 -> 3240.0327 | BW41: =BU$8*$H41 -> 153.90573 | CD41: =F41*$CE$8 -> 10477.465 | CE41: =G41*$CE$8 -> 657.83008 | CF41: =CD41+CE41 -> 11135.295 | CG41: =CE$8*$H41 -> 528.94086 | CL41: =CJ$8*$H41 -> 0
A42: 14519 | D42: 378525 | E42: 97157 | G42: 106800 | H42: 112831 | M42: =D42+G42+J42 -> 485325 | N42: =L42+M42 -> 485325 | O42: =E42+H42+K42 -> 209988 | W42: =D42*$V$8 -> 192268.88 | X42: =V42+W42 -> 192268.88 | Y42: =V$8*$E42 -> 49350.155 | AB42: =D42*$AA$8 -> 186256.12 | AC42: =AA42+AB42 -> 186256.12 | AD42: =AA$8*$E42 -> 47806.845 | AG42: ='20-Year Acad Revised'!I41+'20-Year Fac Renewal Acad'!I41 -> 76094.431 | AH42: =AF42+AG42 -> 76094.431 | AI42: ='20-Year Acad Revised'!K41+'20-Year Fac Renewal Acad'!K41 -> 80391.487 | AL42: =+BA42+CE42+BF42+BK42+BP42+BU42+AQ42+AV42 -> 30705.569 | AM42: =AK42+AL42 -> 30705.569 | AN42: =+BC42+CG42+BH42+BM42+BR42+BW42+AS42+AX42 -> 32439.513 | AQ42: =G42*$AQ$8 -> 20.993698 | AR42: =AP42+AQ42 -> 20.993698 | AS42: =AQ$8*$H42 -> 22.179213 | AV42: =G42*$AV$8 -> 980.75025 | AW42: =AU42+AV42 -> 980.75025 | AX42: =AV$8*$H42 -> 1036.1333 | BF42: =G42*$BF$8 -> 326.28019 | BG42: =BE42+BF42 -> 326.28019 | BH42: =BF$8*$H42 -> 344.70524 | BK42: =G42*$BK$8 -> 22714.786 | BL42: =BJ42+BK42 -> 22714.786 | BM42: =BK$8*$H42 -> 23997.491 | BP42: =G42*$BP$8 -> 6016.4109 | BQ42: =BO42+BP42 -> 6016.4109 | BR42: =BP$8*$H42 -> 6356.1579 | BU42: =G42*$BU$8 -> 145.67922 | BV42: =BT42+BU42 -> 145.67922 | BW42: =BU$8*$H42 -> 153.90573 | CE42: =G42*$CE$8 -> 500.66811 | CF42: =CD42+CE42 -> 500.66811 | CG42: =CE$8*$H42 -> 528.94086 | CL42: =CJ$8*$H42 -> 0
A43: 14702 | C43: 1715000 | D43: 378525 | E43: 97157 | F43: 2305000 | G43: 106800 | H43: 112831 | L43: =C43+F43+I43 -> 4020000 | M43: =D43+G43+J43 -> 485325 | N43: =L43+M43 -> 4505325 | O43: =E43+H43+K43 -> 209988 | V43: =C43*$V$8 -> 871121.13 | W43: =D43*$V$8 -> 192268.88 | X43: =V43+W43 -> 1063390 | Y43: =V$8*$E43 -> 49350.155 | AA43: =C43*$AA$8 -> 843878.87 | AB43: =D43*$AA$8 -> 186256.12 | AC43: =AA43+AB43 -> 1030135 | AD43: =AA$8*$E43 -> 47806.845 | AF43: ='20-Year Acad Revised'!H42+'20-Year Fac Renewal Acad'!H42 -> 1642300.2 | AG43: ='20-Year Acad Revised'!I42+'20-Year Fac Renewal Acad'!I42 -> 76094.431 | AH43: =AF43+AG43 -> 1718394.7 | AI43: ='20-Year Acad Revised'!K42+'20-Year Fac Renewal Acad'!K42 -> 80391.487 | AK43: =+AZ43+CD43+BE43+BJ43+BO43+BT43+AP43+AU43 -> 662699.77 | AL43: =+BA43+CE43+BF43+BK43+BP43+BU43+AQ43+AV43 -> 30705.569 | AM43: =AK43+AL43 -> 693405.34 | AN43: =+BC43+CG43+BH43+BM43+BR43+BW43+AS43+AX43 -> 32439.513 | AP43: =F43*$AQ$8 -> 453.09433 | AQ43: =G43*$AQ$8 -> 20.993698 | AR43: =AP43+AQ43 -> 474.08803 | AS43: =AQ$8*$H43 -> 22.179213 | AU43: =F43*$AV$8 -> 21166.941 | AV43: =G43*$AV$8 -> 980.75025 | AW43: =AU43+AV43 -> 22147.691 | AX43: =AV$8*$H43 -> 1036.1333 | BE43: =F43*$BF$8 -> 7041.9085 | BF43: =G43*$BF$8 -> 326.28019 | BG43: =BE43+BF43 -> 7368.1887 | BH43: =BF$8*$H43 -> 344.70524 | BJ43: =F43*$BK$8 -> 490239.53 | BK43: =G43*$BK$8 -> 22714.786 | BL43: =BJ43+BK43 -> 512954.32 | BM43: =BK$8*$H43 -> 23997.491 | BO43: =F43*$BP$8 -> 129848.57 | BP43: =G43*$BP$8 -> 6016.4109 | BQ43: =BO43+BP43 -> 135864.98 | BR43: =BP$8*$H43 -> 6356.1579 | BT43: =F43*$BU$8 -> 3144.1067 | BU43: =G43*$BU$8 -> 145.67922 | BV43: =BT43+BU43 -> 3289.7859 | BW43: =BU$8*$H43 -> 153.90573 | CD43: =F43*$CE$8 -> 10805.618 | CE43: =G43*$CE$8 -> 500.66811 | CF43: =CD43+CE43 -> 11306.286 | CG43: =CE$8*$H43 -> 528.94086 | CL43: =CJ$8*$H43 -> 0
A44: 14885 | D44: 352800 | E44: 97157 | G44: 72225 | H44: 112831 | M44: =D44+G44+J44 -> 425025 | N44: =L44+M44 -> 425025 | O44: =E44+H44+K44 -> 209988 | W44: =D44*$V$8 -> 179202.06 | X44: =V44+W44 -> 179202.06 | Y44: =V$8*$E44 -> 49350.155 | AB44: =D44*$AA$8 -> 173597.94 | AC44: =AA44+AB44 -> 173597.94 | AD44: =AA$8*$E44 -> 47806.845 | AG44: ='20-Year Acad Revised'!I43+'20-Year Fac Renewal Acad'!I43 -> 51459.928 | AH44: =AF44+AG44 -> 51459.928 | AI44: ='20-Year Acad Revised'!K43+'20-Year Fac Renewal Acad'!K43 -> 80391.487 | AL44: =+BA44+CE44+BF44+BK44+BP44+BU44+AQ44+AV44 -> 20765.072 | AM44: =AK44+AL44 -> 20765.072 | AN44: =+BC44+CG44+BH44+BM44+BR44+BW44+AS44+AX44 -> 32439.513 | AQ44: =G44*$AQ$8 -> 14.197283 | AR44: =AP44+AQ44 -> 14.197283 | AS44: =AQ$8*$H44 -> 22.179213 | AV44: =G44*$AV$8 -> 663.24613 | AW44: =AU44+AV44 -> 663.24613 | AX44: =AV$8*$H44 -> 1036.1333 | BF44: =G44*$BF$8 -> 220.65156 | BG44: =BE44+BF44 -> 220.65156 | BH44: =BF$8*$H44 -> 344.70524 | BK44: =G44*$BK$8 -> 15361.193 | BL44: =BJ44+BK44 -> 15361.193 | BM44: =BK$8*$H44 -> 23997.491 | BP44: =G44*$BP$8 -> 4068.6824 | BQ44: =BO44+BP44 -> 4068.6824 | BR44: =BP$8*$H44 -> 6356.1579 | BU44: =G44*$BU$8 -> 98.517617 | BV44: =BT44+BU44 -> 98.517617 | BW44: =BU$8*$H44 -> 153.90573 | CE44: =G44*$CE$8 -> 338.58384 | CF44: =CD44+CE44 -> 338.58384 | CG44: =CE$8*$H44 -> 528.94086 | CL44: =CJ$8*$H44 -> 0
A45: 15067 | C45: 1765000 | D45: 352800 | E45: 97157 | F45: 2370000 | G45: 72225 | H45: 112831 | L45: =C45+F45+I45 -> 4135000 | M45: =D45+G45+J45 -> 425025 | N45: =L45+M45 -> 4560025 | O45: =E45+H45+K45 -> 209988 | V45: =C45*$V$8 -> 896518.25 | W45: =D45*$V$8 -> 179202.06 | X45: =V45+W45 -> 1075720.3 | Y45: =V$8*$E45 -> 49350.155 | AA45: =C45*$AA$8 -> 868481.75 | AB45: =D45*$AA$8 -> 173597.94 | AC45: =AA45+AB45 -> 1042079.7 | AD45: =AA$8*$E45 -> 47806.845 | AF45: ='20-Year Acad Revised'!H44+'20-Year Fac Renewal Acad'!H44 -> 1688612.4 | AG45: ='20-Year Acad Revised'!I44+'20-Year Fac Renewal Acad'!I44 -> 51459.928 | AH45: =AF45+AG45 -> 1740072.3 | AI45: ='20-Year Acad Revised'!K44+'20-Year Fac Renewal Acad'!K44 -> 80391.487 | AK45: =+AZ45+CD45+BE45+BJ45+BO45+BT45+AP45+AU45 -> 681387.62 | AL45: =+BA45+CE45+BF45+BK45+BP45+BU45+AQ45+AV45 -> 20765.072 | AM45: =AK45+AL45 -> 702152.69 | AN45: =+BC45+CG45+BH45+BM45+BR45+BW45+AS45+AX45 -> 32439.513 | AP45: =F45*$AQ$8 -> 465.8714 | AQ45: =G45*$AQ$8 -> 14.197283 | AR45: =AP45+AQ45 -> 480.06868 | AS45: =AQ$8*$H45 -> 22.179213 | AU45: =F45*$AV$8 -> 21763.84 | AV45: =G45*$AV$8 -> 663.24613 | AW45: =AU45+AV45 -> 22427.086 | AX45: =AV$8*$H45 -> 1036.1333 | BE45: =F45*$BF$8 -> 7240.4873 | BF45: =G45*$BF$8 -> 220.65156 | BG45: =BE45+BF45 -> 7461.1389 | BH45: =BF$8*$H45 -> 344.70524 | BJ45: =F45*$BK$8 -> 504064.07 | BK45: =G45*$BK$8 -> 15361.193 | BL45: =BJ45+BK45 -> 519425.27 | BM45: =BK$8*$H45 -> 23997.491 | BO45: =F45*$BP$8 -> 133510.24 | BP45: =G45*$BP$8 -> 4068.6824 | BQ45: =BO45+BP45 -> 137578.92 | BR45: =BP$8*$H45 -> 6356.1579 | BT45: =F45*$BU$8 -> 3232.7692 | BU45: =G45*$BU$8 -> 98.517617 | BV45: =BT45+BU45 -> 3331.2868 | BW45: =BU$8*$H45 -> 153.90573 | CD45: =F45*$CE$8 -> 11110.332 | CE45: =G45*$CE$8 -> 338.58384 | CF45: =CD45+CE45 -> 11448.915 | CG45: =CE$8*$H45 -> 528.94086 | CL45: =CJ$8*$H45 -> 0
A46: 15250 | D46: 326325 | E46: 97157 | G46: 36675 | H46: 112831 | M46: =D46+G46+J46 -> 363000 | N46: =L46+M46 -> 363000 | O46: =E46+H46+K46 -> 209988 | W46: =D46*$V$8 -> 165754.29 | X46: =V46+W46 -> 165754.29 | Y46: =V$8*$E46 -> 49350.155 | AB46: =D46*$AA$8 -> 160570.71 | AC46: =AA46+AB46 -> 160570.71 | AD46: =AA$8*$E46 -> 47806.845 | AG46: ='20-Year Acad Revised'!I45+'20-Year Fac Renewal Acad'!I45 -> 26130.742 | AH46: =AF46+AG46 -> 26130.742 | AI46: ='20-Year Acad Revised'!K45+'20-Year Fac Renewal Acad'!K45 -> 80391.487 | AL46: =+BA46+CE46+BF46+BK46+BP46+BU46+AQ46+AV46 -> 10544.258 | AM46: =AK46+AL46 -> 10544.258 | AN46: =+BC46+CG46+BH46+BM46+BR46+BW46+AS46+AX46 -> 32439.513 | AQ46: =G46*$AQ$8 -> 7.2092124 | AR46: =AP46+AQ46 -> 7.2092124 | AS46: =AQ$8*$H46 -> 22.179213 | AV46: =G46*$AV$8 -> 336.78853 | AW46: =AU46+AV46 -> 336.78853 | AX46: =AV$8*$H46 -> 1036.1333 | BF46: =G46*$BF$8 -> 112.04425 | BG46: =BE46+BF46 -> 112.04425 | BH46: =BF$8*$H46 -> 344.70524 | BK46: =G46*$BK$8 -> 7800.232 | BL46: =BJ46+BK46 -> 7800.232 | BM46: =BK$8*$H46 -> 23997.491 | BP46: =G46*$BP$8 -> 2066.0287 | BQ46: =BO46+BP46 -> 2066.0287 | BR46: =BP$8*$H46 -> 6356.1579 | BU46: =G46*$BU$8 -> 50.02608 | BV46: =BT46+BU46 -> 50.02608 | BW46: =BU$8*$H46 -> 153.90573 | CE46: =G46*$CE$8 -> 171.92887 | CF46: =CD46+CE46 -> 171.92887 | CG46: =CE$8*$H46 -> 528.94086 | CL46: =CJ$8*$H46 -> 0
A47: 15432 | C47: 1815000 | D47: 326325 | E47: 97157 | F47: 2445000 | G47: 36675 | H47: 112831 | L47: =C47+F47+I47 -> 4260000 | M47: =D47+G47+J47 -> 363000 | N47: =L47+M47 -> 4623000 | O47: =E47+H47+K47 -> 209988 | V47: =C47*$V$8 -> 921915.37 | W47: =D47*$V$8 -> 165754.29 | X47: =V47+W47 -> 1087669.7 | Y47: =V$8*$E47 -> 49350.155 | AA47: =C47*$AA$8 -> 893084.63 | AB47: =D47*$AA$8 -> 160570.71 | AC47: =AA47+AB47 -> 1053655.3 | AD47: =AA$8*$E47 -> 47806.845 | AF47: ='20-Year Acad Revised'!H46+'20-Year Fac Renewal Acad'!H46 -> 1742049.5 | AG47: ='20-Year Acad Revised'!I46+'20-Year Fac Renewal Acad'!I46 -> 26130.742 | AH47: =AF47+AG47 -> 1768180.2 | AI47: ='20-Year Acad Revised'!K46+'20-Year Fac Renewal Acad'!K46 -> 80391.487 | AK47: =+AZ47+CD47+BE47+BJ47+BO47+BT47+AP47+AU47 -> 702950.52 | AL47: =+BA47+CE47+BF47+BK47+BP47+BU47+AQ47+AV47 -> 10544.258 | AM47: =AK47+AL47 -> 713494.77 | AN47: =+BC47+CG47+BH47+BM47+BR47+BW47+AS47+AX47 -> 32439.513 | AP47: =F47*$AQ$8 -> 480.61416 | AQ47: =G47*$AQ$8 -> 7.2092124 | AR47: =AP47+AQ47 -> 487.82337 | AS47: =AQ$8*$H47 -> 22.179213 | AU47: =F47*$AV$8 -> 22452.569 | AV47: =G47*$AV$8 -> 336.78853 | AW47: =AU47+AV47 -> 22789.357 | AX47: =AV$8*$H47 -> 1036.1333 | BE47: =F47*$BF$8 -> 7469.6166 | BF47: =G47*$BF$8 -> 112.04425 | BG47: =BE47+BF47 -> 7581.6609 | BH47: =BF$8*$H47 -> 344.70524 | BJ47: =F47*$BK$8 -> 520015.47 | BK47: =G47*$BK$8 -> 7800.232 | BL47: =BJ47+BK47 -> 527815.7 | BM47: =BK$8*$H47 -> 23997.491 | BO47: =F47*$BP$8 -> 137735.25 | BP47: =G47*$BP$8 -> 2066.0287 | BQ47: =BO47+BP47 -> 139801.28 | BR47: =BP$8*$H47 -> 6356.1579 | BT47: =F47*$BU$8 -> 3335.072 | BU47: =G47*$BU$8 -> 50.02608 | BV47: =BT47+BU47 -> 3385.0981 | BW47: =BU$8*$H47 -> 153.90573 | CD47: =F47*$CE$8 -> 11461.924 | CE47: =G47*$CE$8 -> 171.92887 | CF47: =CD47+CE47 -> 11633.853 | CG47: =CE$8*$H47 -> 528.94086 | CL47: =CJ$8*$H47 -> 0
A48: 15615 | D48: 299100 | E48: 97157 | M48: =D48+G48+J48 -> 299100 | N48: =L48+M48 -> 299100 | O48: =E48+H48+K48 -> 97157 | W48: =D48*$V$8 -> 151925.56 | X48: =V48+W48 -> 151925.56 | Y48: =V$8*$E48 -> 49350.155 | AB48: =D48*$AA$8 -> 147174.44 | AC48: =AA48+AB48 -> 147174.44 | AD48: =AA$8*$E48 -> 47806.845 | AS48: =AQ$8*$H48 -> 0 | AX48: =AV$8*$H48 -> 0 | BH48: =BF$8*$H48 -> 0 | BM48: =BK$8*$H48 -> 0 | BR48: =BP$8*$H48 -> 0 | BW48: =BU$8*$H48 -> 0 | CG48: =CE$8*$H48 -> 0 | CL48: =CJ$8*$H48 -> 0
A49: 15797 | C49: 1660000 | D49: 299100 | E49: 97157 | L49: =C49+F49+I49 -> 1660000 | M49: =D49+G49+J49 -> 299100 | N49: =L49+M49 -> 1959100 | O49: =E49+H49+K49 -> 97157 | V49: =C49*$V$8 -> 843184.3 | W49: =D49*$V$8 -> 151925.56 | X49: =V49+W49 -> 995109.86 | Y49: =V$8*$E49 -> 49350.155 | AA49: =C49*$AA$8 -> 816815.7 | AB49: =D49*$AA$8 -> 147174.44 | AC49: =AA49+AB49 -> 963990.14 | AD49: =AA$8*$E49 -> 47806.845 | AS49: =AQ$8*$H49 -> 0 | AX49: =AV$8*$H49 -> 0 | BH49: =BF$8*$H49 -> 0 | BM49: =BK$8*$H49 -> 0 | BR49: =BP$8*$H49 -> 0 | BW49: =BU$8*$H49 -> 0 | CG49: =CE$8*$H49 -> 0 | CL49: =CJ$8*$H49 -> 0
A50: 15980 | D50: 274200 | E50: 97157 | M50: =D50+G50+J50 -> 274200 | N50: =L50+M50 -> 274200 | O50: =E50+H50+K50 -> 97157 | W50: =D50*$V$8 -> 139277.79 | X50: =V50+W50 -> 139277.79 | Y50: =V$8*$E50 -> 49350.155 | AB50: =D50*$AA$8 -> 134922.21 | AC50: =AA50+AB50 -> 134922.21 | AD50: =AA$8*$E50 -> 47806.845 | AS50: =AQ$8*$H50 -> 0 | AX50: =AV$8*$H50 -> 0 | BH50: =BF$8*$H50 -> 0 | BM50: =BK$8*$H50 -> 0 | BR50: =BP$8*$H50 -> 0 | BW50: =BU$8*$H50 -> 0 | CG50: =CE$8*$H50 -> 0 | CL50: =CJ$8*$H50 -> 0
A51: 16163 | C51: 1725000 | D51: 274200 | E51: 97157 | L51: =C51+F51+I51 -> 1725000 | M51: =D51+G51+J51 -> 274200 | N51: =L51+M51 -> 1999200 | O51: =E51+H51+K51 -> 97157 | V51: =C51*$V$8 -> 876200.55 | W51: =D51*$V$8 -> 139277.79 | X51: =V51+W51 -> 1015478.3 | Y51: =V$8*$E51 -> 49350.155 | AA51: =C51*$AA$8 -> 848799.45 | AB51: =D51*$AA$8 -> 134922.21 | AC51: =AA51+AB51 -> 983721.65 | AD51: =AA$8*$E51 -> 47806.845 | AS51: =AQ$8*$H51 -> 0 | AX51: =AV$8*$H51 -> 0 | BH51: =BF$8*$H51 -> 0 | BM51: =BK$8*$H51 -> 0 | BR51: =BP$8*$H51 -> 0 | BW51: =BU$8*$H51 -> 0 | CG51: =CE$8*$H51 -> 0 | CL51: =CJ$8*$H51 -> 0
A52: 16346 | D52: 248325 | E52: 97157 | M52: =D52+G52+J52 -> 248325 | N52: =L52+M52 -> 248325 | O52: =E52+H52+K52 -> 97157 | W52: =D52*$V$8 -> 126134.78 | X52: =V52+W52 -> 126134.78 | Y52: =V$8*$E52 -> 49350.155 | AB52: =D52*$AA$8 -> 122190.22 | AC52: =AA52+AB52 -> 122190.22 | AD52: =AA$8*$E52 -> 47806.845 | AS52: =AQ$8*$H52 -> 0 | AX52: =AV$8*$H52 -> 0 | BH52: =BF$8*$H52 -> 0 | BM52: =BK$8*$H52 -> 0 | BR52: =BP$8*$H52 -> 0 | BW52: =BU$8*$H52 -> 0 | CG52: =CE$8*$H52 -> 0 | CL52: =CJ$8*$H52 -> 0
A53: 16528 | C53: 1795000 | D53: 248325 | E53: 97157 | L53: =C53+F53+I53 -> 1795000 | M53: =D53+G53+J53 -> 248325 | N53: =L53+M53 -> 2043325 | O53: =E53+H53+K53 -> 97157 | V53: =C53*$V$8 -> 911756.52 | W53: =D53*$V$8 -> 126134.78 | X53: =V53+W53 -> 1037891.3 | Y53: =V$8*$E53 -> 49350.155 | AA53: =C53*$AA$8 -> 883243.48 | AB53: =D53*$AA$8 -> 122190.22 | AC53: =AA53+AB53 -> 1005433.7 | AD53: =AA$8*$E53 -> 47806.845 | AS53: =AQ$8*$H53 -> 0 | AX53: =AV$8*$H53 -> 0 | BH53: =BF$8*$H53 -> 0 | BM53: =BK$8*$H53 -> 0 | BR53: =BP$8*$H53 -> 0 | BW53: =BU$8*$H53 -> 0 | CG53: =CE$8*$H53 -> 0 | CL53: =CJ$8*$H53 -> 0
A54: 16711 | D54: 221400 | E54: 97157 | M54: =D54+G54+J54 -> 221400 | N54: =L54+M54 -> 221400 | O54: =E54+H54+K54 -> 97157 | W54: =D54*$V$8 -> 112458.44 | X54: =V54+W54 -> 112458.44 | Y54: =V$8*$E54 -> 49350.155 | AB54: =D54*$AA$8 -> 108941.56 | AC54: =AA54+AB54 -> 108941.56 | AD54: =AA$8*$E54 -> 47806.845 | AS54: =AQ$8*$H54 -> 0 | AX54: =AV$8*$H54 -> 0 | BH54: =BF$8*$H54 -> 0 | BM54: =BK$8*$H54 -> 0 | BR54: =BP$8*$H54 -> 0 | BW54: =BU$8*$H54 -> 0 | CG54: =CE$8*$H54 -> 0 | CL54: =CJ$8*$H54 -> 0
A55: 16893 | C55: 1870000 | D55: 221400 | E55: 97157 | L55: =C55+F55+I55 -> 1870000 | M55: =D55+G55+J55 -> 221400 | N55: =L55+M55 -> 2091400 | O55: =E55+H55+K55 -> 97157 | V55: =C55*$V$8 -> 949852.2 | W55: =D55*$V$8 -> 112458.44 | X55: =V55+W55 -> 1062310.6 | Y55: =V$8*$E55 -> 49350.155 | AA55: =C55*$AA$8 -> 920147.8 | AB55: =D55*$AA$8 -> 108941.56 | AC55: =AA55+AB55 -> 1029089.4 | AD55: =AA$8*$E55 -> 47806.845 | AS55: =AQ$8*$H55 -> 0 | AX55: =AV$8*$H55 -> 0 | BH55: =BF$8*$H55 -> 0 | BM55: =BK$8*$H55 -> 0 | BR55: =BP$8*$H55 -> 0 | BW55: =BU$8*$H55 -> 0 | CG55: =CE$8*$H55 -> 0 | CL55: =CJ$8*$H55 -> 0
A56: 17076 | D56: 193350 | E56: 97157 | M56: =D56+G56+J56 -> 193350 | N56: =L56+M56 -> 193350 | O56: =E56+H56+K56 -> 97157 | W56: =D56*$V$8 -> 98210.653 | X56: =V56+W56 -> 98210.653 | Y56: =V$8*$E56 -> 49350.155 | AB56: =D56*$AA$8 -> 95139.347 | AC56: =AA56+AB56 -> 95139.347 | AD56: =AA$8*$E56 -> 47806.845 | AS56: =AQ$8*$H56 -> 0 | AX56: =AV$8*$H56 -> 0 | BH56: =BF$8*$H56 -> 0 | BM56: =BK$8*$H56 -> 0 | BR56: =BP$8*$H56 -> 0 | BW56: =BU$8*$H56 -> 0 | CG56: =CE$8*$H56 -> 0 | CL56: =CJ$8*$H56 -> 0
A57: 17258 | C57: 1945000 | D57: 193350 | E57: 97157 | L57: =C57+F57+I57 -> 1945000 | M57: =D57+G57+J57 -> 193350 | N57: =L57+M57 -> 2138350 | O57: =E57+H57+K57 -> 97157 | V57: =C57*$V$8 -> 987947.87 | W57: =D57*$V$8 -> 98210.653 | X57: =V57+W57 -> 1086158.5 | Y57: =V$8*$E57 -> 49350.155 | AA57: =C57*$AA$8 -> 957052.13 | AB57: =D57*$AA$8 -> 95139.347 | AC57: =AA57+AB57 -> 1052191.5 | AD57: =AA$8*$E57 -> 47806.845 | AS57: =AQ$8*$H57 -> 0 | AX57: =AV$8*$H57 -> 0 | BH57: =BF$8*$H57 -> 0 | BM57: =BK$8*$H57 -> 0 | BR57: =BP$8*$H57 -> 0 | BW57: =BU$8*$H57 -> 0 | CG57: =CE$8*$H57 -> 0 | CL57: =CJ$8*$H57 -> 0
A58: 17441 | D58: 164175 | E58: 97157 | M58: =D58+G58+J58 -> 164175 | N58: =L58+M58 -> 164175 | O58: =E58+H58+K58 -> 97157 | W58: =D58*$V$8 -> 83391.435 | X58: =V58+W58 -> 83391.435 | Y58: =V$8*$E58 -> 49350.155 | AB58: =D58*$AA$8 -> 80783.565 | AC58: =AA58+AB58 -> 80783.565 | AD58: =AA$8*$E58 -> 47806.845 | AS58: =AQ$8*$H58 -> 0 | AX58: =AV$8*$H58 -> 0 | BH58: =BF$8*$H58 -> 0 | BM58: =BK$8*$H58 -> 0 | BR58: =BP$8*$H58 -> 0 | BW58: =BU$8*$H58 -> 0 | CG58: =CE$8*$H58 -> 0 | CL58: =CJ$8*$H58 -> 0
A59: 17624 | C59: 2020000 | D59: 164175 | E59: 97157 | L59: =C59+F59+I59 -> 2020000 | M59: =D59+G59+J59 -> 164175 | N59: =L59+M59 -> 2184175 | O59: =E59+H59+K59 -> 97157 | V59: =C59*$V$8 -> 1026043.5 | W59: =D59*$V$8 -> 83391.435 | X59: =V59+W59 -> 1109435 | Y59: =V$8*$E59 -> 49350.155 | AA59: =C59*$AA$8 -> 993956.45 | AB59: =D59*$AA$8 -> 80783.565 | AC59: =AA59+AB59 -> 1074740 | AD59: =AA$8*$E59 -> 47806.845 | AS59: =AQ$8*$H59 -> 0 | AX59: =AV$8*$H59 -> 0 | BH59: =BF$8*$H59 -> 0 | BM59: =BK$8*$H59 -> 0 | BR59: =BP$8*$H59 -> 0 | BW59: =BU$8*$H59 -> 0 | CG59: =CE$8*$H59 -> 0 | CL59: =CJ$8*$H59 -> 0
A60: 17807 | D60: 133875 | E60: 97157 | M60: =D60+G60+J60 -> 133875 | N60: =L60+M60 -> 133875 | O60: =E60+H60+K60 -> 97157 | W60: =D60*$V$8 -> 68000.782 | X60: =V60+W60 -> 68000.782 | Y60: =V$8*$E60 -> 49350.155 | AB60: =D60*$AA$8 -> 65874.218 | AC60: =AA60+AB60 -> 65874.218 | AD60: =AA$8*$E60 -> 47806.845 | AS60: =AQ$8*$H60 -> 0 | AX60: =AV$8*$H60 -> 0 | BH60: =BF$8*$H60 -> 0 | BM60: =BK$8*$H60 -> 0 | BR60: =BP$8*$H60 -> 0 | BW60: =BU$8*$H60 -> 0 | CG60: =CE$8*$H60 -> 0 | CL60: =CJ$8*$H60 -> 0
A61: 17989 | C61: 2100000 | D61: 133875 | E61: 97157 | L61: =C61+F61+I61 -> 2100000 | M61: =D61+G61+J61 -> 133875 | N61: =L61+M61 -> 2233875 | O61: =E61+H61+K61 -> 97157 | V61: =C61*$V$8 -> 1066678.9 | W61: =D61*$V$8 -> 68000.782 | X61: =V61+W61 -> 1134679.7 | Y61: =V$8*$E61 -> 49350.155 | AA61: =C61*$AA$8 -> 1033321.1 | AB61: =D61*$AA$8 -> 65874.218 | AC61: =AA61+AB61 -> 1099195.3 | AD61: =AA$8*$E61 -> 47806.845 | AS61: =AQ$8*$H61 -> 0 | AX61: =AV$8*$H61 -> 0 | BH61: =BF$8*$H61 -> 0 | BM61: =BK$8*$H61 -> 0 | BR61: =BP$8*$H61 -> 0 | BW61: =BU$8*$H61 -> 0 | CG61: =CE$8*$H61 -> 0 | CL61: =CJ$8*$H61 -> 0
A62: 18172 | D62: 102375 | E62: 97157 | M62: =D62+G62+J62 -> 102375 | N62: =L62+M62 -> 102375 | O62: =E62+H62+K62 -> 97157 | W62: =D62*$V$8 -> 52000.598 | X62: =V62+W62 -> 52000.598 | Y62: =V$8*$E62 -> 49350.155 | AB62: =D62*$AA$8 -> 50374.402 | AC62: =AA62+AB62 -> 50374.402 | AD62: =AA$8*$E62 -> 47806.845 | AS62: =AQ$8*$H62 -> 0 | AX62: =AV$8*$H62 -> 0 | BH62: =BF$8*$H62 -> 0 | BM62: =BK$8*$H62 -> 0 | BR62: =BP$8*$H62 -> 0 | BW62: =BU$8*$H62 -> 0 | CG62: =CE$8*$H62 -> 0 | CL62: =CJ$8*$H62 -> 0
A63: 18354 | C63: 2185000 | D63: 102375 | E63: 97157 | L63: =C63+F63+I63 -> 2185000 | M63: =D63+G63+J63 -> 102375 | N63: =L63+M63 -> 2287375 | O63: =E63+H63+K63 -> 97157 | V63: =C63*$V$8 -> 1109854 | W63: =D63*$V$8 -> 52000.598 | X63: =V63+W63 -> 1161854.6 | Y63: =V$8*$E63 -> 49350.155 | AA63: =C63*$AA$8 -> 1075146 | AB63: =D63*$AA$8 -> 50374.402 | AC63: =AA63+AB63 -> 1125520.4 | AD63: =AA$8*$E63 -> 47806.845 | AS63: =AQ$8*$H63 -> 0 | AX63: =AV$8*$H63 -> 0 | BH63: =BF$8*$H63 -> 0 | BM63: =BK$8*$H63 -> 0 | BR63: =BP$8*$H63 -> 0 | BW63: =BU$8*$H63 -> 0 | CG63: =CE$8*$H63 -> 0 | CL63: =CJ$8*$H63 -> 0
A64: 18537 | D64: 69600 | E64: 97157 | M64: =D64+G64+J64 -> 69600 | N64: =L64+M64 -> 69600 | O64: =E64+H64+K64 -> 97157 | W64: =D64*$V$8 -> 35352.788 | X64: =V64+W64 -> 35352.788 | Y64: =V$8*$E64 -> 49350.155 | AB64: =D64*$AA$8 -> 34247.212 | AC64: =AA64+AB64 -> 34247.212 | AD64: =AA$8*$E64 -> 47806.845 | AS64: =AQ$8*$H64 -> 0 | AX64: =AV$8*$H64 -> 0 | BH64: =BF$8*$H64 -> 0 | BM64: =BK$8*$H64 -> 0 | BR64: =BP$8*$H64 -> 0 | BW64: =BU$8*$H64 -> 0 | CG64: =CE$8*$H64 -> 0 | CL64: =CJ$8*$H64 -> 0
A65: 18719 | C65: 2275000 | D65: 69600 | E65: 97157 | L65: =C65+F65+I65 -> 2275000 | M65: =D65+G65+J65 -> 69600 | N65: =L65+M65 -> 2344600 | O65: =E65+H65+K65 -> 97157 | V65: =C65*$V$8 -> 1155568.8 | W65: =D65*$V$8 -> 35352.788 | X65: =V65+W65 -> 1190921.6 | Y65: =V$8*$E65 -> 49350.155 | AA65: =C65*$AA$8 -> 1119431.2 | AB65: =D65*$AA$8 -> 34247.212 | AC65: =AA65+AB65 -> 1153678.4 | AD65: =AA$8*$E65 -> 47806.845 | AS65: =AQ$8*$H65 -> 0 | AX65: =AV$8*$H65 -> 0 | BH65: =BF$8*$H65 -> 0 | BM65: =BK$8*$H65 -> 0 | BR65: =BP$8*$H65 -> 0 | BW65: =BU$8*$H65 -> 0 | CG65: =CE$8*$H65 -> 0 | CL65: =CJ$8*$H65 -> 0
A66: 18902 | D66: 35457 | E66: 97157 | M66: =D66+G66+J66 -> 35457 | N66: =L66+M66 -> 35457 | O66: =E66+H66+K66 -> 97157 | W66: =D66*$V$8 -> 18010.112 | X66: =V66+W66 -> 18010.112 | Y66: =V$8*$E66 -> 49350.155 | AB66: =D66*$AA$8 -> 17446.888 | AC66: =AA66+AB66 -> 17446.888 | AD66: =AA$8*$E66 -> 47806.845 | AS66: =AQ$8*$H66 -> 0 | AX66: =AV$8*$H66 -> 0 | BH66: =BF$8*$H66 -> 0 | BM66: =BK$8*$H66 -> 0 | BR66: =BP$8*$H66 -> 0 | BW66: =BU$8*$H66 -> 0 | CG66: =CE$8*$H66 -> 0 | CL66: =CJ$8*$H66 -> 0
A67: 19085 | C67: 2365000 | D67: 35475 | E67: 97157 | L67: =C67+F67+I67 -> 2365000 | M67: =D67+G67+J67 -> 35475 | N67: =L67+M67 -> 2400475 | O67: =E67+H67+K67 -> 97157 | V67: =C67*$V$8 -> 1201283.7 | W67: =D67*$V$8 -> 18019.255 | X67: =V67+W67 -> 1219302.9 | Y67: =V$8*$E67 -> 49350.155 | AA67: =C67*$AA$8 -> 1163716.3 | AB67: =D67*$AA$8 -> 17455.745 | AC67: =AA67+AB67 -> 1181172.1 | AD67: =AA$8*$E67 -> 47806.845 | AS67: =AQ$8*$H67 -> 0 | AX67: =AV$8*$H67 -> 0 | BH67: =BF$8*$H67 -> 0 | BM67: =BK$8*$H67 -> 0 | BR67: =BP$8*$H67 -> 0 | BW67: =BU$8*$H67 -> 0 | CG67: =CE$8*$H67 -> 0 | CL67: =CJ$8*$H67 -> 0
A69: Total | C69: =SUM(C10:C68) -> 45695000 | D69: =SUM(D10:D68) -> 24654182 | E69: =SUM(E10:E68) -> 5635087 | F69: =SUM(F10:F68) -> 34625000 | G69: =SUM(G10:G68) -> 13181200 | H69: =SUM(H10:H68) -> 4287567 | I69: =SUM(I10:I68) -> 19315000 | J69: =SUM(J10:J68) -> 5142250 | ... O69: =SUM(O10:O68) -> 12250191 | Q69: =SUM(Q10:Q68) -> 19315000 | R69: =SUM(R10:R68) -> 5142250 | S69: =SUM(S10:S68) -> 24457250 | T69: =SUM(T10:T68) -> 2327537 | V69: =SUM(V10:V68) -> 23210426 | W69: =SUM(W10:W68) -> 12517367 | X69: =SUM(X10:X68) -> 35727792 | Y69: =SUM(Y10:Y68) -> 2861618.9 | AA69: =SUM(AA10:AA68) -> 22484574 | AB69: =SUM(AB10:AB68) -> 12131279 | AC69: =SUM(AC10:AC68) -> 34615853 | AD69: =SUM(AD10:AD68) -> 2772787.7 | AF69: =SUM(AF10:AF68) -> 24601817 | AG69: =SUM(AG10:AG68) -> 9057492 | AH69: =SUM(AH10:AH68) -> 33659309 | AI69: =SUM(AI10:AI68) -> 2997805.9 | AK69: =SUM(AK10:AK68) -> 10023183 | AL69: =SUM(AL10:AL68) -> 4123707.9 | AM69: =SUM(AM10:AM68) -> 14146891 | AN69: =SUM(AN10:AN68) -> 1289761.1 | AP69: =SUM(AP10:AP62) -> 6806.556 | AQ69: =SUM(AQ10:AQ62) -> 2461.3792 | AR69: =SUM(AR10:AR62) -> 9267.9352 | AS69: =SUM(AS10:AS62) -> 820.6604 | AU69: =SUM(AU10:AU62) -> 317977.87 | AV69: =SUM(AV10:AV62) -> 119699.01 | AW69: =SUM(AW10:AW62) -> 437676.88 | AX69: =SUM(AX10:AX62) -> 39143.262 | AZ69: =SUM(AZ10:AZ62) -> 0 | BA69: =SUM(BA10:BA62) -> 37212.791 | BB69: =SUM(BB10:BB62) -> 37212.791 | BC69: =SUM(BC10:BC62) -> 6356.7977 | BE69: =SUM(BE10:BE62) -> 105741.43 | BF69: =SUM(BF10:BF62) -> 39716.019 | BG69: =SUM(BG10:BG62) -> 145457.45 | BH69: =SUM(BH10:BH62) -> 13004.247 | BJ69: =SUM(BJ10:BJ62) -> 7349139.6 | BK69: =SUM(BK10:BK62) -> 2685771.8 | BL69: =SUM(BL10:BL62) -> 10034911 | BM69: =SUM(BM10:BM62) -> 891800.56 | BO69: =SUM(BO10:BO62) -> 1950334.2 | BP69: =SUM(BP10:BP62) -> 709978.56 | BQ69: =SUM(BQ10:BQ62) -> 2660312.8 | BR69: =SUM(BR10:BR62) -> 235970.75 | BT69: =SUM(BT10:BT62) -> 45599.778 | BU69: =SUM(BU10:BU62) -> 16177.895 | BV69: =SUM(BV10:BV62) -> 61777.673 | BW69: =SUM(BW10:BW62) -> 5540.6062 | BY69: =SUM(BY10:BY62) -> 0 | BZ69: =SUM(BZ10:BZ62) -> 5536.5216 | CA69: =SUM(CA10:CA62) -> 5536.5216 | CB69: =SUM(CB10:CB62) -> 790.29621 | CD69: =SUM(CD10:CD62) -> 247583.34 | CE69: =SUM(CE10:CE62) -> 512690.43 | CF69: =SUM(CF10:CF62) -> 760273.78 | CG69: =SUM(CG10:CG62) -> 97124.241 | CI69: =SUM(CI10:CI62) -> 0 | CJ69: =SUM(CJ10:CJ62) -> 0 | CK69: =SUM(CK10:CK62) -> 0 | CL69: =SUM(CL10:CL62) -> 0
C71: =V69+AA69+BY69 -> 45695000 | D71: =W69+AB69+BZ69 -> 24654182 | F71: =AF69+AK69 -> 34625000 | G71: =AG69+AL69 -> 13181200 | I71: =Q69 -> 19315000 | J71: =R69 -> 5142250 | K71: =T69 -> 2327537 | L71: =Q69+V69+AA69+AF69+AK69 -> 99635000 | M71: =R69+W69+AB69+AG69+AL69+BZ69 -> 42977632 | O71: =T69+Y69+AD69+AI69+AN69+CB69 -> 12250301

Sheet 20-Year Acad Revised
H1: University System of Maryland | X1: University System of Maryland
H2: Distribution of Debt Services | X2: Distribution of Debt Services
H3: 2022 Series A Bond Funded Projects | X3: 2022 Series A Bond Funded Projects
A5: Payment | C5: Total Debt Services - 2022 Series A | H5: Total Academic Projects - 2022A | M5: UMCP Campus-Wide/Infrastructure Proj (Acad) | R5: UMES Phamacy & Health Professions (Acad) | W5: UMES Flood Mitigation (Academic) | AB5: UMBC Interdisclipinary Life Sci Bldg (Acad) | AG5: FSU Education & Health Sciences (Acad)
A6: Date | C6: 2022 A Bonds (20 Years Bonds) | F6: Amort of | J6: =+O6+T6+Y6+AD6+AI6 -> 0.10272818 | K6: Amort of | O6: 0.040518844 | P6: Amort of | T6: 0.02006827 | U6: Amort of | Y6: 0.034997031 | Z6: Amort of | AD6: 7.036425e-05 | AE6: Amort of | AI6: 0.007073669 | AJ6: Amort of
F7: Premium | H7: =+M7+R7+W7+AB7+AG7 -> 0.16198778 | I7: =+N7+S7+X7+AC7+AH7 -> 0.17492711 | K7: Premium | M7: 0.07789464 | N7: 0.09094571 | P7: Premium | R7: 0.026467196 | S7: 0.026432027 | U7: Premium | W7: 0.043839916 | X7: 0.043781663 | Z7: Premium | AB7: 0.0018342248 | AC7: 0.0018317875 | AE7: Premium | AG7: 0.0119518 | AH7: 0.011935919 | AJ7: Premium
C8: Principal | D8: Interest | E8: Total | F8: Total | H8: Principal | I8: Interest | J8: Total | K8: Total | M8: Principal | N8: Interest | O8: Total | P8: Total | R8: Principal | S8: Interest | T8: Total | U8: Total | W8: Principal | X8: Interest | Y8: Total | Z8: Total | AB8: Principal | AC8: Interest | AD8: Total | AE8: Total | AG8: Principal | AH8: Interest | AI8: Total | AJ8: Total
A9: 45200 | D9: 660450 | E9: =C9+D9 -> 660450 | F9: =112831-11 -> 112820 | I9: =+N9+S9+X9+AC9+AH9 -> 67846.825 | J9: =H9+I9 -> 67846.825 | K9: =+P9+U9+Z9+AE9+AJ9 -> 11589.793 | N9: =D9*O6 -> 26760.67 | O9: =M9+N9 -> 26760.67 | P9: =O$6*$F9 -> 4571.3359 | S9: =D9*T6 -> 13254.089 | T9: =R9+S9 -> 13254.089 | U9: =T$6*$F9 -> 2264.1022 | X9: =D9*Y6 -> 23113.789 | Y9: =W9+X9 -> 23113.789 | Z9: =Y$6*$F9 -> 3948.365 | AC9: =D9*AD6 -> 46.472069 | AD9: =AB9+AC9 -> 46.472069 | AE9: =AD$6*$F9 -> 7.9384947 | AH9: =D9*AI6 -> 4671.8047 | AI9: =AG9+AH9 -> 4671.8047 | AJ9: =AI$6*$F9 -> 798.05134
A10: 45383 | C10: 1195000 | D10: 660450 | E10: =C10+D10 -> 1855450 | F10: 112831 | H10: =+M10+R10+W10+AB10+AG10 -> 193575.39 | I10: =+N10+S10+X10+AC10+AH10 -> 106984.83 | J10: =H10+I10 -> 300560.22 | K10: =+P10+U10+Z10+AE10+AJ10 -> 18277.243 | M10: =C10*$M$7 -> 93084.095 | N10: =D10*$M$7 -> 51445.515 | O10: =M10+N10 -> 144529.61 | P10: =M$7*$F10 -> 8788.9302 | R10: =C10*$R$7 -> 31628.299 | S10: =D10*$R$7 -> 17480.259 | T10: =R10+S10 -> 49108.558 | U10: =R$7*$F10 -> 2986.3202 | W10: =C10*$W$7 -> 52388.699 | X10: =D10*$W$7 -> 28954.072 | Y10: =W10+X10 -> 81342.772 | Z10: =W$7*$F10 -> 4946.5015 | AB10: =C10*$AB$7 -> 2191.8986 | AC10: =D10*$AB$7 -> 1211.4137 | AD10: =AB10+AC10 -> 3403.3123 | AE10: =AB$7*$F10 -> 206.95741 | AG10: =C10*$AG$7 -> 14282.401 | AH10: =D10*$AG$7 -> 7893.5663 | AI10: =AG10+AH10 -> 22175.967 | AJ10: =AG$7*$F10 -> 1348.5335
A11: 45566 | D11: 630575 | E11: =C11+D11 -> 630575 | F11: 112831 | I11: =+N11+S11+X11+AC11+AH11 -> 110304.66 | J11: =H11+I11 -> 110304.66 | K11: =+P11+U11+Z11+AE11+AJ11 -> 19737.2 | N11: =D11*$N$7 -> 57348.091 | O11: =M11+N11 -> 57348.091 | P11: =N$7*$F11 -> 10261.495 | S11: =D11*$S$7 -> 16667.376 | T11: =R11+S11 -> 16667.376 | U11: =S$7*$F11 -> 2982.3521 | X11: =D11*$X$7 -> 27607.622 | Y11: =W11+X11 -> 27607.622 | Z11: =X$7*$F11 -> 4939.9289 | AC11: =D11*$AC$7 -> 1155.0794 | AD11: =AB11+AC11 -> 1155.0794 | AE11: =AC$7*$F11 -> 206.68242 | AH11: =D11*$AH$7 -> 7526.4921 | AI11: =AG11+AH11 -> 7526.4921 | AJ11: =AH$7*$F11 -> 1346.7417
A12: 45748 | C12: 1255000 | D12: 630575 | E12: =C12+D12 -> 1885575 | F12: 112831 | H12: =+M12+R12+W12+AB12+AG12 -> 219533.52 | I12: =+N12+S12+X12+AC12+AH12 -> 110304.66 | J12: =H12+I12 -> 329838.18 | K12: =+P12+U12+Z12+AE12+AJ12 -> 19737.2 | M12: =C12*$N$7 -> 114136.87 | N12: =D12*$N$7 -> 57348.091 | O12: =M12+N12 -> 171484.96 | P12: =N$7*$F12 -> 10261.495 | R12: =C12*$S$7 -> 33172.194 | S12: =D12*$S$7 -> 16667.376 | T12: =R12+S12 -> 49839.57 | U12: =S$7*$F12 -> 2982.3521 | W12: =C12*$X$7 -> 54945.988 | X12: =D12*$X$7 -> 27607.622 | Y12: =W12+X12 -> 82553.61 | Z12: =X$7*$F12 -> 4939.9289 | AB12: =C12*$AC$7 -> 2298.8933 | AC12: =D12*$AC$7 -> 1155.0794 | AD12: =AB12+AC12 -> 3453.9728 | AE12: =AC$7*$F12 -> 206.68242 | AG12: =C12*$AH$7 -> 14979.578 | AH12: =D12*$AH$7 -> 7526.4921 | AI12: =AG12+AH12 -> 22506.07 | AJ12: =AH$7*$F12 -> 1346.7417
A13: 45931 | D13: 599200 | E13: =C13+D13 -> 599200 | F13: 112831 | I13: =+N13+S13+X13+AC13+AH13 -> 104816.32 | J13: =H13+I13 -> 104816.32 | K13: =+P13+U13+Z13+AE13+AJ13 -> 19737.2 | N13: =D13*$N$7 -> 54494.669 | O13: =M13+N13 -> 54494.669 | P13: =N$7*$F13 -> 10261.495 | S13: =D13*$S$7 -> 15838.071 | T13: =R13+S13 -> 15838.071 | U13: =S$7*$F13 -> 2982.3521 | X13: =D13*$X$7 -> 26233.973 | Y13: =W13+X13 -> 26233.973 | Z13: =X$7*$F13 -> 4939.9289 | AC13: =D13*$AC$7 -> 1097.6071 | AD13: =AB13+AC13 -> 1097.6071 | AE13: =AC$7*$F13 -> 206.68242 | AH13: =D13*$AH$7 -> 7152.0027 | AI13: =AG13+AH13 -> 7152.0027 | AJ13: =AH$7*$F13 -> 1346.7417
A14: 46113 | C14: 1320000 | D14: 599200 | E14: =C14+D14 -> 1919200 | F14: 112831 | H14: =+M14+R14+W14+AB14+AG14 -> 230903.78 | I14: =+N14+S14+X14+AC14+AH14 -> 104816.32 | J14: =H14+I14 -> 335720.1 | K14: =+P14+U14+Z14+AE14+AJ14 -> 19737.2 | M14: =C14*$N$7 -> 120048.34 | N14: =D14*$N$7 -> 54494.669 | O14: =M14+N14 -> 174543.01 | P14: =N$7*$F14 -> 10261.495 | R14: =C14*$S$7 -> 34890.276 | S14: =D14*$S$7 -> 15838.071 | T14: =R14+S14 -> 50728.347 | U14: =S$7*$F14 -> 2982.3521 | W14: =C14*$X$7 -> 57791.796 | X14: =D14*$X$7 -> 26233.973 | Y14: =W14+X14 -> 84025.768 | Z14: =X$7*$F14 -> 4939.9289 | AB14: =C14*$AC$7 -> 2417.9595 | AC14: =D14*$AC$7 -> 1097.6071 | AD14: =AB14+AC14 -> 3515.5666 | AE14: =AC$7*$F14 -> 206.68242 | AG14: =C14*$AH$7 -> 15755.413 | AH14: =D14*$AH$7 -> 7152.0027 | AI14: =AG14+AH14 -> 22907.416 | AJ14: =AH$7*$F14 -> 1346.7417
A15: 46296 | D15: 566200 | E15: =C15+D15 -> 566200 | F15: 112831 | I15: =+N15+S15+X15+AC15+AH15 -> 99043.728 | J15: =H15+I15 -> 99043.728 | K15: =+P15+U15+Z15+AE15+AJ15 -> 19737.2 | N15: =D15*$N$7 -> 51493.461 | O15: =M15+N15 -> 51493.461 | P15: =N$7*$F15 -> 10261.495 | S15: =D15*$S$7 -> 14965.814 | T15: =R15+S15 -> 14965.814 | U15: =S$7*$F15 -> 2982.3521 | X15: =D15*$X$7 -> 24789.178 | Y15: =W15+X15 -> 24789.178 | Z15: =X$7*$F15 -> 4939.9289 | AC15: =D15*$AC$7 -> 1037.1581 | AD15: =AB15+AC15 -> 1037.1581 | AE15: =AC$7*$F15 -> 206.68242 | AH15: =D15*$AH$7 -> 6758.1173 | AI15: =AG15+AH15 -> 6758.1173 | AJ15: =AH$7*$F15 -> 1346.7417
A16: 46478 | C16: 1385000 | D16: 566200 | E16: =C16+D16 -> 1951200 | F16: 112831 | H16: =+M16+R16+W16+AB16+AG16 -> 242274.04 | I16: =+N16+S16+X16+AC16+AH16 -> 99043.728 | J16: =H16+I16 -> 341317.77 | K16: =+P16+U16+Z16+AE16+AJ16 -> 19737.2 | M16: =C16*$N$7 -> 125959.81 | N16: =D16*$N$7 -> 51493.461 | O16: =M16+N16 -> 177453.27 | P16: =N$7*$F16 -> 10261.495 | R16: =C16*$S$7 -> 36608.358 | S16: =D16*$S$7 -> 14965.814 | T16: =R16+S16 -> 51574.172 | U16: =S$7*$F16 -> 2982.3521 | W16: =C16*$X$7 -> 60637.604 | X16: =D16*$X$7 -> 24789.178 | Y16: =W16+X16 -> 85426.782 | Z16: =X$7*$F16 -> 4939.9289 | AB16: =C16*$AC$7 -> 2537.0257 | AC16: =D16*$AC$7 -> 1037.1581 | AD16: =AB16+AC16 -> 3574.1838 | AE16: =AC$7*$F16 -> 206.68242 | AG16: =C16*$AH$7 -> 16531.248 | AH16: =D16*$AH$7 -> 6758.1173 | AI16: =AG16+AH16 -> 23289.365 | AJ16: =AH$7*$F16 -> 1346.7417
A17: 46661 | D17: 531575 | E17: =C17+D17 -> 531575 | F17: 112831 | I17: =+N17+S17+X17+AC17+AH17 -> 92986.877 | J17: =H17+I17 -> 92986.877 | K17: =+P17+U17+Z17+AE17+AJ17 -> 19737.2 | N17: =D17*$N$7 -> 48344.466 | O17: =M17+N17 -> 48344.466 | P17: =N$7*$F17 -> 10261.495 | S17: =D17*$S$7 -> 14050.605 | T17: =R17+S17 -> 14050.605 | U17: =S$7*$F17 -> 2982.3521 | X17: =D17*$X$7 -> 23273.238 | Y17: =W17+X17 -> 23273.238 | Z17: =X$7*$F17 -> 4939.9289 | AC17: =D17*$AC$7 -> 973.73245 | AD17: =AB17+AC17 -> 973.73245 | AE17: =AC$7*$F17 -> 206.68242 | AH17: =D17*$AH$7 -> 6344.8362 | AI17: =AG17+AH17 -> 6344.8362 | AJ17: =AH$7*$F17 -> 1346.7417
A18: 46844 | C18: 1455000 | D18: 531575 | E18: =C18+D18 -> 1986575 | F18: 112831 | H18: =+M18+R18+W18+AB18+AG18 -> 254518.94 | I18: =+N18+S18+X18+AC18+AH18 -> 92986.877 | J18: =H18+I18 -> 347505.82 | K18: =+P18+U18+Z18+AE18+AJ18 -> 19737.2 | M18: =C18*$N$7 -> 132326.01 | N18: =D18*$N$7 -> 48344.466 | O18: =M18+N18 -> 180670.47 | P18: =N$7*$F18 -> 10261.495 | R18: =C18*$S$7 -> 38458.6 | S18: =D18*$S$7 -> 14050.605 | T18: =R18+S18 -> 52509.205 | U18: =S$7*$F18 -> 2982.3521 | W18: =C18*$X$7 -> 63702.32 | X18: =D18*$X$7 -> 23273.238 | Y18: =W18+X18 -> 86975.558 | Z18: =X$7*$F18 -> 4939.9289 | AB18: =C18*$AC$7 -> 2665.2508 | AC18: =D18*$AC$7 -> 973.73245 | AD18: =AB18+AC18 -> 3638.9833 | AE18: =AC$7*$F18 -> 206.68242 | AG18: =C18*$AH$7 -> 17366.762 | AH18: =D18*$AH$7 -> 6344.8362 | AI18: =AG18+AH18 -> 23711.598 | AJ18: =AH$7*$F18 -> 1346.7417
A19: 47027 | D19: 495200 | E19: =C19+D19 -> 495200 | F19: 112831 | I19: =+N19+S19+X19+AC19+AH19 -> 86623.903 | J19: =H19+I19 -> 86623.903 | K19: =+P19+U19+Z19+AE19+AJ19 -> 19737.2 | N19: =D19*$N$7 -> 45036.316 | O19: =M19+N19 -> 45036.316 | P19: =N$7*$F19 -> 10261.495 | S19: =D19*$S$7 -> 13089.14 | T19: =R19+S19 -> 13089.14 | U19: =S$7*$F19 -> 2982.3521 | X19: =D19*$X$7 -> 21680.68 | Y19: =W19+X19 -> 21680.68 | Z19: =X$7*$F19 -> 4939.9289 | AC19: =D19*$AC$7 -> 907.10118 | AD19: =AB19+AC19 -> 907.10118 | AE19: =AC$7*$F19 -> 206.68242 | AH19: =D19*$AH$7 -> 5910.6671 | AI19: =AG19+AH19 -> 5910.6671 | AJ19: =AH$7*$F19 -> 1346.7417
A20: 47209 | C20: 1525000 | D20: 495200 | E20: =C20+D20 -> 2020200 | F20: 112831 | H20: =+M20+R20+W20+AB20+AG20 -> 266763.84 | I20: =+N20+S20+X20+AC20+AH20 -> 86623.903 | J20: =H20+I20 -> 353387.74 | K20: =+P20+U20+Z20+AE20+AJ20 -> 19737.2 | M20: =C20*$N$7 -> 138692.21 | N20: =D20*$N$7 -> 45036.316 | O20: =M20+N20 -> 183728.52 | P20: =N$7*$F20 -> 10261.495 | R20: =C20*$S$7 -> 40308.842 | S20: =D20*$S$7 -> 13089.14 | T20: =R20+S20 -> 53397.982 | U20: =S$7*$F20 -> 2982.3521 | W20: =C20*$X$7 -> 66767.037 | X20: =D20*$X$7 -> 21680.68 | Y20: =W20+X20 -> 88447.716 | Z20: =X$7*$F20 -> 4939.9289 | AB20: =C20*$AC$7 -> 2793.476 | AC20: =D20*$AC$7 -> 907.10118 | AD20: =AB20+AC20 -> 3700.5771 | AE20: =AC$7*$F20 -> 206.68242 | AG20: =C20*$AH$7 -> 18202.276 | AH20: =D20*$AH$7 -> 5910.6671 | AI20: =AG20+AH20 -> 24112.944 | AJ20: =AH$7*$F20 -> 1346.7417
A21: 47392 | D21: 457075 | E21: =C21+D21 -> 457075 | F21: 112831 | I21: =+N21+S21+X21+AC21+AH21 -> 79954.807 | J21: =H21+I21 -> 79954.807 | K21: =+P21+U21+Z21+AE21+AJ21 -> 19737.2 | N21: =D21*$N$7 -> 41569.01 | O21: =M21+N21 -> 41569.01 | P21: =N$7*$F21 -> 10261.495 | S21: =D21*$S$7 -> 12081.419 | T21: =R21+S21 -> 12081.419 | U21: =S$7*$F21 -> 2982.3521 | X21: =D21*$X$7 -> 20011.504 | Y21: =W21+X21 -> 20011.504 | Z21: =X$7*$F21 -> 4939.9289 | AC21: =D21*$AC$7 -> 837.26428 | AD21: =AB21+AC21 -> 837.26428 | AE21: =AC$7*$F21 -> 206.68242 | AH21: =D21*$AH$7 -> 5455.6102 | AI21: =AG21+AH21 -> 5455.6102 | AJ21: =AH$7*$F21 -> 1346.7417
A22: 11049 | C22: 1600000 | D22: 457075 | E22: =C22+D22 -> 2057075 | F22: 112831 | H22: =+M22+R22+W22+AB22+AG22 -> 279883.37 | I22: =+N22+S22+X22+AC22+AH22 -> 79954.807 | J22: =H22+I22 -> 359838.18 | K22: =+P22+U22+Z22+AE22+AJ22 -> 19737.2 | M22: =C22*$N$7 -> 145513.14 | N22: =D22*$N$7 -> 41569.01 | O22: =M22+N22 -> 187082.15 | P22: =N$7*$F22 -> 10261.495 | R22: =C22*$S$7 -> 42291.244 | S22: =D22*$S$7 -> 12081.419 | T22: =R22+S22 -> 54372.663 | U22: =S$7*$F22 -> 2982.3521 | W22: =C22*$X$7 -> 70050.661 | X22: =D22*$X$7 -> 20011.504 | Y22: =W22+X22 -> 90062.165 | Z22: =X$7*$F22 -> 4939.9289 | AB22: =C22*$AC$7 -> 2930.86 | AC22: =D22*$AC$7 -> 837.26428 | AD22: =AB22+AC22 -> 3768.1243 | AE22: =AC$7*$F22 -> 206.68242 | AG22: =C22*$AH$7 -> 19097.47 | AH22: =D22*$AH$7 -> 5455.6102 | AI22: =AG22+AH22 -> 24553.081 | AJ22: =AH$7*$F22 -> 1346.7417
A23: 11232 | D23: 417075 | E23: =C23+D23 -> 417075 | F23: 112831 | I23: =+N23+S23+X23+AC23+AH23 -> 72957.723 | J23: =H23+I23 -> 72957.723 | K23: =+P23+U23+Z23+AE23+AJ23 -> 19737.2 | N23: =D23*$N$7 -> 37931.182 | O23: =M23+N23 -> 37931.182 | P23: =N$7*$F23 -> 10261.495 | S23: =D23*$S$7 -> 11024.138 | T23: =R23+S23 -> 11024.138 | U23: =S$7*$F23 -> 2982.3521 | X23: =D23*$X$7 -> 18260.237 | Y23: =W23+X23 -> 18260.237 | Z23: =X$7*$F23 -> 4939.9289 | AC23: =D23*$AC$7 -> 763.99278 | AD23: =AB23+AC23 -> 763.99278 | AE23: =AC$7*$F23 -> 206.68242 | AH23: =D23*$AH$7 -> 4978.1734 | AI23: =AG23+AH23 -> 4978.1734 | AJ23: =AH$7*$F23 -> 1346.7417
A24: 11414 | C24: 1680000 | D24: 417075 | E24: =C24+D24 -> 2097075 | F24: 112831 | H24: =+M24+R24+W24+AB24+AG24 -> 293877.54 | I24: =+N24+S24+X24+AC24+AH24 -> 72957.723 | J24: =H24+I24 -> 366835.26 | K24: =+P24+U24+Z24+AE24+AJ24 -> 19737.2 | M24: =C24*$N$7 -> 152788.79 | N24: =D24*$N$7 -> 37931.182 | O24: =M24+N24 -> 190719.97 | P24: =N$7*$F24 -> 10261.495 | R24: =C24*$S$7 -> 44405.806 | S24: =D24*$S$7 -> 11024.138 | T24: =R24+S24 -> 55429.944 | U24: =S$7*$F24 -> 2982.3521 | W24: =C24*$X$7 -> 73553.194 | X24: =D24*$X$7 -> 18260.237 | Y24: =W24+X24 -> 91813.432 | Z24: =X$7*$F24 -> 4939.9289 | AB24: =C24*$AC$7 -> 3077.403 | AC24: =D24*$AC$7 -> 763.99278 | AD24: =AB24+AC24 -> 3841.3958 | AE24: =AC$7*$F24 -> 206.68242 | AG24: =C24*$AH$7 -> 20052.344 | AH24: =D24*$AH$7 -> 4978.1734 | AI24: =AG24+AH24 -> 25030.517 | AJ24: =AH$7*$F24 -> 1346.7417
A25: 11597 | D25: 375075 | E25: =C25+D25 -> 375075 | F25: 112831 | I25: =+N25+S25+X25+AC25+AH25 -> 65610.785 | J25: =H25+I25 -> 65610.785 | K25: =+P25+U25+Z25+AE25+AJ25 -> 19737.2 | N25: =D25*$N$7 -> 34111.462 | O25: =M25+N25 -> 34111.462 | P25: =N$7*$F25 -> 10261.495 | S25: =D25*$S$7 -> 9913.9927 | T25: =R25+S25 -> 9913.9927 | U25: =S$7*$F25 -> 2982.3521 | X25: =D25*$X$7 -> 16421.407 | Y25: =W25+X25 -> 16421.407 | Z25: =X$7*$F25 -> 4939.9289 | AC25: =D25*$AC$7 -> 687.0577 | AD25: =AB25+AC25 -> 687.0577 | AE25: =AC$7*$F25 -> 206.68242 | AH25: =D25*$AH$7 -> 4476.8648 | AI25: =AG25+AH25 -> 4476.8648 | AJ25: =AH$7*$F25 -> 1346.7417
A26: 11780 | C26: 1765000 | D26: 375075 | E26: =C26+D26 -> 2140075 | F26: 112831 | H26: =+M26+R26+W26+AB26+AG26 -> 308746.34 | I26: =+N26+S26+X26+AC26+AH26 -> 65610.785 | J26: =H26+I26 -> 374357.13 | K26: =+P26+U26+Z26+AE26+AJ26 -> 19737.2 | M26: =C26*$N$7 -> 160519.18 | N26: =D26*$N$7 -> 34111.462 | O26: =M26+N26 -> 194630.64 | P26: =N$7*$F26 -> 10261.495 | R26: =C26*$S$7 -> 46652.528 | S26: =D26*$S$7 -> 9913.9927 | T26: =R26+S26 -> 56566.521 | U26: =S$7*$F26 -> 2982.3521 | W26: =C26*$X$7 -> 77274.636 | X26: =D26*$X$7 -> 16421.407 | Y26: =W26+X26 -> 93696.043 | Z26: =X$7*$F26 -> 4939.9289 | AB26: =C26*$AC$7 -> 3233.105 | AC26: =D26*$AC$7 -> 687.0577 | AD26: =AB26+AC26 -> 3920.1627 | AE26: =AC$7*$F26 -> 206.68242 | AG26: =C26*$AH$7 -> 21066.897 | AH26: =D26*$AH$7 -> 4476.8648 | AI26: =AG26+AH26 -> 25543.762 | AJ26: =AH$7*$F26 -> 1346.7417
A27: 11963 | D27: 330950 | E27: =C27+D27 -> 330950 | F27: 112831 | I27: =+N27+S27+X27+AC27+AH27 -> 57892.126 | J27: =H27+I27 -> 57892.126 | K27: =+P27+U27+Z27+AE27+AJ27 -> 19737.2 | N27: =D27*$N$7 -> 30098.483 | O27: =M27+N27 -> 30098.483 | P27: =N$7*$F27 -> 10261.495 | S27: =D27*$S$7 -> 8747.6795 | T27: =R27+S27 -> 8747.6795 | U27: =S$7*$F27 -> 2982.3521 | X27: =D27*$X$7 -> 14489.541 | Y27: =W27+X27 -> 14489.541 | Z27: =X$7*$F27 -> 4939.9289 | AC27: =D27*$AC$7 -> 606.23008 | AD27: =AB27+AC27 -> 606.23008 | AE27: =AC$7*$F27 -> 206.68242 | AH27: =D27*$AH$7 -> 3950.1924 | AI27: =AG27+AH27 -> 3950.1924 | AJ27: =AH$7*$F27 -> 1346.7417
A28: 12145 | C28: 1855000 | D28: 330950 | E28: =C28+D28 -> 2185950 | F28: 112831 | H28: =+M28+R28+W28+AB28+AG28 -> 324489.78 | I28: =+N28+S28+X28+AC28+AH28 -> 57892.126 | J28: =H28+I28 -> 382381.91 | K28: =+P28+U28+Z28+AE28+AJ28 -> 19737.2 | M28: =C28*$N$7 -> 168704.29 | N28: =D28*$N$7 -> 30098.483 | O28: =M28+N28 -> 198802.77 | P28: =N$7*$F28 -> 10261.495 | R28: =C28*$S$7 -> 49031.411 | S28: =D28*$S$7 -> 8747.6795 | T28: =R28+S28 -> 57779.09 | U28: =S$7*$F28 -> 2982.3521 | W28: =C28*$X$7 -> 81214.986 | X28: =D28*$X$7 -> 14489.541 | Y28: =W28+X28 -> 95704.527 | Z28: =X$7*$F28 -> 4939.9289 | AB28: =C28*$AC$7 -> 3397.9658 | AC28: =D28*$AC$7 -> 606.23008 | AD28: =AB28+AC28 -> 4004.1959 | AE28: =AC$7*$F28 -> 206.68242 | AG28: =C28*$AH$7 -> 22141.13 | AH28: =D28*$AH$7 -> 3950.1924 | AI28: =AG28+AH28 -> 26091.322 | AJ28: =AH$7*$F28 -> 1346.7417
A29: 12328 | D29: 293850 | E29: =C29+D29 -> 293850 | F29: 112831 | I29: =+N29+S29+X29+AC29+AH29 -> 51402.33 | J29: =H29+I29 -> 51402.33 | K29: =+P29+U29+Z29+AE29+AJ29 -> 19737.2 | N29: =D29*$N$7 -> 26724.397 | O29: =M29+N29 -> 26724.397 | P29: =N$7*$F29 -> 10261.495 | S29: =D29*$S$7 -> 7767.0513 | T29: =R29+S29 -> 7767.0513 | U29: =S$7*$F29 -> 2982.3521 | X29: =D29*$X$7 -> 12865.242 | Y29: =W29+X29 -> 12865.242 | Z29: =X$7*$F29 -> 4939.9289 | AC29: =D29*$AC$7 -> 538.27076 | AD29: =AB29+AC29 -> 538.27076 | AE29: =AC$7*$F29 -> 206.68242 | AH29: =D29*$AH$7 -> 3507.3698 | AI29: =AG29+AH29 -> 3507.3698 | AJ29: =AH$7*$F29 -> 1346.7417
A30: 12510 | C30: 1930000 | D30: 293850 | E30: =C30+D30 -> 2223850 | F30: 112831 | H30: =+M30+R30+W30+AB30+AG30 -> 337609.32 | I30: =+N30+S30+X30+AC30+AH30 -> 51402.33 | J30: =H30+I30 -> 389011.65 | K30: =+P30+U30+Z30+AE30+AJ30 -> 19737.2 | M30: =C30*$N$7 -> 175525.22 | N30: =D30*$N$7 -> 26724.397 | O30: =M30+N30 -> 202249.62 | P30: =N$7*$F30 -> 10261.495 | R30: =C30*$S$7 -> 51013.813 | S30: =D30*$S$7 -> 7767.0513 | T30: =R30+S30 -> 58780.864 | U30: =S$7*$F30 -> 2982.3521 | W30: =C30*$X$7 -> 84498.61 | X30: =D30*$X$7 -> 12865.242 | Y30: =W30+X30 -> 97363.852 | Z30: =X$7*$F30 -> 4939.9289 | AB30: =C30*$AC$7 -> 3535.3499 | AC30: =D30*$AC$7 -> 538.27076 | AD30: =AB30+AC30 -> 4073.6207 | AE30: =AC$7*$F30 -> 206.68242 | AG30: =C30*$AH$7 -> 23036.324 | AH30: =D30*$AH$7 -> 3507.3698 | AI30: =AG30+AH30 -> 26543.694 | AJ30: =AH$7*$F30 -> 1346.7417
A31: 12693 | D31: 264900 | E31: =C31+D31 -> 264900 | F31: 112831 | I31: =+N31+S31+X31+AC31+AH31 -> 46338.191 | J31: =H31+I31 -> 46338.191 | K31: =+P31+U31+Z31+AE31+AJ31 -> 19737.2 | N31: =D31*$N$7 -> 24091.519 | O31: =M31+N31 -> 24091.519 | P31: =N$7*$F31 -> 10261.495 | S31: =D31*$S$7 -> 7001.8441 | T31: =R31+S31 -> 7001.8441 | U31: =S$7*$F31 -> 2982.3521 | X31: =D31*$X$7 -> 11597.763 | Y31: =W31+X31 -> 11597.763 | Z31: =X$7*$F31 -> 4939.9289 | AC31: =D31*$AC$7 -> 485.24051 | AD31: =AB31+AC31 -> 485.24051 | AE31: =AC$7*$F31 -> 206.68242 | AH31: =D31*$AH$7 -> 3161.8249 | AI31: =AG31+AH31 -> 3161.8249 | AJ31: =AH$7*$F31 -> 1346.7417
A32: 12875 | C32: 1985000 | D32: 264900 | E32: =C32+D32 -> 2249900 | F32: 112831 | H32: =+M32+R32+W32+AB32+AG32 -> 347230.31 | I32: =+N32+S32+X32+AC32+AH32 -> 46338.191 | J32: =H32+I32 -> 393568.5 | K32: =+P32+U32+Z32+AE32+AJ32 -> 19737.2 | M32: =C32*$N$7 -> 180527.23 | N32: =D32*$N$7 -> 24091.519 | O32: =M32+N32 -> 204618.75 | P32: =N$7*$F32 -> 10261.495 | R32: =C32*$S$7 -> 52467.574 | S32: =D32*$S$7 -> 7001.8441 | T32: =R32+S32 -> 59469.418 | U32: =S$7*$F32 -> 2982.3521 | W32: =C32*$X$7 -> 86906.602 | X32: =D32*$X$7 -> 11597.763 | Y32: =W32+X32 -> 98504.364 | Z32: =X$7*$F32 -> 4939.9289 | AB32: =C32*$AC$7 -> 3636.0982 | AC32: =D32*$AC$7 -> 485.24051 | AD32: =AB32+AC32 -> 4121.3387 | AE32: =AC$7*$F32 -> 206.68242 | AG32: =C32*$AH$7 -> 23692.799 | AH32: =D32*$AH$7 -> 3161.8249 | AI32: =AG32+AH32 -> 26854.624 | AJ32: =AH$7*$F32 -> 1346.7417
A33: 13058 | D33: 235125 | E33: =C33+D33 -> 235125 | F33: 112831 | I33: =+N33+S33+X33+AC33+AH33 -> 41129.736 | J33: =H33+I33 -> 41129.736 | K33: =+P33+U33+Z33+AE33+AJ33 -> 19737.2 | N33: =D33*$N$7 -> 21383.61 | O33: =M33+N33 -> 21383.61 | P33: =N$7*$F33 -> 10261.495 | S33: =D33*$S$7 -> 6214.8304 | T33: =R33+S33 -> 6214.8304 | U33: =S$7*$F33 -> 2982.3521 | X33: =D33*$X$7 -> 10294.164 | Y33: =W33+X33 -> 10294.164 | Z33: =X$7*$F33 -> 4939.9289 | AC33: =D33*$AC$7 -> 430.69904 | AD33: =AB33+AC33 -> 430.69904 | AE33: =AC$7*$F33 -> 206.68242 | AH33: =D33*$AH$7 -> 2806.433 | AI33: =AG33+AH33 -> 2806.433 | AJ33: =AH$7*$F33 -> 1346.7417
A34: 13241 | C34: 2045000 | D34: 235125 | E34: =C34+D34 -> 2280125 | F34: 112831 | H34: =+M34+R34+W34+AB34+AG34 -> 357725.93 | I34: =+N34+S34+X34+AC34+AH34 -> 41129.736 | J34: =H34+I34 -> 398855.67 | K34: =+P34+U34+Z34+AE34+AJ34 -> 19737.2 | M34: =C34*$N$7 -> 185983.98 | N34: =D34*$N$7 -> 21383.61 | O34: =M34+N34 -> 207367.59 | P34: =N$7*$F34 -> 10261.495 | R34: =C34*$S$7 -> 54053.496 | S34: =D34*$S$7 -> 6214.8304 | T34: =R34+S34 -> 60268.326 | U34: =S$7*$F34 -> 2982.3521 | W34: =C34*$X$7 -> 89533.502 | X34: =D34*$X$7 -> 10294.164 | Y34: =W34+X34 -> 99827.665 | Z34: =X$7*$F34 -> 4939.9289 | AB34: =C34*$AC$7 -> 3746.0055 | AC34: =D34*$AC$7 -> 430.69904 | AD34: =AB34+AC34 -> 4176.7045 | AE34: =AC$7*$F34 -> 206.68242 | AG34: =C34*$AH$7 -> 24408.954 | AH34: =D34*$AH$7 -> 2806.433 | AI34: =AG34+AH34 -> 27215.387 | AJ34: =AH$7*$F34 -> 1346.7417
A35: 13424 | D35: 204450 | E35: =C35+D35 -> 204450 | F35: 112831 | I35: =+N35+S35+X35+AC35+AH35 -> 35763.847 | J35: =H35+I35 -> 35763.847 | K35: =+P35+U35+Z35+AE35+AJ35 -> 19737.2 | N35: =D35*$N$7 -> 18593.85 | O35: =M35+N35 -> 18593.85 | P35: =N$7*$F35 -> 10261.495 | S35: =D35*$S$7 -> 5404.028 | T35: =R35+S35 -> 5404.028 | U35: =S$7*$F35 -> 2982.3521 | X35: =D35*$X$7 -> 8951.1611 | Y35: =W35+X35 -> 8951.1611 | Z35: =X$7*$F35 -> 4939.9289 | AC35: =D35*$AC$7 -> 374.50896 | AD35: =AB35+AC35 -> 374.50896 | AE35: =AC$7*$F35 -> 206.68242 | AH35: =D35*$AH$7 -> 2440.2986 | AI35: =AG35+AH35 -> 2440.2986 | AJ35: =AH$7*$F35 -> 1346.7417
A36: 13606 | C36: 2105000 | D36: 204450 | E36: =C36+D36 -> 2309450 | F36: 112831 | H36: =+M36+R36+W36+AB36+AG36 -> 368221.56 | I36: =+N36+S36+X36+AC36+AH36 -> 35763.847 | J36: =H36+I36 -> 403985.41 | K36: =+P36+U36+Z36+AE36+AJ36 -> 19737.2 | M36: =C36*$N$7 -> 191440.72 | N36: =D36*$N$7 -> 18593.85 | O36: =M36+N36 -> 210034.57 | P36: =N$7*$F36 -> 10261.495 | R36: =C36*$S$7 -> 55639.418 | S36: =D36*$S$7 -> 5404.028 | T36: =R36+S36 -> 61043.446 | U36: =S$7*$F36 -> 2982.3521 | W36: =C36*$X$7 -> 92160.401 | X36: =D36*$X$7 -> 8951.1611 | Y36: =W36+X36 -> 101111.56 | Z36: =X$7*$F36 -> 4939.9289 | AB36: =C36*$AC$7 -> 3855.9127 | AC36: =D36*$AC$7 -> 374.50896 | AD36: =AB36+AC36 -> 4230.4217 | AE36: =AC$7*$F36 -> 206.68242 | AG36: =C36*$AH$7 -> 25125.11 | AH36: =D36*$AH$7 -> 2440.2986 | AI36: =AG36+AH36 -> 27565.408 | AJ36: =AH$7*$F36 -> 1346.7417
A37: 13789 | D37: 172875 | E37: =C37+D37 -> 172875 | F37: 112831 | I37: =+N37+S37+X37+AC37+AH37 -> 30240.524 | J37: =H37+I37 -> 30240.524 | K37: =+P37+U37+Z37+AE37+AJ37 -> 19737.2 | N37: =D37*$N$7 -> 15722.24 | O37: =M37+N37 -> 15722.24 | P37: =N$7*$F37 -> 10261.495 | S37: =D37*$S$7 -> 4569.4367 | T37: =R37+S37 -> 4569.4367 | U37: =S$7*$F37 -> 2982.3521 | X37: =D37*$X$7 -> 7568.7551 | Y37: =W37+X37 -> 7568.7551 | Z37: =X$7*$F37 -> 4939.9289 | AC37: =D37*$AC$7 -> 316.67027 | AD37: =AB37+AC37 -> 316.67027 | AE37: =AC$7*$F37 -> 206.68242 | AH37: =D37*$AH$7 -> 2063.422 | AI37: =AG37+AH37 -> 2063.422 | AJ37: =AH$7*$F37 -> 1346.7417
A38: 13971 | C38: 2170000 | D38: 172875 | E38: =C38+D38 -> 2342875 | F38: 112831 | H38: =+M38+R38+W38+AB38+AG38 -> 379591.82 | I38: =+N38+S38+X38+AC38+AH38 -> 30240.524 | J38: =H38+I38 -> 409832.35 | K38: =+P38+U38+Z38+AE38+AJ38 -> 19737.2 | M38: =C38*$N$7 -> 197352.19 | N38: =D38*$N$7 -> 15722.24 | O38: =M38+N38 -> 213074.43 | P38: =N$7*$F38 -> 10261.495 | R38: =C38*$S$7 -> 57357.499 | S38: =D38*$S$7 -> 4569.4367 | T38: =R38+S38 -> 61926.936 | U38: =S$7*$F38 -> 2982.3521 | W38: =C38*$X$7 -> 95006.209 | X38: =D38*$X$7 -> 7568.7551 | Y38: =W38+X38 -> 102574.96 | Z38: =X$7*$F38 -> 4939.9289 | AB38: =C38*$AC$7 -> 3974.9789 | AC38: =D38*$AC$7 -> 316.67027 | AD38: =AB38+AC38 -> 4291.6492 | AE38: =AC$7*$F38 -> 206.68242 | AG38: =C38*$AH$7 -> 25900.944 | AH38: =D38*$AH$7 -> 2063.422 | AI38: =AG38+AH38 -> 27964.366 | AJ38: =AH$7*$F38 -> 1346.7417
A39: 14154 | D39: 140325 | E39: =C39+D39 -> 140325 | F39: 112831 | I39: =+N39+S39+X39+AC39+AH39 -> 24546.646 | J39: =H39+I39 -> 24546.646 | K39: =+P39+U39+Z39+AE39+AJ39 -> 19737.2 | N39: =D39*$N$7 -> 12761.957 | O39: =M39+N39 -> 12761.957 | P39: =N$7*$F39 -> 10261.495 | S39: =D39*$S$7 -> 3709.0742 | T39: =R39+S39 -> 3709.0742 | U39: =S$7*$F39 -> 2982.3521 | X39: =D39*$X$7 -> 6143.6619 | Y39: =W39+X39 -> 6143.6619 | Z39: =X$7*$F39 -> 4939.9289 | AC39: =D39*$AC$7 -> 257.04558 | AD39: =AB39+AC39 -> 257.04558 | AE39: =AC$7*$F39 -> 206.68242 | AH39: =D39*$AH$7 -> 1674.9078 | AI39: =AG39+AH39 -> 1674.9078 | AJ39: =AH$7*$F39 -> 1346.7417
A40: 14336 | C40: 2235000 | D40: 140325 | E40: =C40+D40 -> 2375325 | F40: 112831 | H40: =+M40+R40+W40+AB40+AG40 -> 390962.08 | I40: =+N40+S40+X40+AC40+AH40 -> 24546.646 | J40: =H40+I40 -> 415508.73 | K40: =+P40+U40+Z40+AE40+AJ40 -> 19737.2 | M40: =C40*$N$7 -> 203263.66 | N40: =D40*$N$7 -> 12761.957 | O40: =M40+N40 -> 216025.62 | P40: =N$7*$F40 -> 10261.495 | R40: =C40*$S$7 -> 59075.581 | S40: =D40*$S$7 -> 3709.0742 | T40: =R40+S40 -> 62784.655 | U40: =S$7*$F40 -> 2982.3521 | W40: =C40*$X$7 -> 97852.018 | X40: =D40*$X$7 -> 6143.6619 | Y40: =W40+X40 -> 103995.68 | Z40: =X$7*$F40 -> 4939.9289 | AB40: =C40*$AC$7 -> 4094.0451 | AC40: =D40*$AC$7 -> 257.04558 | AD40: =AB40+AC40 -> 4351.0907 | AE40: =AC$7*$F40 -> 206.68242 | AG40: =C40*$AH$7 -> 26676.779 | AH40: =D40*$AH$7 -> 1674.9078 | AI40: =AG40+AH40 -> 28351.687 | AJ40: =AH$7*$F40 -> 1346.7417
A41: 14519 | D41: 106800 | E41: =C41+D41 -> 106800 | F41: 112831 | I41: =+N41+S41+X41+AC41+AH41 -> 18682.215 | J41: =H41+I41 -> 18682.215 | K41: =+P41+U41+Z41+AE41+AJ41 -> 19737.2 | N41: =D41*$N$7 -> 9713.0018 | O41: =M41+N41 -> 9713.0018 | P41: =N$7*$F41 -> 10261.495 | S41: =D41*$S$7 -> 2822.9405 | T41: =R41+S41 -> 2822.9405 | U41: =S$7*$F41 -> 2982.3521 | X41: =D41*$X$7 -> 4675.8816 | Y41: =W41+X41 -> 4675.8816 | Z41: =X$7*$F41 -> 4939.9289 | AC41: =D41*$AC$7 -> 195.63491 | AD41: =AB41+AC41 -> 195.63491 | AE41: =AC$7*$F41 -> 206.68242 | AH41: =D41*$AH$7 -> 1274.7562 | AI41: =AG41+AH41 -> 1274.7562 | AJ41: =AH$7*$F41 -> 1346.7417
A42: 14702 | C42: 2305000 | D42: 106800 | E42: =C42+D42 -> 2411800 | F42: 112831 | H42: =+M42+R42+W42+AB42+AG42 -> 403206.98 | I42: =+N42+S42+X42+AC42+AH42 -> 18682.215 | J42: =H42+I42 -> 421889.2 | K42: =+P42+U42+Z42+AE42+AJ42 -> 19737.2 | M42: =C42*$N$7 -> 209629.86 | N42: =D42*$N$7 -> 9713.0018 | O42: =M42+N42 -> 219342.86 | P42: =N$7*$F42 -> 10261.495 | R42: =C42*$S$7 -> 60925.823 | S42: =D42*$S$7 -> 2822.9405 | T42: =R42+S42 -> 63748.764 | U42: =S$7*$F42 -> 2982.3521 | W42: =C42*$X$7 -> 100916.73 | X42: =D42*$X$7 -> 4675.8816 | Y42: =W42+X42 -> 105592.62 | Z42: =X$7*$F42 -> 4939.9289 | AB42: =C42*$AC$7 -> 4222.2702 | AC42: =D42*$AC$7 -> 195.63491 | AD42: =AB42+AC42 -> 4417.9051 | AE42: =AC$7*$F42 -> 206.68242 | AG42: =C42*$AH$7 -> 27512.293 | AH42: =D42*$AH$7 -> 1274.7562 | AI42: =AG42+AH42 -> 28787.049 | AJ42: =AH$7*$F42 -> 1346.7417
A43: 14885 | D43: 72225 | E43: =C43+D43 -> 72225 | F43: 112831 | I43: =+N43+S43+X43+AC43+AH43 -> 12634.11 | J43: =H43+I43 -> 12634.11 | K43: =+P43+U43+Z43+AE43+AJ43 -> 19737.2 | N43: =D43*$N$7 -> 6568.5539 | O43: =M43+N43 -> 6568.5539 | P43: =N$7*$F43 -> 10261.495 | S43: =D43*$S$7 -> 1909.0532 | T43: =R43+S43 -> 1909.0532 | U43: =S$7*$F43 -> 2982.3521 | X43: =D43*$X$7 -> 3162.1306 | Y43: =W43+X43 -> 3162.1306 | Z43: =X$7*$F43 -> 4939.9289 | AC43: =D43*$AC$7 -> 132.30085 | AD43: =AB43+AC43 -> 132.30085 | AE43: =AC$7*$F43 -> 206.68242 | AH43: =D43*$AH$7 -> 862.07175 | AI43: =AG43+AH43 -> 862.07175 | AJ43: =AH$7*$F43 -> 1346.7417
A44: 15067 | C44: 2370000 | D44: 72225 | E44: =C44+D44 -> 2442225 | F44: 112831 | H44: =+M44+R44+W44+AB44+AG44 -> 414577.24 | I44: =+N44+S44+X44+AC44+AH44 -> 12634.11 | J44: =H44+I44 -> 427211.35 | K44: =+P44+U44+Z44+AE44+AJ44 -> 19737.2 | M44: =C44*$N$7 -> 215541.33 | N44: =D44*$N$7 -> 6568.5539 | O44: =M44+N44 -> 222109.89 | P44: =N$7*$F44 -> 10261.495 | R44: =C44*$S$7 -> 62643.905 | S44: =D44*$S$7 -> 1909.0532 | T44: =R44+S44 -> 64552.958 | U44: =S$7*$F44 -> 2982.3521 | W44: =C44*$X$7 -> 103762.54 | X44: =D44*$X$7 -> 3162.1306 | Y44: =W44+X44 -> 106924.67 | Z44: =X$7*$F44 -> 4939.9289 | AB44: =C44*$AC$7 -> 4341.3364 | AC44: =D44*$AC$7 -> 132.30085 | AD44: =AB44+AC44 -> 4473.6373 | AE44: =AC$7*$F44 -> 206.68242 | AG44: =C44*$AH$7 -> 28288.128 | AH44: =D44*$AH$7 -> 862.07175 | AI44: =AG44+AH44 -> 29150.2 | AJ44: =AH$7*$F44 -> 1346.7417
A45: 15250 | D45: 36675 | E45: =C45+D45 -> 36675 | F45: 112831 | I45: =+N45+S45+X45+AC45+AH45 -> 6415.4517 | J45: =H45+I45 -> 6415.4517 | K45: =+P45+U45+Z45+AE45+AJ45 -> 19737.2 | N45: =D45*$N$7 -> 3335.4339 | O45: =M45+N45 -> 3335.4339 | P45: =N$7*$F45 -> 10261.495 | S45: =D45*$S$7 -> 969.3946 | T45: =R45+S45 -> 969.3946 | U45: =S$7*$F45 -> 2982.3521 | X45: =D45*$X$7 -> 1605.6925 | Y45: =W45+X45 -> 1605.6925 | Z45: =X$7*$F45 -> 4939.9289 | AC45: =D45*$AC$7 -> 67.180807 | AD45: =AB45+AC45 -> 67.180807 | AE45: =AC$7*$F45 -> 206.68242 | AH45: =D45*$AH$7 -> 437.74983 | AI45: =AG45+AH45 -> 437.74983 | AJ45: =AH$7*$F45 -> 1346.7417
A46: 15432 | C46: 2445000 | D46: 36675 | E46: =C46+D46 -> 2481675 | F46: 112831 | H46: =+M46+R46+W46+AB46+AG46 -> 427696.78 | I46: =+N46+S46+X46+AC46+AH46 -> 6415.4517 | J46: =H46+I46 -> 434112.23 | K46: =+P46+U46+Z46+AE46+AJ46 -> 19737.2 | M46: =C46*$N$7 -> 222362.26 | N46: =D46*$N$7 -> 3335.4339 | O46: =M46+N46 -> 225697.69 | P46: =N$7*$F46 -> 10261.495 | R46: =C46*$S$7 -> 64626.307 | S46: =D46*$S$7 -> 969.3946 | T46: =R46+S46 -> 65595.702 | U46: =S$7*$F46 -> 2982.3521 | W46: =C46*$X$7 -> 107046.17 | X46: =D46*$X$7 -> 1605.6925 | Y46: =W46+X46 -> 108651.86 | Z46: =X$7*$F46 -> 4939.9289 | AB46: =C46*$AC$7 -> 4478.7205 | AC46: =D46*$AC$7 -> 67.180807 | AD46: =AB46+AC46 -> 4545.9013 | AE46: =AC$7*$F46 -> 206.68242 | AG46: =C46*$AH$7 -> 29183.322 | AH46: =D46*$AH$7 -> 437.74983 | AI46: =AG46+AH46 -> 29621.072 | AJ46: =AH$7*$F46 -> 1346.7417
C48: =SUM(C9:C47) -> 34625000 | D48: =SUM(D9:D47) -> 13181200 | E48: =SUM(E9:E47) -> 47806200 | F48: =SUM(F9:F47) -> 4287567 | H48: =SUM(H9:H47) -> 6041388.6 | I48: =SUM(I9:I47) -> 2249519.6 | J48: =SUM(J9:J47) -> 8290908.2 | K48: =SUM(K9:K47) -> 740406.25 | M48: =SUM(M9:M47) -> 3133399.2 | N48: =SUM(N9:N47) -> 1156849.6 | O48: =SUM(O9:O47) -> 4290248.8 | P48: =SUM(P9:P47) -> 382774.1 | R48: =SUM(R9:R47) -> 915250.97 | S48: =SUM(S9:S47) -> 344226.12 | T48: =SUM(T9:T47) -> 1259477.1 | U48: =SUM(U9:U47) -> 112615.1 | W48: =SUM(W9:W47) -> 1516009.7 | X48: =SUM(X9:X47) -> 571331.52 | Y48: =SUM(Y9:Y47) -> 2087341.2 | Z48: =SUM(Z9:Z47) -> 186732.31 | AB48: =SUM(AB9:AB47) -> 63428.555 | AC48: =SUM(AC9:AC47) -> 22983.435 | AD48: =SUM(AD9:AD47) -> 86411.991 | AE48: =SUM(AE9:AE47) -> 7655.4629 | AG48: =SUM(AG9:AG47) -> 413300.17 | AH48: =SUM(AH9:AH47) -> 154128.95 | AI48: =SUM(AI9:AI47) -> 567429.12 | AJ48: =SUM(AJ9:AJ47) -> 50629.285

Sheet 20-Year Fac Renewal Acad
H1: University System of Maryland | W1: University System of Maryland | AL1: University System of Maryland | BA1: University System of Maryland | BQ1: University System of Maryland
H2: Distribution of Debt Services | W2: Distribution of Debt Services | AL2: Distribution of Debt Services | BA2: Distribution of Debt Services | BQ2: Distribution of Debt Services
H3: 2022 Series A Bond Funded Projects | W3: 2022 Series A Bond Funded Projects | AL3: 2022 Series A Bond Funded Projects | BA3: 2022 Series A Bond Funded Projects | BQ3: 2022 Series A Bond Funded Projects
A5: Payment | C5: Total Debt Services - 2022 Series A | H5: Total Facilities Renewal - 2022A (20 yr) | M5: UMCP Facilities Renewal (Acad) | R5: UMB Facilities Renewal (Academic) | W5: UMES Facilities Renewal (Academic) | AB5: UMBC Facilities Renewal (Academic) | AG5: USM SG Service Center and Nursing (Acad) | AL5: BSU Facilities Renewal Projects (Academic) | AQ5: CSU Facilities Renewal (Academic) | AV5: FSU Facilities Renewal (Academic) | BA5: SU Facilities Renewal (Academic) | BF5: TU Facilities Renewal (Academic) | BK5: UB Facilities Renewal (Academic)
A6: Date | C6: 2022 A Bonds (20 Years Bonds) | F6: Amort of | J6: =O6+T6+Y6+AD6+AI6+AN6+AS6+AX6+BC6+BH6+BM6 -> 0.16115002 | K6: Amort of | O6: 0.047033122 | P6: Amort of | T6: 0.046091802 | U6: Amort of | Y6: 0.010123941 | Z6: Amort of | AD6: 0.0015937075 | AE6: Amort of | AI6: 0 | AJ6: Amort of | AN6: 0.014165117 | AO6: Amort of | AS6: 0 | AT6: Amort of | AX6: 0.0021356928 | AY6: Amort of | BC6: 0.004690625 | BD6: Amort of | BH6: 0.032071438 | BI6: Amort of | BM6: 0.003244578 | BN6: Amort of
F7: Premium | H7: =M7+R7+W7+AB7+AG7+AL7+AQ7+AV7+BA7+BF7+BK7 -> 0.49334278 | I7: =N7+S7+X7+AC7+AH7+AM7+AR7+AW7+BB7+BG7+BL7 -> 0.53756757 | K7: Premium | M7: 0.19292684 | N7: 0.19402937 | P7: Premium | R7: 0.12585737 | S7: 0.12919518 | U7: Premium | W7: 0.042301766 | X7: 0.042245557 | Z7: Premium | AB7: 0.030922955 | AC7: 0.059675277 | AE7: Premium | AG7: 0 | AH7: 0.0006883741 | AJ7: Premium | AL7: 0.018323125 | AM7: 0.018298778 | AO7: Premium | AQ7: 0.0015615 | AR7: 0.0064154641 | AT7: Premium | AV7: 0.006442786 | AW7: 0.0076041163 | AY7: Premium | BA7: 0.0079359772 | BB7: 0.0087495545 | BD7: Premium | BF7: 0.056533039 | BG7: 0.058050045 | BI7: Premium | BK7: 0.010537427 | BL7: 0.012615854 | BN7: Premium
C8: Principal | D8: Interest | E8: Total | F8: Total | H8: Principal | I8: Interest | J8: Total | K8: Total | M8: Principal | N8: Interest | O8: Total | P8: Total | R8: Principal | S8: Interest | T8: Total | U8: Total | W8: Principal | X8: Interest | Y8: Total | Z8: Total | AB8: Principal | AC8: Interest | AD8: Total | AE8: Total | AG8: Principal | AH8: Interest | AI8: Total | AJ8: Total | AL8: Principal | AM8: Interest | AN8: Total | AO8: Total | AQ8: Principal | AR8: Interest | AS8: Total | AT8: Total | AV8: Principal | AW8: Interest | AX8: Total | AY8: Total | BA8: Principal | BB8: Interest | BC8: Total | BD8: Total | BF8: Principal | BG8: Interest | BH8: Total | BI8: Total | BK8: Principal | BL8: Interest | BM8: Total | BN8: Total
A9: 45200 | D9: 660450 | E9: =C9+D9 -> 660450 | F9: =112831-11 -> 112820 | I9: =N9+S9+X9+AC9+AH9+AM9+AR9+AW9+BB9+BG9+BL9 -> 106431.53 | J9: =H9+I9 -> 106431.53 | K9: =P9+U9+Z9+AE9+AJ9+AO9+AT9+AY9+BD9+BI9+BN9 -> 18180.946 | N9: =D9*O6 -> 31063.025 | O9: =M9+N9 -> 31063.025 | P9: =O$6*$F9 -> 5306.2768 | S9: =D9*T6 -> 30441.331 | T9: =R9+S9 -> 30441.331 | U9: =T$6*$F9 -> 5200.0771 | X9: =D9*Y6 -> 6686.357 | Y9: =W9+X9 -> 6686.357 | Z9: =Y$6*$F9 -> 1142.1831 | AC9: =$D$9*AD6 -> 1052.5641 | AD9: =AB9+AC9 -> 1052.5641 | AE9: =AD$6*$F9 -> 179.80208 | AI9: =AG9+AH9 -> 0 | AJ9: =AI$6*$F9 -> 0 | AM9: =$D$9*AN6 -> 9355.3517 | AN9: =AL9+AM9 -> 9355.3517 | AO9: =AN$6*$F9 -> 1598.1085 | AS9: =AQ9+AR9 -> 0 | AT9: =AS$6*$F9 -> 0 | AW9: =$D$9*AX6 -> 1410.5183 | AX9: =AV9+AW9 -> 1410.5183 | AY9: =AX$6*$F9 -> 240.94886 | BB9: =$D$9*BC6 -> 3097.9233 | BC9: =BA9+BB9 -> 3097.9233 | BD9: =BC$6*$F9 -> 529.19631 | BG9: =$D$9*BH6 -> 21181.581 | BH9: =BF9+BG9 -> 21181.581 | BI9: =BH$6*$F9 -> 3618.2997 | BL9: =$D$9*BM6 -> 2142.8815 | BM9: =BK9+BL9 -> 2142.8815 | BN9: =BM$6*$F9 -> 366.05329
A10: 45383 | C10: 1195000 | D10: 660450 | E10: =C10+D10 -> 1855450 | F10: 112831 | H10: =M10+R10+W10+AB10+AG10+AL10+AQ10+AV10+BA10+BF10+BK10 -> 589544.63 | I10: =N10+S10+X10+AC10+AH10+AM10+AR10+AW10+BB10+BG10+BL10 -> 325828.24 | J10: =H10+I10 -> 915372.87 | K10: =P10+U10+Z10+AE10+AJ10+AO10+AT10+AY10+BD10+BI10+BN10 -> 55664.359 | M10: =C10*$M$7 -> 230547.57 | N10: =D10*$M$7 -> 127418.53 | O10: =M10+N10 -> 357966.1 | P10: =M$7*$F10 -> 21768.128 | R10: =C10*$R$7 -> 150399.56 | S10: =D10*$R$7 -> 83122.502 | T10: =R10+S10 -> 233522.06 | U10: =R$7*$F10 -> 14200.613 | W10: =C10*$W$7 -> 50550.61 | X10: =D10*$W$7 -> 27938.201 | Y10: =W10+X10 -> 78488.811 | Z10: =W$7*$F10 -> 4772.9505 | AB10: =C10*$AB$7 -> 36952.931 | AC10: =D10*$AB$7 -> 20423.065 | AD10: =AB10+AC10 -> 57375.996 | AE10: =AB$7*$F10 -> 3489.0679 | AI10: =AG10+AH10 -> 0 | AJ10: =AG$7*$F10 -> 0 | AL10: =C10*$AL$7 -> 21896.134 | AM10: =D10*$AL$7 -> 12101.508 | AN10: =AL10+AM10 -> 33997.641 | AO10: =AL$7*$F10 -> 2067.4165 | AQ10: =C10*$AQ$7 -> 1865.9925 | AR10: =D10*$AQ$7 -> 1031.2927 | AS10: =AQ10+AR10 -> 2897.2852 | AT10: =AQ$7*$F10 -> 176.18561 | AV10: =C10*$AV$7 -> 7699.1293 | AW10: =D10*$AV$7 -> 4255.138 | AX10: =AV10+AW10 -> 11954.267 | AY10: =AV$7*$F10 -> 726.94599 | BA10: =C10*$BA$7 -> 9483.4928 | BB10: =D10*$BA$7 -> 5241.3162 | BC10: =BA10+BB10 -> 14724.809 | BD10: =BA$7*$F10 -> 895.42425 | BF10: =C10*$BF$7 -> 67556.982 | BG10: =D10*$BF$7 -> 37337.246 | BH10: =BF10+BG10 -> 104894.23 | BI10: =BF$7*$F10 -> 6378.6794 | BK10: =C10*$BK$7 -> 12592.225 | BL10: =D10*$BK$7 -> 6959.4435 | BM10: =BK10+BL10 -> 19551.668 | BN10: =BK$7*$F10 -> 1188.9484
A11: 45566 | D11: 630575 | E11: =C11+D11 -> 630575 | F11: 112831 | H11: =M11+R11+W11+AB11+AG11+AL11+AQ11+AV11+BA11+BF11+BK11 -> 0 | I11: =N11+S11+X11+AC11+AH11+AM11+AR11+AW11+BB11+BG11+BL11 -> 338976.67 | J11: =H11+I11 -> 338976.67 | K11: =P11+U11+Z11+AE11+AJ11+AO11+AT11+AY11+BD11+BI11+BN11 -> 60654.286 | N11: =D11*$N$7 -> 122350.07 | O11: =M11+N11 -> 122350.07 | P11: =N$7*$F11 -> 21892.528 | R11: =C11*$S$7 -> 0 | S11: =D11*$S$7 -> 81467.251 | T11: =R11+S11 -> 81467.251 | U11: =S$7*$F11 -> 14577.221 | W11: =C11*$X$7 -> 0 | X11: =D11*$X$7 -> 26638.992 | Y11: =W11+X11 -> 26638.992 | Z11: =X$7*$F11 -> 4766.6085 | AB11: =C11*$AC$7 -> 0 | AC11: =D11*$AC$7 -> 37629.738 | AD11: =AB11+AC11 -> 37629.738 | AE11: =AC$7*$F11 -> 6733.2212 | AG11: =C11*$AH$7 -> 0 | AH11: =D11*$AH$7 -> 434.0715 | AI11: =AG11+AH11 -> 434.0715 | AJ11: =AH$7*$F11 -> 77.669939 | AL11: =C11*$AM$7 -> 0 | AM11: =D11*$AM$7 -> 11538.752 | AN11: =AL11+AM11 -> 11538.752 | AO11: =AM$7*$F11 -> 2064.6694 | AQ11: =C11*$AR$7 -> 0 | AR11: =D11*$AR$7 -> 4045.4313 | AS11: =AQ11+AR11 -> 4045.4313 | AT11: =AR$7*$F11 -> 723.86323 | AV11: =C11*$AW$7 -> 0 | AW11: =D11*$AW$7 -> 4794.9656 | AX11: =AV11+AW11 -> 4794.9656 | AY11: =AW$7*$F11 -> 857.98005 | BA11: =C11*$BB$7 -> 0 | BB11: =D11*$BB$7 -> 5517.2504 | BC11: =BA11+BB11 -> 5517.2504 | BD11: =BB$7*$F11 -> 987.22099 | BF11: =C11*$BG$7 -> 0 | BG11: =D11*$BG$7 -> 36604.907 | BH11: =BF11+BG11 -> 36604.907 | BI11: =BG$7*$F11 -> 6549.8447 | BK11: =C11*$BL$7 -> 0 | BL11: =D11*$BL$7 -> 7955.2419 | BM11: =BK11+BL11 -> 7955.2419 | BN11: =BL$7*$F11 -> 1423.4594
A12: 45748 | C12: 1255000 | D12: 630575 | E12: =C12+D12 -> 1885575 | F12: 112831 | H12: =M12+R12+W12+AB12+AG12+AL12+AQ12+AV12+BA12+BF12+BK12 -> 674647.3 | I12: =N12+S12+X12+AC12+AH12+AM12+AR12+AW12+BB12+BG12+BL12 -> 338976.67 | J12: =H12+I12 -> 1013624 | K12: =P12+U12+Z12+AE12+AJ12+AO12+AT12+AY12+BD12+BI12+BN12 -> 60654.286 | M12: =C12*$N$7 -> 243506.86 | N12: =D12*$N$7 -> 122350.07 | O12: =M12+N12 -> 365856.93 | P12: =N$7*$F12 -> 21892.528 | R12: =C12*$S$7 -> 162139.95 | S12: =D12*$S$7 -> 81467.251 | T12: =R12+S12 -> 243607.2 | U12: =S$7*$F12 -> 14577.221 | W12: =C12*$X$7 -> 53018.174 | X12: =D12*$X$7 -> 26638.992 | Y12: =W12+X12 -> 79657.166 | Z12: =X$7*$F12 -> 4766.6085 | AB12: =C12*$AC$7 -> 74892.473 | AC12: =D12*$AC$7 -> 37629.738 | AD12: =AB12+AC12 -> 112522.21 | AE12: =AC$7*$F12 -> 6733.2212 | AG12: =C12*$AH$7 -> 863.9095 | AH12: =D12*$AH$7 -> 434.0715 | AI12: =AG12+AH12 -> 1297.981 | AJ12: =AH$7*$F12 -> 77.669939 | AL12: =C12*$AM$7 -> 22964.966 | AM12: =D12*$AM$7 -> 11538.752 | AN12: =AL12+AM12 -> 34503.718 | AO12: =AM$7*$F12 -> 2064.6694 | AQ12: =C12*$AR$7 -> 8051.4074 | AR12: =D12*$AR$7 -> 4045.4313 | AS12: =AQ12+AR12 -> 12096.839 | AT12: =AR$7*$F12 -> 723.86323 | AV12: =C12*$AW$7 -> 9543.166 | AW12: =D12*$AW$7 -> 4794.9656 | AX12: =AV12+AW12 -> 14338.132 | AY12: =AW$7*$F12 -> 857.98005 | BA12: =C12*$BB$7 -> 10980.691 | BB12: =D12*$BB$7 -> 5517.2504 | BC12: =BA12+BB12 -> 16497.941 | BD12: =BB$7*$F12 -> 987.22099 | BF12: =C12*$BG$7 -> 72852.807 | BG12: =D12*$BG$7 -> 36604.907 | BH12: =BF12+BG12 -> 109457.71 | BI12: =BG$7*$F12 -> 6549.8447 | BK12: =C12*$BL$7 -> 15832.896 | BL12: =D12*$BL$7 -> 7955.2419 | BM12: =BK12+BL12 -> 23788.138 | BN12: =BL$7*$F12 -> 1423.4594
A13: 45931 | D13: 599200 | E13: =C13+D13 -> 599200 | F13: 112831 | H13: =M13+R13+W13+AB13+AG13+AL13+AQ13+AV13+BA13+BF13+BK13 -> 0 | I13: =N13+S13+X13+AC13+AH13+AM13+AR13+AW13+BB13+BG13+BL13 -> 322110.49 | J13: =H13+I13 -> 322110.49 | K13: =P13+U13+Z13+AE13+AJ13+AO13+AT13+AY13+BD13+BI13+BN13 -> 60654.286 | N13: =D13*$N$7 -> 116262.4 | O13: =M13+N13 -> 116262.4 | P13: =N$7*$F13 -> 21892.528 | R13: =C13*$S$7 -> 0 | S13: =D13*$S$7 -> 77413.752 | T13: =R13+S13 -> 77413.752 | U13: =S$7*$F13 -> 14577.221 | W13: =C13*$X$7 -> 0 | X13: =D13*$X$7 -> 25313.538 | Y13: =W13+X13 -> 25313.538 | Z13: =X$7*$F13 -> 4766.6085 | AB13: =C13*$AC$7 -> 0 | AC13: =D13*$AC$7 -> 35757.426 | AD13: =AB13+AC13 -> 35757.426 | AE13: =AC$7*$F13 -> 6733.2212 | AG13: =C13*$AH$7 -> 0 | AH13: =D13*$AH$7 -> 412.47376 | AI13: =AG13+AH13 -> 412.47376 | AJ13: =AH$7*$F13 -> 77.669939 | AL13: =C13*$AM$7 -> 0 | AM13: =D13*$AM$7 -> 10964.628 | AN13: =AL13+AM13 -> 10964.628 | AO13: =AM$7*$F13 -> 2064.6694 | AQ13: =C13*$AR$7 -> 0 | AR13: =D13*$AR$7 -> 3844.1461 | AS13: =AQ13+AR13 -> 3844.1461 | AT13: =AR$7*$F13 -> 723.86323 | AV13: =C13*$AW$7 -> 0 | AW13: =D13*$AW$7 -> 4556.3865 | AX13: =AV13+AW13 -> 4556.3865 | AY13: =AW$7*$F13 -> 857.98005 | BA13: =C13*$BB$7 -> 0 | BB13: =D13*$BB$7 -> 5242.7331 | BC13: =BA13+BB13 -> 5242.7331 | BD13: =BB$7*$F13 -> 987.22099 | BF13: =C13*$BG$7 -> 0 | BG13: =D13*$BG$7 -> 34783.587 | BH13: =BF13+BG13 -> 34783.587 | BI13: =BG$7*$F13 -> 6549.8447 | BK13: =C13*$BL$7 -> 0 | BL13: =D13*$BL$7 -> 7559.4195 | BM13: =BK13+BL13 -> 7559.4195 | BN13: =BL$7*$F13 -> 1423.4594
A14: 46113 | C14: 1320000 | D14: 599200 | E14: =C14+D14 -> 1919200 | F14: 112831 | H14: =M14+R14+W14+AB14+AG14+AL14+AQ14+AV14+BA14+BF14+BK14 -> 709589.19 | I14: =N14+S14+X14+AC14+AH14+AM14+AR14+AW14+BB14+BG14+BL14 -> 322110.49 | J14: =H14+I14 -> 1031699.7 | K14: =P14+U14+Z14+AE14+AJ14+AO14+AT14+AY14+BD14+BI14+BN14 -> 60654.286 | M14: =C14*$N$7 -> 256118.77 | N14: =D14*$N$7 -> 116262.4 | O14: =M14+N14 -> 372381.17 | P14: =N$7*$F14 -> 21892.528 | R14: =C14*$S$7 -> 170537.64 | S14: =D14*$S$7 -> 77413.752 | T14: =R14+S14 -> 247951.39 | U14: =S$7*$F14 -> 14577.221 | W14: =C14*$X$7 -> 55764.135 | X14: =D14*$X$7 -> 25313.538 | Y14: =W14+X14 -> 81077.673 | Z14: =X$7*$F14 -> 4766.6085 | AB14: =C14*$AC$7 -> 78771.366 | AC14: =D14*$AC$7 -> 35757.426 | AD14: =AB14+AC14 -> 114528.79 | AE14: =AC$7*$F14 -> 6733.2212 | AG14: =C14*$AH$7 -> 908.65382 | AH14: =D14*$AH$7 -> 412.47376 | AI14: =AG14+AH14 -> 1321.1276 | AJ14: =AH$7*$F14 -> 77.669939 | AL14: =C14*$AM$7 -> 24154.386 | AM14: =D14*$AM$7 -> 10964.628 | AN14: =AL14+AM14 -> 35119.014 | AO14: =AM$7*$F14 -> 2064.6694 | AQ14: =C14*$AR$7 -> 8468.4126 | AR14: =D14*$AR$7 -> 3844.1461 | AS14: =AQ14+AR14 -> 12312.559 | AT14: =AR$7*$F14 -> 723.86323 | AV14: =C14*$AW$7 -> 10037.434 | AW14: =D14*$AW$7 -> 4556.3865 | AX14: =AV14+AW14 -> 14593.82 | AY14: =AW$7*$F14 -> 857.98005 | BA14: =C14*$BB$7 -> 11549.412 | BB14: =D14*$BB$7 -> 5242.7331 | BC14: =BA14+BB14 -> 16792.145 | BD14: =BB$7*$F14 -> 987.22099 | BF14: =C14*$BG$7 -> 76626.06 | BG14: =D14*$BG$7 -> 34783.587 | BH14: =BF14+BG14 -> 111409.65 | BI14: =BG$7*$F14 -> 6549.8447 | BK14: =C14*$BL$7 -> 16652.927 | BL14: =D14*$BL$7 -> 7559.4195 | BM14: =BK14+BL14 -> 24212.346 | BN14: =BL$7*$F14 -> 1423.4594
A15: 46296 | D15: 566200 | E15: =C15+D15 -> 566200 | F15: 112831 | H15: =M15+R15+W15+AB15+AG15+AL15+AQ15+AV15+BA15+BF15+BK15 -> 0 | I15: =N15+S15+X15+AC15+AH15+AM15+AR15+AW15+BB15+BG15+BL15 -> 304370.76 | J15: =H15+I15 -> 304370.76 | K15: =P15+U15+Z15+AE15+AJ15+AO15+AT15+AY15+BD15+BI15+BN15 -> 60654.286 | N15: =D15*$N$7 -> 109859.43 | O15: =M15+N15 -> 109859.43 | P15: =N$7*$F15 -> 21892.528 | R15: =C15*$S$7 -> 0 | S15: =D15*$S$7 -> 73150.311 | T15: =R15+S15 -> 73150.311 | U15: =S$7*$F15 -> 14577.221 | W15: =C15*$X$7 -> 0 | X15: =D15*$X$7 -> 23919.434 | Y15: =W15+X15 -> 23919.434 | Z15: =X$7*$F15 -> 4766.6085 | AB15: =C15*$AC$7 -> 0 | AC15: =D15*$AC$7 -> 33788.142 | AD15: =AB15+AC15 -> 33788.142 | AE15: =AC$7*$F15 -> 6733.2212 | AG15: =C15*$AH$7 -> 0 | AH15: =D15*$AH$7 -> 389.75742 | AI15: =AG15+AH15 -> 389.75742 | AJ15: =AH$7*$F15 -> 77.669939 | AL15: =C15*$AM$7 -> 0 | AM15: =D15*$AM$7 -> 10360.768 | AN15: =AL15+AM15 -> 10360.768 | AO15: =AM$7*$F15 -> 2064.6694 | AQ15: =C15*$AR$7 -> 0 | AR15: =D15*$AR$7 -> 3632.4358 | AS15: =AQ15+AR15 -> 3632.4358 | AT15: =AR$7*$F15 -> 723.86323 | AV15: =C15*$AW$7 -> 0 | AW15: =D15*$AW$7 -> 4305.4507 | AX15: =AV15+AW15 -> 4305.4507 | AY15: =AW$7*$F15 -> 857.98005 | BA15: =C15*$BB$7 -> 0 | BB15: =D15*$BB$7 -> 4953.9978 | BC15: =BA15+BB15 -> 4953.9978 | BD15: =BB$7*$F15 -> 987.22099 | BF15: =C15*$BG$7 -> 0 | BG15: =D15*$BG$7 -> 32867.936 | BH15: =BF15+BG15 -> 32867.936 | BI15: =BG$7*$F15 -> 6549.8447 | BK15: =C15*$BL$7 -> 0 | BL15: =D15*$BL$7 -> 7143.0963 | BM15: =BK15+BL15 -> 7143.0963 | BN15: =BL$7*$F15 -> 1423.4594
A16: 46478 | C16: 1385000 | D16: 566200 | E16: =C16+D16 -> 1951200 | F16: 112831 | H16: =M16+R16+W16+AB16+AG16+AL16+AQ16+AV16+BA16+BF16+BK16 -> 744531.08 | I16: =N16+S16+X16+AC16+AH16+AM16+AR16+AW16+BB16+BG16+BL16 -> 304370.76 | J16: =H16+I16 -> 1048901.8 | K16: =P16+U16+Z16+AE16+AJ16+AO16+AT16+AY16+BD16+BI16+BN16 -> 60654.286 | M16: =C16*$N$7 -> 268730.68 | N16: =D16*$N$7 -> 109859.43 | O16: =M16+N16 -> 378590.11 | P16: =N$7*$F16 -> 21892.528 | R16: =C16*$S$7 -> 178935.32 | S16: =D16*$S$7 -> 73150.311 | T16: =R16+S16 -> 252085.64 | U16: =S$7*$F16 -> 14577.221 | W16: =C16*$X$7 -> 58510.097 | X16: =D16*$X$7 -> 23919.434 | Y16: =W16+X16 -> 82429.531 | Z16: =X$7*$F16 -> 4766.6085 | AB16: =C16*$AC$7 -> 82650.259 | AC16: =D16*$AC$7 -> 33788.142 | AD16: =AB16+AC16 -> 116438.4 | AE16: =AC$7*$F16 -> 6733.2212 | AG16: =C16*$AH$7 -> 953.39813 | AH16: =D16*$AH$7 -> 389.75742 | AI16: =AG16+AH16 -> 1343.1556 | AJ16: =AH$7*$F16 -> 77.669939 | AL16: =C16*$AM$7 -> 25343.807 | AM16: =D16*$AM$7 -> 10360.768 | AN16: =AL16+AM16 -> 35704.575 | AO16: =AM$7*$F16 -> 2064.6694 | AQ16: =C16*$AR$7 -> 8885.4178 | AR16: =D16*$AR$7 -> 3632.4358 | AS16: =AQ16+AR16 -> 12517.854 | AT16: =AR$7*$F16 -> 723.86323 | AV16: =C16*$AW$7 -> 10531.701 | AW16: =D16*$AW$7 -> 4305.4507 | AX16: =AV16+AW16 -> 14837.152 | AY16: =AW$7*$F16 -> 857.98005 | BA16: =C16*$BB$7 -> 12118.133 | BB16: =D16*$BB$7 -> 4953.9978 | BC16: =BA16+BB16 -> 17072.131 | BD16: =BB$7*$F16 -> 987.22099 | BF16: =C16*$BG$7 -> 80399.313 | BG16: =D16*$BG$7 -> 32867.936 | BH16: =BF16+BG16 -> 113267.25 | BI16: =BG$7*$F16 -> 6549.8447 | BK16: =C16*$BL$7 -> 17472.957 | BL16: =D16*$BL$7 -> 7143.0963 | BM16: =BK16+BL16 -> 24616.054 | BN16: =BL$7*$F16 -> 1423.4594
A17: 46661 | D17: 531575 | E17: =C17+D17 -> 531575 | F17: 112831 | H17: =M17+R17+W17+AB17+AG17+AL17+AQ17+AV17+BA17+BF17+BK17 -> 0 | I17: =N17+S17+X17+AC17+AH17+AM17+AR17+AW17+BB17+BG17+BL17 -> 285757.48 | J17: =H17+I17 -> 285757.48 | K17: =P17+U17+Z17+AE17+AJ17+AO17+AT17+AY17+BD17+BI17+BN17 -> 60654.286 | N17: =D17*$N$7 -> 103141.16 | O17: =M17+N17 -> 103141.16 | P17: =N$7*$F17 -> 21892.528 | R17: =C17*$S$7 -> 0 | S17: =D17*$S$7 -> 68676.928 | T17: =R17+S17 -> 68676.928 | U17: =S$7*$F17 -> 14577.221 | W17: =C17*$X$7 -> 0 | X17: =D17*$X$7 -> 22456.682 | Y17: =W17+X17 -> 22456.682 | Z17: =X$7*$F17 -> 4766.6085 | AB17: =C17*$AC$7 -> 0 | AC17: =D17*$AC$7 -> 31721.886 | AD17: =AB17+AC17 -> 31721.886 | AE17: =AC$7*$F17 -> 6733.2212 | AG17: =C17*$AH$7 -> 0 | AH17: =D17*$AH$7 -> 365.92246 | AI17: =AG17+AH17 -> 365.92246 | AJ17: =AH$7*$F17 -> 77.669939 | AL17: =C17*$AM$7 -> 0 | AM17: =D17*$AM$7 -> 9727.1727 | AN17: =AL17+AM17 -> 9727.1727 | AO17: =AM$7*$F17 -> 2064.6694 | AQ17: =C17*$AR$7 -> 0 | AR17: =D17*$AR$7 -> 3410.3003 | AS17: =AQ17+AR17 -> 3410.3003 | AT17: =AR$7*$F17 -> 723.86323 | AV17: =C17*$AW$7 -> 0 | AW17: =D17*$AW$7 -> 4042.1581 | AX17: =AV17+AW17 -> 4042.1581 | AY17: =AW$7*$F17 -> 857.98005 | BA17: =C17*$BB$7 -> 0 | BB17: =D17*$BB$7 -> 4651.0445 | BC17: =BA17+BB17 -> 4651.0445 | BD17: =BB$7*$F17 -> 987.22099 | BF17: =C17*$BG$7 -> 0 | BG17: =D17*$BG$7 -> 30857.953 | BH17: =BF17+BG17 -> 30857.953 | BI17: =BG$7*$F17 -> 6549.8447 | BK17: =C17*$BL$7 -> 0 | BL17: =D17*$BL$7 -> 6706.2724 | BM17: =BK17+BL17 -> 6706.2724 | BN17: =BL$7*$F17 -> 1423.4594
A18: 46844 | C18: 1455000 | D18: 531575 | E18: =C18+D18 -> 1986575 | F18: 112831 | H18: =M18+R18+W18+AB18+AG18+AL18+AQ18+AV18+BA18+BF18+BK18 -> 782160.81 | I18: =N18+S18+X18+AC18+AH18+AM18+AR18+AW18+BB18+BG18+BL18 -> 285757.48 | J18: =H18+I18 -> 1067918.3 | K18: =P18+U18+Z18+AE18+AJ18+AO18+AT18+AY18+BD18+BI18+BN18 -> 60654.286 | M18: =C18*$N$7 -> 282312.73 | N18: =D18*$N$7 -> 103141.16 | O18: =M18+N18 -> 385453.89 | P18: =N$7*$F18 -> 21892.528 | R18: =C18*$S$7 -> 187978.99 | S18: =D18*$S$7 -> 68676.928 | T18: =R18+S18 -> 256655.91 | U18: =S$7*$F18 -> 14577.221 | W18: =C18*$X$7 -> 61467.286 | X18: =D18*$X$7 -> 22456.682 | Y18: =W18+X18 -> 83923.968 | Z18: =X$7*$F18 -> 4766.6085 | AB18: =C18*$AC$7 -> 86827.529 | AC18: =D18*$AC$7 -> 31721.886 | AD18: =AB18+AC18 -> 118549.41 | AE18: =AC$7*$F18 -> 6733.2212 | AG18: =C18*$AH$7 -> 1001.5843 | AH18: =D18*$AH$7 -> 365.92246 | AI18: =AG18+AH18 -> 1367.5068 | AJ18: =AH$7*$F18 -> 77.669939 | AL18: =C18*$AM$7 -> 26624.721 | AM18: =D18*$AM$7 -> 9727.1727 | AN18: =AL18+AM18 -> 36351.894 | AO18: =AM$7*$F18 -> 2064.6694 | AQ18: =C18*$AR$7 -> 9334.5003 | AR18: =D18*$AR$7 -> 3410.3003 | AS18: =AQ18+AR18 -> 12744.801 | AT18: =AR$7*$F18 -> 723.86323 | AV18: =C18*$AW$7 -> 11063.989 | AW18: =D18*$AW$7 -> 4042.1581 | AX18: =AV18+AW18 -> 15106.147 | AY18: =AW$7*$F18 -> 857.98005 | BA18: =C18*$BB$7 -> 12730.602 | BB18: =D18*$BB$7 -> 4651.0445 | BC18: =BA18+BB18 -> 17381.646 | BD18: =BB$7*$F18 -> 987.22099 | BF18: =C18*$BG$7 -> 84462.816 | BG18: =D18*$BG$7 -> 30857.953 | BH18: =BF18+BG18 -> 115320.77 | BI18: =BG$7*$F18 -> 6549.8447 | BK18: =C18*$BL$7 -> 18356.067 | BL18: =D18*$BL$7 -> 6706.2724 | BM18: =BK18+BL18 -> 25062.339 | BN18: =BL$7*$F18 -> 1423.4594
A19: 47027 | D19: 495200 | E19: =C19+D19 -> 495200 | F19: 112831 | H19: =M19+R19+W19+AB19+AG19+AL19+AQ19+AV19+BA19+BF19+BK19 -> 0 | I19: =N19+S19+X19+AC19+AH19+AM19+AR19+AW19+BB19+BG19+BL19 -> 266203.46 | J19: =H19+I19 -> 266203.46 | K19: =P19+U19+Z19+AE19+AJ19+AO19+AT19+AY19+BD19+BI19+BN19 -> 60654.286 | N19: =D19*$N$7 -> 96083.344 | O19: =M19+N19 -> 96083.344 | P19: =N$7*$F19 -> 21892.528 | R19: =C19*$S$7 -> 0 | S19: =D19*$S$7 -> 63977.453 | T19: =R19+S19 -> 63977.453 | U19: =S$7*$F19 -> 14577.221 | W19: =C19*$X$7 -> 0 | X19: =D19*$X$7 -> 20920 | Y19: =W19+X19 -> 20920 | Z19: =X$7*$F19 -> 4766.6085 | AB19: =C19*$AC$7 -> 0 | AC19: =D19*$AC$7 -> 29551.197 | AD19: =AB19+AC19 -> 29551.197 | AE19: =AC$7*$F19 -> 6733.2212 | AG19: =C19*$AH$7 -> 0 | AH19: =D19*$AH$7 -> 340.88286 | AI19: =AG19+AH19 -> 340.88286 | AJ19: =AH$7*$F19 -> 77.669939 | AL19: =C19*$AM$7 -> 0 | AM19: =D19*$AM$7 -> 9061.5547 | AN19: =AL19+AM19 -> 9061.5547 | AO19: =AM$7*$F19 -> 2064.6694 | AQ19: =C19*$AR$7 -> 0 | AR19: =D19*$AR$7 -> 3176.9378 | AS19: =AQ19+AR19 -> 3176.9378 | AT19: =AR$7*$F19 -> 723.86323 | AV19: =C19*$AW$7 -> 0 | AW19: =D19*$AW$7 -> 3765.5584 | AX19: =AV19+AW19 -> 3765.5584 | AY19: =AW$7*$F19 -> 857.98005 | BA19: =C19*$BB$7 -> 0 | BB19: =D19*$BB$7 -> 4332.7794 | BC19: =BA19+BB19 -> 4332.7794 | BD19: =BB$7*$F19 -> 987.22099 | BF19: =C19*$BG$7 -> 0 | BG19: =D19*$BG$7 -> 28746.383 | BH19: =BF19+BG19 -> 28746.383 | BI19: =BG$7*$F19 -> 6549.8447 | BK19: =C19*$BL$7 -> 0 | BL19: =D19*$BL$7 -> 6247.3707 | BM19: =BK19+BL19 -> 6247.3707 | BN19: =BL$7*$F19 -> 1423.4594
A20: 47209 | C20: 1525000 | D20: 495200 | E20: =C20+D20 -> 2020200 | F20: 112831 | H20: =M20+R20+W20+AB20+AG20+AL20+AQ20+AV20+BA20+BF20+BK20 -> 819790.54 | I20: =N20+S20+X20+AC20+AH20+AM20+AR20+AW20+BB20+BG20+BL20 -> 266203.46 | J20: =H20+I20 -> 1085994 | K20: =P20+U20+Z20+AE20+AJ20+AO20+AT20+AY20+BD20+BI20+BN20 -> 60654.286 | M20: =C20*$N$7 -> 295894.79 | N20: =D20*$N$7 -> 96083.344 | O20: =M20+N20 -> 391978.13 | P20: =N$7*$F20 -> 21892.528 | R20: =C20*$S$7 -> 197022.65 | S20: =D20*$S$7 -> 63977.453 | T20: =R20+S20 -> 261000.1 | U20: =S$7*$F20 -> 14577.221 | W20: =C20*$X$7 -> 64424.475 | X20: =D20*$X$7 -> 20920 | Y20: =W20+X20 -> 85344.475 | Z20: =X$7*$F20 -> 4766.6085 | AB20: =C20*$AC$7 -> 91004.798 | AC20: =D20*$AC$7 -> 29551.197 | AD20: =AB20+AC20 -> 120556 | AE20: =AC$7*$F20 -> 6733.2212 | AG20: =C20*$AH$7 -> 1049.7705 | AH20: =D20*$AH$7 -> 340.88286 | AI20: =AG20+AH20 -> 1390.6534 | AJ20: =AH$7*$F20 -> 77.669939 | AL20: =C20*$AM$7 -> 27905.636 | AM20: =D20*$AM$7 -> 9061.5547 | AN20: =AL20+AM20 -> 36967.191 | AO20: =AM$7*$F20 -> 2064.6694 | AQ20: =C20*$AR$7 -> 9783.5827 | AR20: =D20*$AR$7 -> 3176.9378 | AS20: =AQ20+AR20 -> 12960.521 | AT20: =AR$7*$F20 -> 723.86323 | AV20: =C20*$AW$7 -> 11596.277 | AW20: =D20*$AW$7 -> 3765.5584 | AX20: =AV20+AW20 -> 15361.836 | AY20: =AW$7*$F20 -> 857.98005 | BA20: =C20*$BB$7 -> 13343.071 | BB20: =D20*$BB$7 -> 4332.7794 | BC20: =BA20+BB20 -> 17675.85 | BD20: =BB$7*$F20 -> 987.22099 | BF20: =C20*$BG$7 -> 88526.319 | BG20: =D20*$BG$7 -> 28746.383 | BH20: =BF20+BG20 -> 117272.7 | BI20: =BG$7*$F20 -> 6549.8447 | BK20: =C20*$BL$7 -> 19239.177 | BL20: =D20*$BL$7 -> 6247.3707 | BM20: =BK20+BL20 -> 25486.547 | BN20: =BL$7*$F20 -> 1423.4594
A21: 47392 | D21: 457075 | E21: =C21+D21 -> 457075 | F21: 112831 | H21: =M21+R21+W21+AB21+AG21+AL21+AQ21+AV21+BA21+BF21+BK21 -> 0 | I21: =N21+S21+X21+AC21+AH21+AM21+AR21+AW21+BB21+BG21+BL21 -> 245708.7 | J21: =H21+I21 -> 245708.7 | K21: =P21+U21+Z21+AE21+AJ21+AO21+AT21+AY21+BD21+BI21+BN21 -> 60654.286 | N21: =D21*$N$7 -> 88685.974 | O21: =M21+N21 -> 88685.974 | P21: =N$7*$F21 -> 21892.528 | R21: =C21*$S$7 -> 0 | S21: =D21*$S$7 -> 59051.887 | T21: =R21+S21 -> 59051.887 | U21: =S$7*$F21 -> 14577.221 | W21: =C21*$X$7 -> 0 | X21: =D21*$X$7 -> 19309.388 | Y21: =W21+X21 -> 19309.388 | Z21: =X$7*$F21 -> 4766.6085 | AB21: =C21*$AC$7 -> 0 | AC21: =D21*$AC$7 -> 27276.077 | AD21: =AB21+AC21 -> 27276.077 | AE21: =AC$7*$F21 -> 6733.2212 | AG21: =C21*$AH$7 -> 0 | AH21: =D21*$AH$7 -> 314.63859 | AI21: =AG21+AH21 -> 314.63859 | AJ21: =AH$7*$F21 -> 77.669939 | AL21: =C21*$AM$7 -> 0 | AM21: =D21*$AM$7 -> 8363.9138 | AN21: =AL21+AM21 -> 8363.9138 | AO21: =AM$7*$F21 -> 2064.6694 | AQ21: =C21*$AR$7 -> 0 | AR21: =D21*$AR$7 -> 2932.3483 | AS21: =AQ21+AR21 -> 2932.3483 | AT21: =AR$7*$F21 -> 723.86323 | AV21: =C21*$AW$7 -> 0 | AW21: =D21*$AW$7 -> 3475.6515 | AX21: =AV21+AW21 -> 3475.6515 | AY21: =AW$7*$F21 -> 857.98005 | BA21: =C21*$BB$7 -> 0 | BB21: =D21*$BB$7 -> 3999.2026 | BC21: =BA21+BB21 -> 3999.2026 | BD21: =BB$7*$F21 -> 987.22099 | BF21: =C21*$BG$7 -> 0 | BG21: =D21*$BG$7 -> 26533.225 | BH21: =BF21+BG21 -> 26533.225 | BI21: =BG$7*$F21 -> 6549.8447 | BK21: =C21*$BL$7 -> 0 | BL21: =D21*$BL$7 -> 5766.3913 | BM21: =BK21+BL21 -> 5766.3913 | BN21: =BL$7*$F21 -> 1423.4594
A22: 11049 | C22: 1600000 | D22: 457075 | E22: =C22+D22 -> 2057075 | F22: 112831 | H22: =M22+R22+W22+AB22+AG22+AL22+AQ22+AV22+BA22+BF22+BK22 -> 860108.11 | I22: =N22+S22+X22+AC22+AH22+AM22+AR22+AW22+BB22+BG22+BL22 -> 245708.7 | J22: =H22+I22 -> 1105816.8 | K22: =P22+U22+Z22+AE22+AJ22+AO22+AT22+AY22+BD22+BI22+BN22 -> 60654.286 | M22: =C22*$N$7 -> 310446.99 | N22: =D22*$N$7 -> 88685.974 | O22: =M22+N22 -> 399132.97 | P22: =N$7*$F22 -> 21892.528 | R22: =C22*$S$7 -> 206712.29 | S22: =D22*$S$7 -> 59051.887 | T22: =R22+S22 -> 265764.17 | U22: =S$7*$F22 -> 14577.221 | W22: =C22*$X$7 -> 67592.891 | X22: =D22*$X$7 -> 19309.388 | Y22: =W22+X22 -> 86902.28 | Z22: =X$7*$F22 -> 4766.6085 | AB22: =C22*$AC$7 -> 95480.444 | AC22: =D22*$AC$7 -> 27276.077 | AD22: =AB22+AC22 -> 122756.52 | AE22: =AC$7*$F22 -> 6733.2212 | AG22: =C22*$AH$7 -> 1101.3986 | AH22: =D22*$AH$7 -> 314.63859 | AI22: =AG22+AH22 -> 1416.0372 | AJ22: =AH$7*$F22 -> 77.669939 | AL22: =C22*$AM$7 -> 29278.044 | AM22: =D22*$AM$7 -> 8363.9138 | AN22: =AL22+AM22 -> 37641.958 | AO22: =AM$7*$F22 -> 2064.6694 | AQ22: =C22*$AR$7 -> 10264.743 | AR22: =D22*$AR$7 -> 2932.3483 | AS22: =AQ22+AR22 -> 13197.091 | AT22: =AR$7*$F22 -> 723.86323 | AV22: =C22*$AW$7 -> 12166.586 | AW22: =D22*$AW$7 -> 3475.6515 | AX22: =AV22+AW22 -> 15642.238 | AY22: =AW$7*$F22 -> 857.98005 | BA22: =C22*$BB$7 -> 13999.287 | BB22: =D22*$BB$7 -> 3999.2026 | BC22: =BA22+BB22 -> 17998.49 | BD22: =BB$7*$F22 -> 987.22099 | BF22: =C22*$BG$7 -> 92880.073 | BG22: =D22*$BG$7 -> 26533.225 | BH22: =BF22+BG22 -> 119413.3 | BI22: =BG$7*$F22 -> 6549.8447 | BK22: =C22*$BL$7 -> 20185.366 | BL22: =D22*$BL$7 -> 5766.3913 | BM22: =BK22+BL22 -> 25951.757 | BN22: =BL$7*$F22 -> 1423.4594
A23: 11232 | D23: 417075 | E23: =C23+D23 -> 417075 | F23: 112831 | H23: =M23+R23+W23+AB23+AG23+AL23+AQ23+AV23+BA23+BF23+BK23 -> 0 | I23: =N23+S23+X23+AC23+AH23+AM23+AR23+AW23+BB23+BG23+BL23 -> 224205.99 | J23: =H23+I23 -> 224205.99 | K23: =P23+U23+Z23+AE23+AJ23+AO23+AT23+AY23+BD23+BI23+BN23 -> 60654.286 | N23: =D23*$N$7 -> 80924.799 | O23: =M23+N23 -> 80924.799 | P23: =N$7*$F23 -> 21892.528 | R23: =C23*$S$7 -> 0 | S23: =D23*$S$7 -> 53884.08 | T23: =R23+S23 -> 53884.08 | U23: =S$7*$F23 -> 14577.221 | W23: =C23*$X$7 -> 0 | X23: =D23*$X$7 -> 17619.566 | Y23: =W23+X23 -> 17619.566 | Z23: =X$7*$F23 -> 4766.6085 | AB23: =C23*$AC$7 -> 0 | AC23: =D23*$AC$7 -> 24889.066 | AD23: =AB23+AC23 -> 24889.066 | AE23: =AC$7*$F23 -> 6733.2212 | AG23: =C23*$AH$7 -> 0 | AH23: =D23*$AH$7 -> 287.10363 | AI23: =AG23+AH23 -> 287.10363 | AJ23: =AH$7*$F23 -> 77.669939 | AL23: =C23*$AM$7 -> 0 | AM23: =D23*$AM$7 -> 7631.9627 | AN23: =AL23+AM23 -> 7631.9627 | AO23: =AM$7*$F23 -> 2064.6694 | AQ23: =C23*$AR$7 -> 0 | AR23: =D23*$AR$7 -> 2675.7297 | AS23: =AQ23+AR23 -> 2675.7297 | AT23: =AR$7*$F23 -> 723.86323 | AV23: =C23*$AW$7 -> 0 | AW23: =D23*$AW$7 -> 3171.4868 | AX23: =AV23+AW23 -> 3171.4868 | AY23: =AW$7*$F23 -> 857.98005 | BA23: =C23*$BB$7 -> 0 | BB23: =D23*$BB$7 -> 3649.2205 | BC23: =BA23+BB23 -> 3649.2205 | BD23: =BB$7*$F23 -> 987.22099 | BF23: =C23*$BG$7 -> 0 | BG23: =D23*$BG$7 -> 24211.223 | BH23: =BF23+BG23 -> 24211.223 | BI23: =BG$7*$F23 -> 6549.8447 | BK23: =C23*$BL$7 -> 0 | BL23: =D23*$BL$7 -> 5261.7571 | BM23: =BK23+BL23 -> 5261.7571 | BN23: =BL$7*$F23 -> 1423.4594
A24: 11414 | C24: 1680000 | D24: 417075 | E24: =C24+D24 -> 2097075 | F24: 112831 | H24: =M24+R24+W24+AB24+AG24+AL24+AQ24+AV24+BA24+BF24+BK24 -> 903113.52 | I24: =N24+S24+X24+AC24+AH24+AM24+AR24+AW24+BB24+BG24+BL24 -> 224205.99 | J24: =H24+I24 -> 1127319.5 | K24: =P24+U24+Z24+AE24+AJ24+AO24+AT24+AY24+BD24+BI24+BN24 -> 60654.286 | M24: =C24*$N$7 -> 325969.34 | N24: =D24*$N$7 -> 80924.799 | O24: =M24+N24 -> 406894.14 | P24: =N$7*$F24 -> 21892.528 | R24: =C24*$S$7 -> 217047.9 | S24: =D24*$S$7 -> 53884.08 | T24: =R24+S24 -> 270931.98 | U24: =S$7*$F24 -> 14577.221 | W24: =C24*$X$7 -> 70972.536 | X24: =D24*$X$7 -> 17619.566 | Y24: =W24+X24 -> 88592.102 | Z24: =X$7*$F24 -> 4766.6085 | AB24: =C24*$AC$7 -> 100254.47 | AC24: =D24*$AC$7 -> 24889.066 | AD24: =AB24+AC24 -> 125143.53 | AE24: =AC$7*$F24 -> 6733.2212 | AG24: =C24*$AH$7 -> 1156.4685 | AH24: =D24*$AH$7 -> 287.10363 | AI24: =AG24+AH24 -> 1443.5721 | AJ24: =AH$7*$F24 -> 77.669939 | AL24: =C24*$AM$7 -> 30741.946 | AM24: =D24*$AM$7 -> 7631.9627 | AN24: =AL24+AM24 -> 38373.909 | AO24: =AM$7*$F24 -> 2064.6694 | AQ24: =C24*$AR$7 -> 10777.98 | AR24: =D24*$AR$7 -> 2675.7297 | AS24: =AQ24+AR24 -> 13453.709 | AT24: =AR$7*$F24 -> 723.86323 | AV24: =C24*$AW$7 -> 12774.915 | AW24: =D24*$AW$7 -> 3171.4868 | AX24: =AV24+AW24 -> 15946.402 | AY24: =AW$7*$F24 -> 857.98005 | BA24: =C24*$BB$7 -> 14699.252 | BB24: =D24*$BB$7 -> 3649.2205 | BC24: =BA24+BB24 -> 18348.472 | BD24: =BB$7*$F24 -> 987.22099 | BF24: =C24*$BG$7 -> 97524.076 | BG24: =D24*$BG$7 -> 24211.223 | BH24: =BF24+BG24 -> 121735.3 | BI24: =BG$7*$F24 -> 6549.8447 | BK24: =C24*$BL$7 -> 21194.634 | BL24: =D24*$BL$7 -> 5261.7571 | BM24: =BK24+BL24 -> 26456.391 | BN24: =BL$7*$F24 -> 1423.4594
A25: 11597 | D25: 375075 | E25: =C25+D25 -> 375075 | F25: 112831 | H25: =M25+R25+W25+AB25+AG25+AL25+AQ25+AV25+BA25+BF25+BK25 -> 0 | I25: =N25+S25+X25+AC25+AH25+AM25+AR25+AW25+BB25+BG25+BL25 -> 201628.16 | J25: =H25+I25 -> 201628.16 | K25: =P25+U25+Z25+AE25+AJ25+AO25+AT25+AY25+BD25+BI25+BN25 -> 60654.286 | N25: =D25*$N$7 -> 72775.566 | O25: =M25+N25 -> 72775.566 | P25: =N$7*$F25 -> 21892.528 | R25: =C25*$S$7 -> 0 | S25: =D25*$S$7 -> 48457.882 | T25: =R25+S25 -> 48457.882 | U25: =S$7*$F25 -> 14577.221 | W25: =C25*$X$7 -> 0 | X25: =D25*$X$7 -> 15845.252 | Y25: =W25+X25 -> 15845.252 | Z25: =X$7*$F25 -> 4766.6085 | AB25: =C25*$AC$7 -> 0 | AC25: =D25*$AC$7 -> 22382.705 | AD25: =AB25+AC25 -> 22382.705 | AE25: =AC$7*$F25 -> 6733.2212 | AG25: =C25*$AH$7 -> 0 | AH25: =D25*$AH$7 -> 258.19192 | AI25: =AG25+AH25 -> 258.19192 | AJ25: =AH$7*$F25 -> 77.669939 | AL25: =C25*$AM$7 -> 0 | AM25: =D25*$AM$7 -> 6863.414 | AN25: =AL25+AM25 -> 6863.414 | AO25: =AM$7*$F25 -> 2064.6694 | AQ25: =C25*$AR$7 -> 0 | AR25: =D25*$AR$7 -> 2406.2802 | AS25: =AQ25+AR25 -> 2406.2802 | AT25: =AR$7*$F25 -> 723.86323 | AV25: =C25*$AW$7 -> 0 | AW25: =D25*$AW$7 -> 2852.1139 | AX25: =AV25+AW25 -> 2852.1139 | AY25: =AW$7*$F25 -> 857.98005 | BA25: =C25*$BB$7 -> 0 | BB25: =D25*$BB$7 -> 3281.7392 | BC25: =BA25+BB25 -> 3281.7392 | BD25: =BB$7*$F25 -> 987.22099 | BF25: =C25*$BG$7 -> 0 | BG25: =D25*$BG$7 -> 21773.121 | BH25: =BF25+BG25 -> 21773.121 | BI25: =BG$7*$F25 -> 6549.8447 | BK25: =C25*$BL$7 -> 0 | BL25: =D25*$BL$7 -> 4731.8913 | BM25: =BK25+BL25 -> 4731.8913 | BN25: =BL$7*$F25 -> 1423.4594
A26: 11780 | C26: 1765000 | D26: 375075 | E26: =C26+D26 -> 2140075 | F26: 112831 | H26: =M26+R26+W26+AB26+AG26+AL26+AQ26+AV26+BA26+BF26+BK26 -> 948806.76 | I26: =N26+S26+X26+AC26+AH26+AM26+AR26+AW26+BB26+BG26+BL26 -> 201628.16 | J26: =H26+I26 -> 1150434.9 | K26: =P26+U26+Z26+AE26+AJ26+AO26+AT26+AY26+BD26+BI26+BN26 -> 60654.286 | M26: =C26*$N$7 -> 342461.84 | N26: =D26*$N$7 -> 72775.566 | O26: =M26+N26 -> 415237.4 | P26: =N$7*$F26 -> 21892.528 | R26: =C26*$S$7 -> 228029.49 | S26: =D26*$S$7 -> 48457.882 | T26: =R26+S26 -> 276487.37 | U26: =S$7*$F26 -> 14577.221 | W26: =C26*$X$7 -> 74563.408 | X26: =D26*$X$7 -> 15845.252 | Y26: =W26+X26 -> 90408.661 | Z26: =X$7*$F26 -> 4766.6085 | AB26: =C26*$AC$7 -> 105326.86 | AC26: =D26*$AC$7 -> 22382.705 | AD26: =AB26+AC26 -> 127709.57 | AE26: =AC$7*$F26 -> 6733.2212 | AG26: =C26*$AH$7 -> 1214.9803 | AH26: =D26*$AH$7 -> 258.19192 | AI26: =AG26+AH26 -> 1473.1722 | AJ26: =AH$7*$F26 -> 77.669939 | AL26: =C26*$AM$7 -> 32297.342 | AM26: =D26*$AM$7 -> 6863.414 | AN26: =AL26+AM26 -> 39160.756 | AO26: =AM$7*$F26 -> 2064.6694 | AQ26: =C26*$AR$7 -> 11323.294 | AR26: =D26*$AR$7 -> 2406.2802 | AS26: =AQ26+AR26 -> 13729.574 | AT26: =AR$7*$F26 -> 723.86323 | AV26: =C26*$AW$7 -> 13421.265 | AW26: =D26*$AW$7 -> 2852.1139 | AX26: =AV26+AW26 -> 16273.379 | AY26: =AW$7*$F26 -> 857.98005 | BA26: =C26*$BB$7 -> 15442.964 | BB26: =D26*$BB$7 -> 3281.7392 | BC26: =BA26+BB26 -> 18724.703 | BD26: =BB$7*$F26 -> 987.22099 | BF26: =C26*$BG$7 -> 102458.33 | BG26: =D26*$BG$7 -> 21773.121 | BH26: =BF26+BG26 -> 124231.45 | BI26: =BG$7*$F26 -> 6549.8447 | BK26: =C26*$BL$7 -> 22266.982 | BL26: =D26*$BL$7 -> 4731.8913 | BM26: =BK26+BL26 -> 26998.873 | BN26: =BL$7*$F26 -> 1423.4594
A27: 11963 | D27: 330950 | E27: =C27+D27 -> 330950 | F27: 112831 | H27: =M27+R27+W27+AB27+AG27+AL27+AQ27+AV27+BA27+BF27+BK27 -> 0 | I27: =N27+S27+X27+AC27+AH27+AM27+AR27+AW27+BB27+BG27+BL27 -> 177907.99 | J27: =H27+I27 -> 177907.99 | K27: =P27+U27+Z27+AE27+AJ27+AO27+AT27+AY27+BD27+BI27+BN27 -> 60654.286 | N27: =D27*$N$7 -> 64214.02 | O27: =M27+N27 -> 64214.02 | P27: =N$7*$F27 -> 21892.528 | R27: =C27*$S$7 -> 0 | S27: =D27*$S$7 -> 42757.145 | T27: =R27+S27 -> 42757.145 | U27: =S$7*$F27 -> 14577.221 | W27: =C27*$X$7 -> 0 | X27: =D27*$X$7 -> 13981.167 | Y27: =W27+X27 -> 13981.167 | Z27: =X$7*$F27 -> 4766.6085 | AB27: =C27*$AC$7 -> 0 | AC27: =D27*$AC$7 -> 19749.533 | AD27: =AB27+AC27 -> 19749.533 | AE27: =AC$7*$F27 -> 6733.2212 | AG27: =C27*$AH$7 -> 0 | AH27: =D27*$AH$7 -> 227.81741 | AI27: =AG27+AH27 -> 227.81741 | AJ27: =AH$7*$F27 -> 77.669939 | AL27: =C27*$AM$7 -> 0 | AM27: =D27*$AM$7 -> 6055.9804 | AN27: =AL27+AM27 -> 6055.9804 | AO27: =AM$7*$F27 -> 2064.6694 | AQ27: =C27*$AR$7 -> 0 | AR27: =D27*$AR$7 -> 2123.1978 | AS27: =AQ27+AR27 -> 2123.1978 | AT27: =AR$7*$F27 -> 723.86323 | AV27: =C27*$AW$7 -> 0 | AW27: =D27*$AW$7 -> 2516.5823 | AX27: =AV27+AW27 -> 2516.5823 | AY27: =AW$7*$F27 -> 857.98005 | BA27: =C27*$BB$7 -> 0 | BB27: =D27*$BB$7 -> 2895.6651 | BC27: =BA27+BB27 -> 2895.6651 | BD27: =BB$7*$F27 -> 987.22099 | BF27: =C27*$BG$7 -> 0 | BG27: =D27*$BG$7 -> 19211.663 | BH27: =BF27+BG27 -> 19211.663 | BI27: =BG$7*$F27 -> 6549.8447 | BK27: =C27*$BL$7 -> 0 | BL27: =D27*$BL$7 -> 4175.2167 | BM27: =BK27+BL27 -> 4175.2167 | BN27: =BL$7*$F27 -> 1423.4594
A28: 12145 | C28: 1855000 | D28: 330950 | E28: =C28+D28 -> 2185950 | F28: 112831 | H28: =M28+R28+W28+AB28+AG28+AL28+AQ28+AV28+BA28+BF28+BK28 -> 997187.84 | I28: =N28+S28+X28+AC28+AH28+AM28+AR28+AW28+BB28+BG28+BL28 -> 177907.99 | J28: =H28+I28 -> 1175095.8 | K28: =P28+U28+Z28+AE28+AJ28+AO28+AT28+AY28+BD28+BI28+BN28 -> 60654.286 | M28: =C28*$N$7 -> 359924.48 | N28: =D28*$N$7 -> 64214.02 | O28: =M28+N28 -> 424138.5 | P28: =N$7*$F28 -> 21892.528 | R28: =C28*$S$7 -> 239657.06 | S28: =D28*$S$7 -> 42757.145 | T28: =R28+S28 -> 282414.2 | U28: =S$7*$F28 -> 14577.221 | W28: =C28*$X$7 -> 78365.509 | X28: =D28*$X$7 -> 13981.167 | Y28: =W28+X28 -> 92346.676 | Z28: =X$7*$F28 -> 4766.6085 | AB28: =C28*$AC$7 -> 110697.64 | AC28: =D28*$AC$7 -> 19749.533 | AD28: =AB28+AC28 -> 130447.17 | AE28: =AC$7*$F28 -> 6733.2212 | AG28: =C28*$AH$7 -> 1276.934 | AH28: =D28*$AH$7 -> 227.81741 | AI28: =AG28+AH28 -> 1504.7514 | AJ28: =AH$7*$F28 -> 77.669939 | AL28: =C28*$AM$7 -> 33944.232 | AM28: =D28*$AM$7 -> 6055.9804 | AN28: =AL28+AM28 -> 40000.213 | AO28: =AM$7*$F28 -> 2064.6694 | AQ28: =C28*$AR$7 -> 11900.686 | AR28: =D28*$AR$7 -> 2123.1978 | AS28: =AQ28+AR28 -> 14023.884 | AT28: =AR$7*$F28 -> 723.86323 | AV28: =C28*$AW$7 -> 14105.636 | AW28: =D28*$AW$7 -> 2516.5823 | AX28: =AV28+AW28 -> 16622.218 | AY28: =AW$7*$F28 -> 857.98005 | BA28: =C28*$BB$7 -> 16230.424 | BB28: =D28*$BB$7 -> 2895.6651 | BC28: =BA28+BB28 -> 19126.089 | BD28: =BB$7*$F28 -> 987.22099 | BF28: =C28*$BG$7 -> 107682.83 | BG28: =D28*$BG$7 -> 19211.663 | BH28: =BF28+BG28 -> 126894.5 | BI28: =BG$7*$F28 -> 6549.8447 | BK28: =C28*$BL$7 -> 23402.408 | BL28: =D28*$BL$7 -> 4175.2167 | BM28: =BK28+BL28 -> 27577.625 | BN28: =BL$7*$F28 -> 1423.4594
A29: 12328 | D29: 293850 | E29: =C29+D29 -> 293850 | F29: 112831 | H29: =M29+R29+W29+AB29+AG29+AL29+AQ29+AV29+BA29+BF29+BK29 -> 0 | I29: =N29+S29+X29+AC29+AH29+AM29+AR29+AW29+BB29+BG29+BL29 -> 157964.23 | J29: =H29+I29 -> 157964.23 | K29: =P29+U29+Z29+AE29+AJ29+AO29+AT29+AY29+BD29+BI29+BN29 -> 60654.286 | N29: =D29*$N$7 -> 57015.53 | O29: =M29+N29 -> 57015.53 | P29: =N$7*$F29 -> 21892.528 | R29: =C29*$S$7 -> 0 | S29: =D29*$S$7 -> 37964.004 | T29: =R29+S29 -> 37964.004 | U29: =S$7*$F29 -> 14577.221 | W29: =C29*$X$7 -> 0 | X29: =D29*$X$7 -> 12413.857 | Y29: =W29+X29 -> 12413.857 | Z29: =X$7*$F29 -> 4766.6085 | AB29: =C29*$AC$7 -> 0 | AC29: =D29*$AC$7 -> 17535.58 | AD29: =AB29+AC29 -> 17535.58 | AE29: =AC$7*$F29 -> 6733.2212 | AG29: =C29*$AH$7 -> 0 | AH29: =D29*$AH$7 -> 202.27873 | AI29: =AG29+AH29 -> 202.27873 | AJ29: =AH$7*$F29 -> 77.669939 | AL29: =C29*$AM$7 -> 0 | AM29: =D29*$AM$7 -> 5377.0958 | AN29: =AL29+AM29 -> 5377.0958 | AO29: =AM$7*$F29 -> 2064.6694 | AQ29: =C29*$AR$7 -> 0 | AR29: =D29*$AR$7 -> 1885.1841 | AS29: =AQ29+AR29 -> 1885.1841 | AT29: =AR$7*$F29 -> 723.86323 | AV29: =C29*$AW$7 -> 0 | AW29: =D29*$AW$7 -> 2234.4696 | AX29: =AV29+AW29 -> 2234.4696 | AY29: =AW$7*$F29 -> 857.98005 | BA29: =C29*$BB$7 -> 0 | BB29: =D29*$BB$7 -> 2571.0566 | BC29: =BA29+BB29 -> 2571.0566 | BD29: =BB$7*$F29 -> 987.22099 | BF29: =C29*$BG$7 -> 0 | BG29: =D29*$BG$7 -> 17058.006 | BH29: =BF29+BG29 -> 17058.006 | BI29: =BG$7*$F29 -> 6549.8447 | BK29: =C29*$BL$7 -> 0 | BL29: =D29*$BL$7 -> 3707.1686 | BM29: =BK29+BL29 -> 3707.1686 | BN29: =BL$7*$F29 -> 1423.4594
A30: 12510 | C30: 1930000 | D30: 293850 | E30: =C30+D30 -> 2223850 | F30: 112831 | H30: =M30+R30+W30+AB30+AG30+AL30+AQ30+AV30+BA30+BF30+BK30 -> 1037505.4 | I30: =N30+S30+X30+AC30+AH30+AM30+AR30+AW30+BB30+BG30+BL30 -> 157964.23 | J30: =H30+I30 -> 1195469.6 | K30: =P30+U30+Z30+AE30+AJ30+AO30+AT30+AY30+BD30+BI30+BN30 -> 60654.286 | M30: =C30*$N$7 -> 374476.68 | N30: =D30*$N$7 -> 57015.53 | O30: =M30+N30 -> 431492.21 | P30: =N$7*$F30 -> 21892.528 | R30: =C30*$S$7 -> 249346.7 | S30: =D30*$S$7 -> 37964.004 | T30: =R30+S30 -> 287310.7 | U30: =S$7*$F30 -> 14577.221 | W30: =C30*$X$7 -> 81533.925 | X30: =D30*$X$7 -> 12413.857 | Y30: =W30+X30 -> 93947.782 | Z30: =X$7*$F30 -> 4766.6085 | AB30: =C30*$AC$7 -> 115173.29 | AC30: =D30*$AC$7 -> 17535.58 | AD30: =AB30+AC30 -> 132708.87 | AE30: =AC$7*$F30 -> 6733.2212 | AG30: =C30*$AH$7 -> 1328.562 | AH30: =D30*$AH$7 -> 202.27873 | AI30: =AG30+AH30 -> 1530.8408 | AJ30: =AH$7*$F30 -> 77.669939 | AL30: =C30*$AM$7 -> 35316.641 | AM30: =D30*$AM$7 -> 5377.0958 | AN30: =AL30+AM30 -> 40693.737 | AO30: =AM$7*$F30 -> 2064.6694 | AQ30: =C30*$AR$7 -> 12381.846 | AR30: =D30*$AR$7 -> 1885.1841 | AS30: =AQ30+AR30 -> 14267.03 | AT30: =AR$7*$F30 -> 723.86323 | AV30: =C30*$AW$7 -> 14675.944 | AW30: =D30*$AW$7 -> 2234.4696 | AX30: =AV30+AW30 -> 16910.414 | AY30: =AW$7*$F30 -> 857.98005 | BA30: =C30*$BB$7 -> 16886.64 | BB30: =D30*$BB$7 -> 2571.0566 | BC30: =BA30+BB30 -> 19457.697 | BD30: =BB$7*$F30 -> 987.22099 | BF30: =C30*$BG$7 -> 112036.59 | BG30: =D30*$BG$7 -> 17058.006 | BH30: =BF30+BG30 -> 129094.59 | BI30: =BG$7*$F30 -> 6549.8447 | BK30: =C30*$BL$7 -> 24348.597 | BL30: =D30*$BL$7 -> 3707.1686 | BM30: =BK30+BL30 -> 28055.766 | BN30: =BL$7*$F30 -> 1423.4594
A31: 12693 | D31: 264900 | E31: =C31+D31 -> 264900 | F31: 112831 | H31: =M31+R31+W31+AB31+AG31+AL31+AQ31+AV31+BA31+BF31+BK31 -> 0 | I31: =N31+S31+X31+AC31+AH31+AM31+AR31+AW31+BB31+BG31+BL31 -> 142401.65 | J31: =H31+I31 -> 142401.65 | K31: =P31+U31+Z31+AE31+AJ31+AO31+AT31+AY31+BD31+BI31+BN31 -> 60654.286 | N31: =D31*$N$7 -> 51398.38 | O31: =M31+N31 -> 51398.38 | P31: =N$7*$F31 -> 21892.528 | R31: =C31*$S$7 -> 0 | S31: =D31*$S$7 -> 34223.803 | T31: =R31+S31 -> 34223.803 | U31: =S$7*$F31 -> 14577.221 | W31: =C31*$X$7 -> 0 | X31: =D31*$X$7 -> 11190.848 | Y31: =W31+X31 -> 11190.848 | Z31: =X$7*$F31 -> 4766.6085 | AB31: =C31*$AC$7 -> 0 | AC31: =D31*$AC$7 -> 15807.981 | AD31: =AB31+AC31 -> 15807.981 | AE31: =AC$7*$F31 -> 6733.2212 | AG31: =C31*$AH$7 -> 0 | AH31: =D31*$AH$7 -> 182.3503 | AI31: =AG31+AH31 -> 182.3503 | AJ31: =AH$7*$F31 -> 77.669939 | AL31: =C31*$AM$7 -> 0 | AM31: =D31*$AM$7 -> 4847.3462 | AN31: =AL31+AM31 -> 4847.3462 | AO31: =AM$7*$F31 -> 2064.6694 | AQ31: =C31*$AR$7 -> 0 | AR31: =D31*$AR$7 -> 1699.4564 | AS31: =AQ31+AR31 -> 1699.4564 | AT31: =AR$7*$F31 -> 723.86323 | AV31: =C31*$AW$7 -> 0 | AW31: =D31*$AW$7 -> 2014.3304 | AX31: =AV31+AW31 -> 2014.3304 | AY31: =AW$7*$F31 -> 857.98005 | BA31: =C31*$BB$7 -> 0 | BB31: =D31*$BB$7 -> 2317.757 | BC31: =BA31+BB31 -> 2317.757 | BD31: =BB$7*$F31 -> 987.22099 | BF31: =C31*$BG$7 -> 0 | BG31: =D31*$BG$7 -> 15377.457 | BH31: =BF31+BG31 -> 15377.457 | BI31: =BG$7*$F31 -> 6549.8447 | BK31: =C31*$BL$7 -> 0 | BL31: =D31*$BL$7 -> 3341.9396 | BM31: =BK31+BL31 -> 3341.9396 | BN31: =BL$7*$F31 -> 1423.4594
A32: 12875 | C32: 1985000 | D32: 264900 | E32: =C32+D32 -> 2249900 | F32: 112831 | H32: =M32+R32+W32+AB32+AG32+AL32+AQ32+AV32+BA32+BF32+BK32 -> 1067071.6 | I32: =N32+S32+X32+AC32+AH32+AM32+AR32+AW32+BB32+BG32+BL32 -> 142401.65 | J32: =H32+I32 -> 1209473.3 | K32: =P32+U32+Z32+AE32+AJ32+AO32+AT32+AY32+BD32+BI32+BN32 -> 60654.286 | M32: =C32*$N$7 -> 385148.3 | N32: =D32*$N$7 -> 51398.38 | O32: =M32+N32 -> 436546.68 | P32: =N$7*$F32 -> 21892.528 | R32: =C32*$S$7 -> 256452.43 | S32: =D32*$S$7 -> 34223.803 | T32: =R32+S32 -> 290676.24 | U32: =S$7*$F32 -> 14577.221 | W32: =C32*$X$7 -> 83857.431 | X32: =D32*$X$7 -> 11190.848 | Y32: =W32+X32 -> 95048.279 | Z32: =X$7*$F32 -> 4766.6085 | AB32: =C32*$AC$7 -> 118455.43 | AC32: =D32*$AC$7 -> 15807.981 | AD32: =AB32+AC32 -> 134263.41 | AE32: =AC$7*$F32 -> 6733.2212 | AG32: =C32*$AH$7 -> 1366.4226 | AH32: =D32*$AH$7 -> 182.3503 | AI32: =AG32+AH32 -> 1548.7729 | AJ32: =AH$7*$F32 -> 77.669939 | AL32: =C32*$AM$7 -> 36323.074 | AM32: =D32*$AM$7 -> 4847.3462 | AN32: =AL32+AM32 -> 41170.42 | AO32: =AM$7*$F32 -> 2064.6694 | AQ32: =C32*$AR$7 -> 12734.696 | AR32: =D32*$AR$7 -> 1699.4564 | AS32: =AQ32+AR32 -> 14434.153 | AT32: =AR$7*$F32 -> 723.86323 | AV32: =C32*$AW$7 -> 15094.171 | AW32: =D32*$AW$7 -> 2014.3304 | AX32: =AV32+AW32 -> 17108.501 | AY32: =AW$7*$F32 -> 857.98005 | BA32: =C32*$BB$7 -> 17367.866 | BB32: =D32*$BB$7 -> 2317.757 | BC32: =BA32+BB32 -> 19685.623 | BD32: =BB$7*$F32 -> 987.22099 | BF32: =C32*$BG$7 -> 115229.34 | BG32: =D32*$BG$7 -> 15377.457 | BH32: =BF32+BG32 -> 130606.8 | BI32: =BG$7*$F32 -> 6549.8447 | BK32: =C32*$BL$7 -> 25042.469 | BL32: =D32*$BL$7 -> 3341.9396 | BM32: =BK32+BL32 -> 28384.409 | BN32: =BL$7*$F32 -> 1423.4594
A33: 13058 | D33: 235125 | E33: =C33+D33 -> 235125 | F33: 112831 | H33: =M33+R33+W33+AB33+AG33+AL33+AQ33+AV33+BA33+BF33+BK33 -> 0 | I33: =N33+S33+X33+AC33+AH33+AM33+AR33+AW33+BB33+BG33+BL33 -> 126395.57 | J33: =H33+I33 -> 126395.57 | K33: =P33+U33+Z33+AE33+AJ33+AO33+AT33+AY33+BD33+BI33+BN33 -> 60654.286 | N33: =D33*$N$7 -> 45621.155 | O33: =M33+N33 -> 45621.155 | P33: =N$7*$F33 -> 21892.528 | R33: =C33*$S$7 -> 0 | S33: =D33*$S$7 -> 30377.017 | T33: =R33+S33 -> 30377.017 | U33: =S$7*$F33 -> 14577.221 | W33: =C33*$X$7 -> 0 | X33: =D33*$X$7 -> 9932.9866 | Y33: =W33+X33 -> 9932.9866 | Z33: =X$7*$F33 -> 4766.6085 | AB33: =C33*$AC$7 -> 0 | AC33: =D33*$AC$7 -> 14031.15 | AD33: =AB33+AC33 -> 14031.15 | AE33: =AC$7*$F33 -> 6733.2212 | AG33: =C33*$AH$7 -> 0 | AH33: =D33*$AH$7 -> 161.85396 | AI33: =AG33+AH33 -> 161.85396 | AJ33: =AH$7*$F33 -> 77.669939 | AL33: =C33*$AM$7 -> 0 | AM33: =D33*$AM$7 -> 4302.5001 | AN33: =AL33+AM33 -> 4302.5001 | AO33: =AM$7*$F33 -> 2064.6694 | AQ33: =C33*$AR$7 -> 0 | AR33: =D33*$AR$7 -> 1508.436 | AS33: =AQ33+AR33 -> 1508.436 | AT33: =AR$7*$F33 -> 723.86323 | AV33: =C33*$AW$7 -> 0 | AW33: =D33*$AW$7 -> 1787.9178 | AX33: =AV33+AW33 -> 1787.9178 | AY33: =AW$7*$F33 -> 857.98005 | BA33: =C33*$BB$7 -> 0 | BB33: =D33*$BB$7 -> 2057.239 | BC33: =BA33+BB33 -> 2057.239 | BD33: =BB$7*$F33 -> 987.22099 | BF33: =C33*$BG$7 -> 0 | BG33: =D33*$BG$7 -> 13649.017 | BH33: =BF33+BG33 -> 13649.017 | BI33: =BG$7*$F33 -> 6549.8447 | BK33: =C33*$BL$7 -> 0 | BL33: =D33*$BL$7 -> 2966.3026 | BM33: =BK33+BL33 -> 2966.3026 | BN33: =BL$7*$F33 -> 1423.4594
A34: 13241 | C34: 2045000 | D34: 235125 | E34: =C34+D34 -> 2280125 | F34: 112831 | H34: =M34+R34+W34+AB34+AG34+AL34+AQ34+AV34+BA34+BF34+BK34 -> 1099325.7 | I34: =N34+S34+X34+AC34+AH34+AM34+AR34+AW34+BB34+BG34+BL34 -> 126395.57 | J34: =H34+I34 -> 1225721.3 | K34: =P34+U34+Z34+AE34+AJ34+AO34+AT34+AY34+BD34+BI34+BN34 -> 60654.286 | M34: =C34*$N$7 -> 396790.06 | N34: =D34*$N$7 -> 45621.155 | O34: =M34+N34 -> 442411.22 | P34: =N$7*$F34 -> 21892.528 | R34: =C34*$S$7 -> 264204.14 | S34: =D34*$S$7 -> 30377.017 | T34: =R34+S34 -> 294581.16 | U34: =S$7*$F34 -> 14577.221 | W34: =C34*$X$7 -> 86392.164 | X34: =D34*$X$7 -> 9932.9866 | Y34: =W34+X34 -> 96325.151 | Z34: =X$7*$F34 -> 4766.6085 | AB34: =C34*$AC$7 -> 122035.94 | AC34: =D34*$AC$7 -> 14031.15 | AD34: =AB34+AC34 -> 136067.09 | AE34: =AC$7*$F34 -> 6733.2212 | AG34: =C34*$AH$7 -> 1407.725 | AH34: =D34*$AH$7 -> 161.85396 | AI34: =AG34+AH34 -> 1569.579 | AJ34: =AH$7*$F34 -> 77.669939 | AL34: =C34*$AM$7 -> 37421 | AM34: =D34*$AM$7 -> 4302.5001 | AN34: =AL34+AM34 -> 41723.5 | AO34: =AM$7*$F34 -> 2064.6694 | AQ34: =C34*$AR$7 -> 13119.624 | AR34: =D34*$AR$7 -> 1508.436 | AS34: =AQ34+AR34 -> 14628.06 | AT34: =AR$7*$F34 -> 723.86323 | AV34: =C34*$AW$7 -> 15550.418 | AW34: =D34*$AW$7 -> 1787.9178 | AX34: =AV34+AW34 -> 17338.336 | AY34: =AW$7*$F34 -> 857.98005 | BA34: =C34*$BB$7 -> 17892.839 | BB34: =D34*$BB$7 -> 2057.239 | BC34: =BA34+BB34 -> 19950.078 | BD34: =BB$7*$F34 -> 987.22099 | BF34: =C34*$BG$7 -> 118712.34 | BG34: =D34*$BG$7 -> 13649.017 | BH34: =BF34+BG34 -> 132361.36 | BI34: =BG$7*$F34 -> 6549.8447 | BK34: =C34*$BL$7 -> 25799.421 | BL34: =D34*$BL$7 -> 2966.3026 | BM34: =BK34+BL34 -> 28765.723 | BN34: =BL$7*$F34 -> 1423.4594
A35: 13424 | D35: 204450 | E35: =C35+D35 -> 204450 | F35: 112831 | H35: =M35+R35+W35+AB35+AG35+AL35+AQ35+AV35+BA35+BF35+BK35 -> 0 | I35: =N35+S35+X35+AC35+AH35+AM35+AR35+AW35+BB35+BG35+BL35 -> 109905.69 | J35: =H35+I35 -> 109905.69 | K35: =P35+U35+Z35+AE35+AJ35+AO35+AT35+AY35+BD35+BI35+BN35 -> 60654.286 | N35: =D35*$N$7 -> 39669.305 | O35: =M35+N35 -> 39669.305 | P35: =N$7*$F35 -> 21892.528 | R35: =C35*$S$7 -> 0 | S35: =D35*$S$7 -> 26413.955 | T35: =R35+S35 -> 26413.955 | U35: =S$7*$F35 -> 14577.221 | W35: =C35*$X$7 -> 0 | X35: =D35*$X$7 -> 8637.1042 | Y35: =W35+X35 -> 8637.1042 | Z35: =X$7*$F35 -> 4766.6085 | AB35: =C35*$AC$7 -> 0 | AC35: =D35*$AC$7 -> 12200.61 | AD35: =AB35+AC35 -> 12200.61 | AE35: =AC$7*$F35 -> 6733.2212 | AG35: =C35*$AH$7 -> 0 | AH35: =D35*$AH$7 -> 140.73809 | AI35: =AG35+AH35 -> 140.73809 | AJ35: =AH$7*$F35 -> 77.669939 | AL35: =C35*$AM$7 -> 0 | AM35: =D35*$AM$7 -> 3741.1851 | AN35: =AL35+AM35 -> 3741.1851 | AO35: =AM$7*$F35 -> 2064.6694 | AQ35: =C35*$AR$7 -> 0 | AR35: =D35*$AR$7 -> 1311.6416 | AS35: =AQ35+AR35 -> 1311.6416 | AT35: =AR$7*$F35 -> 723.86323 | AV35: =C35*$AW$7 -> 0 | AW35: =D35*$AW$7 -> 1554.6616 | AX35: =AV35+AW35 -> 1554.6616 | AY35: =AW$7*$F35 -> 857.98005 | BA35: =C35*$BB$7 -> 0 | BB35: =D35*$BB$7 -> 1788.8464 | BC35: =BA35+BB35 -> 1788.8464 | BD35: =BB$7*$F35 -> 987.22099 | BF35: =C35*$BG$7 -> 0 | BG35: =D35*$BG$7 -> 11868.332 | BH35: =BF35+BG35 -> 11868.332 | BI35: =BG$7*$F35 -> 6549.8447 | BK35: =C35*$BL$7 -> 0 | BL35: =D35*$BL$7 -> 2579.3113 | BM35: =BK35+BL35 -> 2579.3113 | BN35: =BL$7*$F35 -> 1423.4594
A36: 13606 | C36: 2105000 | D36: 204450 | E36: =C36+D36 -> 2309450 | F36: 112831 | H36: =M36+R36+W36+AB36+AG36+AL36+AQ36+AV36+BA36+BF36+BK36 -> 1131579.7 | I36: =N36+S36+X36+AC36+AH36+AM36+AR36+AW36+BB36+BG36+BL36 -> 109905.69 | J36: =H36+I36 -> 1241485.4 | K36: =P36+U36+Z36+AE36+AJ36+AO36+AT36+AY36+BD36+BI36+BN36 -> 60654.286 | M36: =C36*$N$7 -> 408431.82 | N36: =D36*$N$7 -> 39669.305 | O36: =M36+N36 -> 448101.13 | P36: =N$7*$F36 -> 21892.528 | R36: =C36*$S$7 -> 271955.85 | S36: =D36*$S$7 -> 26413.955 | T36: =R36+S36 -> 298369.81 | U36: =S$7*$F36 -> 14577.221 | W36: =C36*$X$7 -> 88926.898 | X36: =D36*$X$7 -> 8637.1042 | Y36: =W36+X36 -> 97564.002 | Z36: =X$7*$F36 -> 4766.6085 | AB36: =C36*$AC$7 -> 125616.46 | AC36: =D36*$AC$7 -> 12200.61 | AD36: =AB36+AC36 -> 137817.07 | AE36: =AC$7*$F36 -> 6733.2212 | AG36: =C36*$AH$7 -> 1449.0275 | AH36: =D36*$AH$7 -> 140.73809 | AI36: =AG36+AH36 -> 1589.7656 | AJ36: =AH$7*$F36 -> 77.669939 | AL36: =C36*$AM$7 -> 38518.927 | AM36: =D36*$AM$7 -> 3741.1851 | AN36: =AL36+AM36 -> 42260.112 | AO36: =AM$7*$F36 -> 2064.6694 | AQ36: =C36*$AR$7 -> 13504.552 | AR36: =D36*$AR$7 -> 1311.6416 | AS36: =AQ36+AR36 -> 14816.194 | AT36: =AR$7*$F36 -> 723.86323 | AV36: =C36*$AW$7 -> 16006.665 | AW36: =D36*$AW$7 -> 1554.6616 | AX36: =AV36+AW36 -> 17561.326 | AY36: =AW$7*$F36 -> 857.98005 | BA36: =C36*$BB$7 -> 18417.812 | BB36: =D36*$BB$7 -> 1788.8464 | BC36: =BA36+BB36 -> 20206.659 | BD36: =BB$7*$F36 -> 987.22099 | BF36: =C36*$BG$7 -> 122195.35 | BG36: =D36*$BG$7 -> 11868.332 | BH36: =BF36+BG36 -> 134063.68 | BI36: =BG$7*$F36 -> 6549.8447 | BK36: =C36*$BL$7 -> 26556.372 | BL36: =D36*$BL$7 -> 2579.3113 | BM36: =BK36+BL36 -> 29135.683 | BN36: =BL$7*$F36 -> 1423.4594
A37: 13789 | D37: 172875 | E37: =C37+D37 -> 172875 | F37: 112831 | H37: =M37+R37+W37+AB37+AG37+AL37+AQ37+AV37+BA37+BF37+BK37 -> 0 | I37: =N37+S37+X37+AC37+AH37+AM37+AR37+AW37+BB37+BG37+BL37 -> 92931.994 | J37: =H37+I37 -> 92931.994 | K37: =P37+U37+Z37+AE37+AJ37+AO37+AT37+AY37+BD37+BI37+BN37 -> 60654.286 | N37: =D37*$N$7 -> 33542.827 | O37: =M37+N37 -> 33542.827 | P37: =N$7*$F37 -> 21892.528 | R37: =C37*$S$7 -> 0 | S37: =D37*$S$7 -> 22334.617 | T37: =R37+S37 -> 22334.617 | U37: =S$7*$F37 -> 14577.221 | W37: =C37*$X$7 -> 0 | X37: =D37*$X$7 -> 7303.2007 | Y37: =W37+X37 -> 7303.2007 | Z37: =X$7*$F37 -> 4766.6085 | AB37: =C37*$AC$7 -> 0 | AC37: =D37*$AC$7 -> 10316.364 | AD37: =AB37+AC37 -> 10316.364 | AE37: =AC$7*$F37 -> 6733.2212 | AG37: =C37*$AH$7 -> 0 | AH37: =D37*$AH$7 -> 119.00267 | AI37: =AG37+AH37 -> 119.00267 | AJ37: =AH$7*$F37 -> 77.669939 | AL37: =C37*$AM$7 -> 0 | AM37: =D37*$AM$7 -> 3163.4012 | AN37: =AL37+AM37 -> 3163.4012 | AO37: =AM$7*$F37 -> 2064.6694 | AQ37: =C37*$AR$7 -> 0 | AR37: =D37*$AR$7 -> 1109.0734 | AS37: =AQ37+AR37 -> 1109.0734 | AT37: =AR$7*$F37 -> 723.86323 | AV37: =C37*$AW$7 -> 0 | AW37: =D37*$AW$7 -> 1314.5616 | AX37: =AV37+AW37 -> 1314.5616 | AY37: =AW$7*$F37 -> 857.98005 | BA37: =C37*$BB$7 -> 0 | BB37: =D37*$BB$7 -> 1512.5792 | BC37: =BA37+BB37 -> 1512.5792 | BD37: =BB$7*$F37 -> 987.22099 | BF37: =C37*$BG$7 -> 0 | BG37: =D37*$BG$7 -> 10035.402 | BH37: =BF37+BG37 -> 10035.402 | BI37: =BG$7*$F37 -> 6549.8447 | BK37: =C37*$BL$7 -> 0 | BL37: =D37*$BL$7 -> 2180.9657 | BM37: =BK37+BL37 -> 2180.9657 | BN37: =BL$7*$F37 -> 1423.4594
A38: 13971 | C38: 2170000 | D38: 172875 | E38: =C38+D38 -> 2342875 | F38: 112831 | H38: =M38+R38+W38+AB38+AG38+AL38+AQ38+AV38+BA38+BF38+BK38 -> 1166521.6 | I38: =N38+S38+X38+AC38+AH38+AM38+AR38+AW38+BB38+BG38+BL38 -> 92931.994 | J38: =H38+I38 -> 1259453.6 | K38: =P38+U38+Z38+AE38+AJ38+AO38+AT38+AY38+BD38+BI38+BN38 -> 60654.286 | M38: =C38*$N$7 -> 421043.73 | N38: =D38*$N$7 -> 33542.827 | O38: =M38+N38 -> 454586.56 | P38: =N$7*$F38 -> 21892.528 | R38: =C38*$S$7 -> 280353.54 | S38: =D38*$S$7 -> 22334.617 | T38: =R38+S38 -> 302688.16 | U38: =S$7*$F38 -> 14577.221 | W38: =C38*$X$7 -> 91672.859 | X38: =D38*$X$7 -> 7303.2007 | Y38: =W38+X38 -> 98976.06 | Z38: =X$7*$F38 -> 4766.6085 | AB38: =C38*$AC$7 -> 129495.35 | AC38: =D38*$AC$7 -> 10316.364 | AD38: =AB38+AC38 -> 139811.72 | AE38: =AC$7*$F38 -> 6733.2212 | AG38: =C38*$AH$7 -> 1493.7718 | AH38: =D38*$AH$7 -> 119.00267 | AI38: =AG38+AH38 -> 1612.7745 | AJ38: =AH$7*$F38 -> 77.669939 | AL38: =C38*$AM$7 -> 39708.347 | AM38: =D38*$AM$7 -> 3163.4012 | AN38: =AL38+AM38 -> 42871.749 | AO38: =AM$7*$F38 -> 2064.6694 | AQ38: =C38*$AR$7 -> 13921.557 | AR38: =D38*$AR$7 -> 1109.0734 | AS38: =AQ38+AR38 -> 15030.63 | AT38: =AR$7*$F38 -> 723.86323 | AV38: =C38*$AW$7 -> 16500.932 | AW38: =D38*$AW$7 -> 1314.5616 | AX38: =AV38+AW38 -> 17815.494 | AY38: =AW$7*$F38 -> 857.98005 | BA38: =C38*$BB$7 -> 18986.533 | BB38: =D38*$BB$7 -> 1512.5792 | BC38: =BA38+BB38 -> 20499.113 | BD38: =BB$7*$F38 -> 987.22099 | BF38: =C38*$BG$7 -> 125968.6 | BG38: =D38*$BG$7 -> 10035.402 | BH38: =BF38+BG38 -> 136004 | BI38: =BG$7*$F38 -> 6549.8447 | BK38: =C38*$BL$7 -> 27376.402 | BL38: =D38*$BL$7 -> 2180.9657 | BM38: =BK38+BL38 -> 29557.368 | BN38: =BL$7*$F38 -> 1423.4594
A39: 14154 | D39: 140325 | E39: =C39+D39 -> 140325 | F39: 112831 | H39: =M39+R39+W39+AB39+AG39+AL39+AQ39+AV39+BA39+BF39+BK39 -> 0 | I39: =N39+S39+X39+AC39+AH39+AM39+AR39+AW39+BB39+BG39+BL39 -> 75434.169 | J39: =H39+I39 -> 75434.169 | K39: =P39+U39+Z39+AE39+AJ39+AO39+AT39+AY39+BD39+BI39+BN39 -> 60654.286 | N39: =D39*$N$7 -> 27227.171 | O39: =M39+N39 -> 27227.171 | P39: =N$7*$F39 -> 21892.528 | R39: =C39*$S$7 -> 0 | S39: =D39*$S$7 -> 18129.314 | T39: =R39+S39 -> 18129.314 | U39: =S$7*$F39 -> 14577.221 | W39: =C39*$X$7 -> 0 | X39: =D39*$X$7 -> 5928.1078 | Y39: =W39+X39 -> 5928.1078 | Z39: =X$7*$F39 -> 4766.6085 | AB39: =C39*$AC$7 -> 0 | AC39: =D39*$AC$7 -> 8373.9333 | AD39: =AB39+AC39 -> 8373.9333 | AE39: =AC$7*$F39 -> 6733.2212 | AG39: =C39*$AH$7 -> 0 | AH39: =D39*$AH$7 -> 96.596096 | AI39: =AG39+AH39 -> 96.596096 | AJ39: =AH$7*$F39 -> 77.669939 | AL39: =C39*$AM$7 -> 0 | AM39: =D39*$AM$7 -> 2567.776 | AN39: =AL39+AM39 -> 2567.776 | AO39: =AM$7*$F39 -> 2064.6694 | AQ39: =C39*$AR$7 -> 0 | AR39: =D39*$AR$7 -> 900.25 | AS39: =AQ39+AR39 -> 900.25 | AT39: =AR$7*$F39 -> 723.86323 | AV39: =C39*$AW$7 -> 0 | AW39: =D39*$AW$7 -> 1067.0476 | AX39: =AV39+AW39 -> 1067.0476 | AY39: =AW$7*$F39 -> 857.98005 | BA39: =C39*$BB$7 -> 0 | BB39: =D39*$BB$7 -> 1227.7812 | BC39: =BA39+BB39 -> 1227.7812 | BD39: =BB$7*$F39 -> 987.22099 | BF39: =C39*$BG$7 -> 0 | BG39: =D39*$BG$7 -> 8145.8726 | BH39: =BF39+BG39 -> 8145.8726 | BI39: =BG$7*$F39 -> 6549.8447 | BK39: =C39*$BL$7 -> 0 | BL39: =D39*$BL$7 -> 1770.3197 | BM39: =BK39+BL39 -> 1770.3197 | BN39: =BL$7*$F39 -> 1423.4594
A40: 14336 | C40: 2235000 | D40: 140325 | E40: =C40+D40 -> 2375325 | F40: 112831 | H40: =M40+R40+W40+AB40+AG40+AL40+AQ40+AV40+BA40+BF40+BK40 -> 1201463.5 | I40: =N40+S40+X40+AC40+AH40+AM40+AR40+AW40+BB40+BG40+BL40 -> 75434.169 | J40: =H40+I40 -> 1276897.7 | K40: =P40+U40+Z40+AE40+AJ40+AO40+AT40+AY40+BD40+BI40+BN40 -> 60654.286 | M40: =C40*$N$7 -> 433655.64 | N40: =D40*$N$7 -> 27227.171 | O40: =M40+N40 -> 460882.81 | P40: =N$7*$F40 -> 21892.528 | R40: =C40*$S$7 -> 288751.23 | S40: =D40*$S$7 -> 18129.314 | T40: =R40+S40 -> 306880.54 | U40: =S$7*$F40 -> 14577.221 | W40: =C40*$X$7 -> 94418.82 | X40: =D40*$X$7 -> 5928.1078 | Y40: =W40+X40 -> 100346.93 | Z40: =X$7*$F40 -> 4766.6085 | AB40: =C40*$AC$7 -> 133374.24 | AC40: =D40*$AC$7 -> 8373.9333 | AD40: =AB40+AC40 -> 141748.18 | AE40: =AC$7*$F40 -> 6733.2212 | AG40: =C40*$AH$7 -> 1538.5161 | AH40: =D40*$AH$7 -> 96.596096 | AI40: =AG40+AH40 -> 1635.1122 | AJ40: =AH$7*$F40 -> 77.669939 | AL40: =C40*$AM$7 -> 40897.768 | AM40: =D40*$AM$7 -> 2567.776 | AN40: =AL40+AM40 -> 43465.544 | AO40: =AM$7*$F40 -> 2064.6694 | AQ40: =C40*$AR$7 -> 14338.562 | AR40: =D40*$AR$7 -> 900.25 | AS40: =AQ40+AR40 -> 15238.812 | AT40: =AR$7*$F40 -> 723.86323 | AV40: =C40*$AW$7 -> 16995.2 | AW40: =D40*$AW$7 -> 1067.0476 | AX40: =AV40+AW40 -> 18062.248 | AY40: =AW$7*$F40 -> 857.98005 | BA40: =C40*$BB$7 -> 19555.254 | BB40: =D40*$BB$7 -> 1227.7812 | BC40: =BA40+BB40 -> 20783.036 | BD40: =BB$7*$F40 -> 987.22099 | BF40: =C40*$BG$7 -> 129741.85 | BG40: =D40*$BG$7 -> 8145.8726 | BH40: =BF40+BG40 -> 137887.72 | BI40: =BG$7*$F40 -> 6549.8447 | BK40: =C40*$BL$7 -> 28196.433 | BL40: =D40*$BL$7 -> 1770.3197 | BM40: =BK40+BL40 -> 29966.752 | BN40: =BL$7*$F40 -> 1423.4594
A41: 14519 | D41: 106800 | E41: =C41+D41 -> 106800 | F41: 112831 | H41: =M41+R41+W41+AB41+AG41+AL41+AQ41+AV41+BA41+BF41+BK41 -> 0 | I41: =N41+S41+X41+AC41+AH41+AM41+AR41+AW41+BB41+BG41+BL41 -> 57412.216 | J41: =H41+I41 -> 57412.216 | K41: =P41+U41+Z41+AE41+AJ41+AO41+AT41+AY41+BD41+BI41+BN41 -> 60654.286 | N41: =D41*$N$7 -> 20722.337 | O41: =M41+N41 -> 20722.337 | P41: =N$7*$F41 -> 21892.528 | R41: =C41*$S$7 -> 0 | S41: =D41*$S$7 -> 13798.045 | T41: =R41+S41 -> 13798.045 | U41: =S$7*$F41 -> 14577.221 | W41: =C41*$X$7 -> 0 | X41: =D41*$X$7 -> 4511.8255 | Y41: =W41+X41 -> 4511.8255 | Z41: =X$7*$F41 -> 4766.6085 | AB41: =C41*$AC$7 -> 0 | AC41: =D41*$AC$7 -> 6373.3196 | AD41: =AB41+AC41 -> 6373.3196 | AE41: =AC$7*$F41 -> 6733.2212 | AG41: =C41*$AH$7 -> 0 | AH41: =D41*$AH$7 -> 73.518354 | AI41: =AG41+AH41 -> 73.518354 | AJ41: =AH$7*$F41 -> 77.669939 | AL41: =C41*$AM$7 -> 0 | AM41: =D41*$AM$7 -> 1954.3094 | AN41: =AL41+AM41 -> 1954.3094 | AO41: =AM$7*$F41 -> 2064.6694 | AQ41: =C41*$AR$7 -> 0 | AR41: =D41*$AR$7 -> 685.17157 | AS41: =AQ41+AR41 -> 685.17157 | AT41: =AR$7*$F41 -> 723.86323 | AV41: =C41*$AW$7 -> 0 | AW41: =D41*$AW$7 -> 812.11962 | AX41: =AV41+AW41 -> 812.11962 | AY41: =AW$7*$F41 -> 857.98005 | BA41: =C41*$BB$7 -> 0 | BB41: =D41*$BB$7 -> 934.45242 | BC41: =BA41+BB41 -> 934.45242 | BD41: =BB$7*$F41 -> 987.22099 | BF41: =C41*$BG$7 -> 0 | BG41: =D41*$BG$7 -> 6199.7449 | BH41: =BF41+BG41 -> 6199.7449 | BI41: =BG$7*$F41 -> 6549.8447 | BK41: =C41*$BL$7 -> 0 | BL41: =D41*$BL$7 -> 1347.3732 | BM41: =BK41+BL41 -> 1347.3732 | BN41: =BL$7*$F41 -> 1423.4594
A42: 14702 | C42: 2305000 | D42: 106800 | E42: =C42+D42 -> 2411800 | F42: 112831 | H42: =M42+R42+W42+AB42+AG42+AL42+AQ42+AV42+BA42+BF42+BK42 -> 1239093.2 | I42: =N42+S42+X42+AC42+AH42+AM42+AR42+AW42+BB42+BG42+BL42 -> 57412.216 | J42: =H42+I42 -> 1296505.5 | K42: =P42+U42+Z42+AE42+AJ42+AO42+AT42+AY42+BD42+BI42+BN42 -> 60654.286 | M42: =C42*$N$7 -> 447237.7 | N42: =D42*$N$7 -> 20722.337 | O42: =M42+N42 -> 467960.03 | P42: =N$7*$F42 -> 21892.528 | R42: =C42*$S$7 -> 297794.89 | S42: =D42*$S$7 -> 13798.045 | T42: =R42+S42 -> 311592.93 | U42: =S$7*$F42 -> 14577.221 | W42: =C42*$X$7 -> 97376.009 | X42: =D42*$X$7 -> 4511.8255 | Y42: =W42+X42 -> 101887.83 | Z42: =X$7*$F42 -> 4766.6085 | AB42: =C42*$AC$7 -> 137551.51 | AC42: =D42*$AC$7 -> 6373.3196 | AD42: =AB42+AC42 -> 143924.83 | AE42: =AC$7*$F42 -> 6733.2212 | AG42: =C42*$AH$7 -> 1586.7023 | AH42: =D42*$AH$7 -> 73.518354 | AI42: =AG42+AH42 -> 1660.2207 | AJ42: =AH$7*$F42 -> 77.669939 | AL42: =C42*$AM$7 -> 42178.682 | AM42: =D42*$AM$7 -> 1954.3094 | AN42: =AL42+AM42 -> 44132.992 | AO42: =AM$7*$F42 -> 2064.6694 | AQ42: =C42*$AR$7 -> 14787.645 | AR42: =D42*$AR$7 -> 685.17157 | AS42: =AQ42+AR42 -> 15472.816 | AT42: =AR$7*$F42 -> 723.86323 | AV42: =C42*$AW$7 -> 17527.488 | AW42: =D42*$AW$7 -> 812.11962 | AX42: =AV42+AW42 -> 18339.608 | AY42: =AW$7*$F42 -> 857.98005 | BA42: =C42*$BB$7 -> 20167.723 | BB42: =D42*$BB$7 -> 934.45242 | BC42: =BA42+BB42 -> 21102.176 | BD42: =BB$7*$F42 -> 987.22099 | BF42: =C42*$BG$7 -> 133805.35 | BG42: =D42*$BG$7 -> 6199.7449 | BH42: =BF42+BG42 -> 140005.1 | BI42: =BG$7*$F42 -> 6549.8447 | BK42: =C42*$BL$7 -> 29079.543 | BL42: =D42*$BL$7 -> 1347.3732 | BM42: =BK42+BL42 -> 30426.916 | BN42: =BL$7*$F42 -> 1423.4594
A43: 14885 | D43: 72225 | E43: =C43+D43 -> 72225 | F43: 112831 | H43: =M43+R43+W43+AB43+AG43+AL43+AQ43+AV43+BA43+BF43+BK43 -> 0 | I43: =N43+S43+X43+AC43+AH43+AM43+AR43+AW43+BB43+BG43+BL43 -> 38825.818 | J43: =H43+I43 -> 38825.818 | K43: =P43+U43+Z43+AE43+AJ43+AO43+AT43+AY43+BD43+BI43+BN43 -> 60654.286 | N43: =D43*$N$7 -> 14013.771 | O43: =M43+N43 -> 14013.771 | P43: =N$7*$F43 -> 21892.528 | R43: =C43*$S$7 -> 0 | S43: =D43*$S$7 -> 9331.1219 | T43: =R43+S43 -> 9331.1219 | U43: =S$7*$F43 -> 14577.221 | W43: =C43*$X$7 -> 0 | X43: =D43*$X$7 -> 3051.1854 | Y43: =W43+X43 -> 3051.1854 | Z43: =X$7*$F43 -> 4766.6085 | AB43: =C43*$AC$7 -> 0 | AC43: =D43*$AC$7 -> 4310.0469 | AD43: =AB43+AC43 -> 4310.0469 | AE43: =AC$7*$F43 -> 6733.2212 | AG43: =C43*$AH$7 -> 0 | AH43: =D43*$AH$7 -> 49.71782 | AI43: =AG43+AH43 -> 49.71782 | AJ43: =AH$7*$F43 -> 77.669939 | AL43: =C43*$AM$7 -> 0 | AM43: =D43*$AM$7 -> 1321.6292 | AN43: =AL43+AM43 -> 1321.6292 | AO43: =AM$7*$F43 -> 2064.6694 | AQ43: =C43*$AR$7 -> 0 | AR43: =D43*$AR$7 -> 463.35689 | AS43: =AQ43+AR43 -> 463.35689 | AT43: =AR$7*$F43 -> 723.86323 | AV43: =C43*$AW$7 -> 0 | AW43: =D43*$AW$7 -> 549.2073 | AX43: =AV43+AW43 -> 549.2073 | AY43: =AW$7*$F43 -> 857.98005 | BA43: =C43*$BB$7 -> 0 | BB43: =D43*$BB$7 -> 631.93658 | BC43: =BA43+BB43 -> 631.93658 | BD43: =BB$7*$F43 -> 987.22099 | BF43: =C43*$BG$7 -> 0 | BG43: =D43*$BG$7 -> 4192.6645 | BH43: =BF43+BG43 -> 4192.6645 | BI43: =BG$7*$F43 -> 6549.8447 | BK43: =C43*$BL$7 -> 0 | BL43: =D43*$BL$7 -> 911.18003 | BM43: =BK43+BL43 -> 911.18003 | BN43: =BL$7*$F43 -> 1423.4594
A44: 15067 | C44: 2370000 | D44: 72225 | E44: =C44+D44 -> 2442225 | F44: 112831 | H44: =M44+R44+W44+AB44+AG44+AL44+AQ44+AV44+BA44+BF44+BK44 -> 1274035.1 | I44: =N44+S44+X44+AC44+AH44+AM44+AR44+AW44+BB44+BG44+BL44 -> 38825.818 | J44: =H44+I44 -> 1312861 | K44: =P44+U44+Z44+AE44+AJ44+AO44+AT44+AY44+BD44+BI44+BN44 -> 60654.286 | M44: =C44*$N$7 -> 459849.61 | N44: =D44*$N$7 -> 14013.771 | O44: =M44+N44 -> 473863.38 | P44: =N$7*$F44 -> 21892.528 | R44: =C44*$S$7 -> 306192.58 | S44: =D44*$S$7 -> 9331.1219 | T44: =R44+S44 -> 315523.7 | U44: =S$7*$F44 -> 14577.221 | W44: =C44*$X$7 -> 100121.97 | X44: =D44*$X$7 -> 3051.1854 | Y44: =W44+X44 -> 103173.16 | Z44: =X$7*$F44 -> 4766.6085 | AB44: =C44*$AC$7 -> 141430.41 | AC44: =D44*$AC$7 -> 4310.0469 | AD44: =AB44+AC44 -> 145740.45 | AE44: =AC$7*$F44 -> 6733.2212 | AG44: =C44*$AH$7 -> 1631.4466 | AH44: =D44*$AH$7 -> 49.71782 | AI44: =AG44+AH44 -> 1681.1644 | AJ44: =AH$7*$F44 -> 77.669939 | AL44: =C44*$AM$7 -> 43368.103 | AM44: =D44*$AM$7 -> 1321.6292 | AN44: =AL44+AM44 -> 44689.732 | AO44: =AM$7*$F44 -> 2064.6694 | AQ44: =C44*$AR$7 -> 15204.65 | AR44: =D44*$AR$7 -> 463.35689 | AS44: =AQ44+AR44 -> 15668.007 | AT44: =AR$7*$F44 -> 723.86323 | AV44: =C44*$AW$7 -> 18021.756 | AW44: =D44*$AW$7 -> 549.2073 | AX44: =AV44+AW44 -> 18570.963 | AY44: =AW$7*$F44 -> 857.98005 | BA44: =C44*$BB$7 -> 20736.444 | BB44: =D44*$BB$7 -> 631.93658 | BC44: =BA44+BB44 -> 21368.381 | BD44: =BB$7*$F44 -> 987.22099 | BF44: =C44*$BG$7 -> 137578.61 | BG44: =D44*$BG$7 -> 4192.6645 | BH44: =BF44+BG44 -> 141771.27 | BI44: =BG$7*$F44 -> 6549.8447 | BK44: =C44*$BL$7 -> 29899.573 | BL44: =D44*$BL$7 -> 911.18003 | BM44: =BK44+BL44 -> 30810.753 | BN44: =BL$7*$F44 -> 1423.4594
A45: 15250 | D45: 36675 | E45: =C45+D45 -> 36675 | F45: 112831 | H45: =M45+R45+W45+AB45+AG45+AL45+AQ45+AV45+BA45+BF45+BK45 -> 0 | I45: =N45+S45+X45+AC45+AH45+AM45+AR45+AW45+BB45+BG45+BL45 -> 19715.291 | J45: =H45+I45 -> 19715.291 | K45: =P45+U45+Z45+AE45+AJ45+AO45+AT45+AY45+BD45+BI45+BN45 -> 60654.286 | N45: =D45*$N$7 -> 7116.0271 | O45: =M45+N45 -> 7116.0271 | P45: =N$7*$F45 -> 21892.528 | R45: =C45*$S$7 -> 0 | S45: =D45*$S$7 -> 4738.2332 | T45: =R45+S45 -> 4738.2332 | U45: =S$7*$F45 -> 14577.221 | W45: =C45*$X$7 -> 0 | X45: =D45*$X$7 -> 1549.3558 | Y45: =W45+X45 -> 1549.3558 | Z45: =X$7*$F45 -> 4766.6085 | AB45: =C45*$AC$7 -> 0 | AC45: =D45*$AC$7 -> 2188.5908 | AD45: =AB45+AC45 -> 2188.5908 | AE45: =AC$7*$F45 -> 6733.2212 | AG45: =C45*$AH$7 -> 0 | AH45: =D45*$AH$7 -> 25.24612 | AI45: =AG45+AH45 -> 25.24612 | AJ45: =AH$7*$F45 -> 77.669939 | AL45: =C45*$AM$7 -> 0 | AM45: =D45*$AM$7 -> 671.10767 | AN45: =AL45+AM45 -> 671.10767 | AO45: =AM$7*$F45 -> 2064.6694 | AQ45: =C45*$AR$7 -> 0 | AR45: =D45*$AR$7 -> 235.28715 | AS45: =AQ45+AR45 -> 235.28715 | AT45: =AR$7*$F45 -> 723.86323 | AV45: =C45*$AW$7 -> 0 | AW45: =D45*$AW$7 -> 278.88097 | AX45: =AV45+AW45 -> 278.88097 | AY45: =AW$7*$F45 -> 857.98005 | BA45: =C45*$BB$7 -> 0 | BB45: =D45*$BB$7 -> 320.88991 | BC45: =BA45+BB45 -> 320.88991 | BD45: =BB$7*$F45 -> 987.22099 | BF45: =C45*$BG$7 -> 0 | BG45: =D45*$BG$7 -> 2128.9854 | BH45: =BF45+BG45 -> 2128.9854 | BI45: =BG$7*$F45 -> 6549.8447 | BK45: =C45*$BL$7 -> 0 | BL45: =D45*$BL$7 -> 462.68643 | BM45: =BK45+BL45 -> 462.68643 | BN45: =BL$7*$F45 -> 1423.4594
A46: 15432 | C46: 2445000 | D46: 36675 | E46: =C46+D46 -> 2481675 | F46: 112831 | H46: =M46+R46+W46+AB46+AG46+AL46+AQ46+AV46+BA46+BF46+BK46 -> 1314352.7 | I46: =N46+S46+X46+AC46+AH46+AM46+AR46+AW46+BB46+BG46+BL46 -> 19715.291 | J46: =H46+I46 -> 1334068 | K46: =P46+U46+Z46+AE46+AJ46+AO46+AT46+AY46+BD46+BI46+BN46 -> 60654.286 | M46: =C46*$N$7 -> 474401.81 | N46: =D46*$N$7 -> 7116.0271 | O46: =M46+N46 -> 481517.84 | P46: =N$7*$F46 -> 21892.528 | R46: =C46*$S$7 -> 315882.21 | S46: =D46*$S$7 -> 4738.2332 | T46: =R46+S46 -> 320620.45 | U46: =S$7*$F46 -> 14577.221 | W46: =C46*$X$7 -> 103290.39 | X46: =D46*$X$7 -> 1549.3558 | Y46: =W46+X46 -> 104839.74 | Z46: =X$7*$F46 -> 4766.6085 | AB46: =C46*$AC$7 -> 145906.05 | AC46: =D46*$AC$7 -> 2188.5908 | AD46: =AB46+AC46 -> 148094.64 | AE46: =AC$7*$F46 -> 6733.2212 | AG46: =C46*$AH$7 -> 1683.0747 | AH46: =D46*$AH$7 -> 25.24612 | AI46: =AG46+AH46 -> 1708.3208 | AJ46: =AH$7*$F46 -> 77.669939 | AL46: =C46*$AM$7 -> 44740.511 | AM46: =D46*$AM$7 -> 671.10767 | AN46: =AL46+AM46 -> 45411.619 | AO46: =AM$7*$F46 -> 2064.6694 | AQ46: =C46*$AR$7 -> 15685.81 | AR46: =D46*$AR$7 -> 235.28715 | AS46: =AQ46+AR46 -> 15921.097 | AT46: =AR$7*$F46 -> 723.86323 | AV46: =C46*$AW$7 -> 18592.064 | AW46: =D46*$AW$7 -> 278.88097 | AX46: =AV46+AW46 -> 18870.945 | AY46: =AW$7*$F46 -> 857.98005 | BA46: =C46*$BB$7 -> 21392.661 | BB46: =D46*$BB$7 -> 320.88991 | BC46: =BA46+BB46 -> 21713.551 | BD46: =BB$7*$F46 -> 987.22099 | BF46: =C46*$BG$7 -> 141932.36 | BG46: =D46*$BG$7 -> 2128.9854 | BH46: =BF46+BG46 -> 144061.35 | BI46: =BG$7*$F46 -> 6549.8447 | BK46: =C46*$BL$7 -> 30845.762 | BL46: =D46*$BL$7 -> 462.68643 | BM46: =BK46+BL46 -> 31308.448 | BN46: =BL$7*$F46 -> 1423.4594
C48: =SUM(C9:C47) -> 34625000 | D48: =SUM(D9:D47) -> 13181200 | E48: =SUM(E9:E47) -> 47806200 | F48: =SUM(F9:F47) -> 4287567 | H48: =SUM(H9:H46) -> 18560428 | I48: =SUM(I9:I46) -> 6807972.4 | J48: =SUM(J9:J46) -> 25368401 | K48: =SUM(K9:K46) -> 2257399.6 | M48: =SUM(M9:M46) -> 6716949.4 | N48: =SUM(N9:N46) -> 2459728.1 | O48: =SUM(O9:O46) -> 9176677.5 | P48: =SUM(P9:P46) -> 815205.4 | R48: =SUM(R9:R46) -> 4469394.4 | S48: =SUM(S9:S46) -> 1645857.4 | T48: =SUM(T9:T46) -> 6115251.9 | U48: =SUM(U9:U46) -> 544180.66 | W48: =SUM(W9:W46) -> 1462819.6 | X48: =SUM(X9:X46) -> 535669.54 | Y48: =SUM(Y9:Y46) -> 1998489.1 | Z48: =SUM(Z9:Z46) -> 177513.04 | AB48: =SUM(AB9:AB46) -> 2031897.5 | AC48: =SUM(AC9:AC46) -> 729242.32 | AD48: =SUM(AD9:AD46) -> 2761139.8 | AE48: =SUM(AE9:AE46) -> 246064.83 | AG48: =SUM(AG9:AG46) -> 23012.346 | AH48: =SUM(AH9:AH46) -> 8164.3234 | AI48: =SUM(AI9:AI46) -> 31176.67 | AJ48: =SUM(AJ9:AJ46) -> 2796.1178 | AL48: =SUM(AL9:AL46) -> 633624.27 | AM48: =SUM(AM9:AM46) -> 238485.85 | AN48: =SUM(AN9:AN46) -> 872110.12 | AO48: =SUM(AO9:AO46) -> 77993.623 | AQ48: =SUM(AQ9:AQ46) -> 216334.96 | AR48: =SUM(AR9:AR46) -> 77120.621 | AS48: =SUM(AS9:AS46) -> 293455.58 | AT48: =SUM(AT9:AT46) -> 26235.262 | AV48: =SUM(AV9:AV46) -> 261904.74 | AW48: =SUM(AW9:AW46) -> 95852.757 | AX48: =SUM(AX9:AX46) -> 357757.49 | AY48: =SUM(AY9:AY46) -> 31855.177 | BA48: =SUM(BA9:BA46) -> 301981.1 | BB48: =SUM(BB9:BB46) -> 112111.58 | BC48: =SUM(BC9:BC46) -> 414092.68 | BD48: =SUM(BD9:BD46) -> 36964.576 | BF48: =SUM(BF9:BF46) -> 2008170 | BG48: =SUM(BG9:BG46) -> 747009.78 | BH48: =SUM(BH9:BH46) -> 2755179.8 | BI48: =SUM(BI9:BI46) -> 245791.39 | BK48: =SUM(BK9:BK46) -> 434340.21 | BL48: =SUM(BL9:BL46) -> 158730.13 | BM48: =SUM(BM9:BM46) -> 593070.34 | BN48: =SUM(BN9:BN46) -> 52799.539

Sheet 10-Year Fac Renewal Revised
H1: University System of Maryland | W1: University System of Maryland | AL1: University System of Maryland | BA1: University System of Maryland | BP1: University System of Maryland
H2: Distribution of Debt Services | W2: Distribution of Debt Services | AL2: Distribution of Debt Services | BA2: Distribution of Debt Services | BP2: Distribution of Debt Services
H3: 2022 Series A Bond Funded Projects | W3: 2022 Series A Bond Funded Projects | AL3: 2022 Series A Bond Funded Projects | BA3: 2022 Series A Bond Funded Projects | BP3: 2022 Series A Bond Funded Projects
A5: Payment | C5: Total Debt Services - 2022 Series A | H5: Total Facilities Renewal - 2022A | M5: UMCP Facilities Renewal (Acad) | R5: UMB Facilities Renewal (Academic) | W5: UMES Facilities Renewal (Academic) | AB5: UMBC Facilities Renewal (Academic) | AG5: UMCES Facilities Renewal (Academic) | AL5: USM SG Service Center and Nursing (Acad) | AQ5: BSU Facilities Renewal Projects (Academic) | AV5: CSU Facilities Renewal (Academic) | BA5: FSU Facilities Renewal (Academic) | BF5: SU Facilities Renewal (Academic) | BK5: TU Facilities Renewal (Academic) | BP5: UB Facilities Renewal (Academic) | BU5: Debt Svc from Earnings\Accrued Int\Plant Fund
A6: Date | C6: 2022 A Bonds (10 Years Bonds) | F6: Amort of | H6: =M6+R6+W6+AB6+AL6+AQ6+AV6+BA6+BF6+BK6+BP6+BU6+AG6 -> 1 | I6: =N6+S6+X6+AC6+AM6+AR6+AW6+BB6+BG6+BL6+BQ6+BV6+AH6 -> 1 | J6: =O6+T6+Y6+AD6+AN6+AS6+AX6+BC6+BH6+BM6+BR6+BW6+AI6 -> 1 | K6: Amort of | M6: 0.1462124 | N6: 0.33602504 | O6: 0.42528221 | P6: Amort of | R6: 0.14801367 | S6: 0.18488874 | T6: 0.21653696 | U6: Amort of | W6: 0.0170339 | X6: 0.037088731 | Y6: 0.037095631 | Z6: Amort of | AB6: 0.0039247 | AC6: 0.018019429 | AD6: 0.019710838 | AE6: Amort of | AG6: 0.0056581 | AH6: 0.0086467248 | AI6: 0.0086467248 | AJ6: Amort of | AL6: 0.0373483 | AM6: 0.054970397 | AN6: 0.054970397 | AO6: Amort of | AQ6: 0.0714809 | AR6: 0.07206559 | AS6: 0.07432159 | AT6: Amort of | AV6: 0.0087908 | AW6: 0.029217087 | AX6: 0.033015375 | AY6: Amort of | BA6: 0.0270556 | BB6: 0.059012118 | BC6: 0.062507709 | BD6: Amort of | BF6: 0.0082222 | BG6: 0.033484006 | BH6: 0.035362644 | BI6: Amort of | BK6: 0.0206283 | BL6: 0.026206422 | BM6: 0.026854821 | BN6: Amort of | BP6: 0.0038628 | BQ6: 0.0056557056 | BR6: 0.0056951056 | BS6: Amort of | BU6: 0.50176832 | BV6: 0.13472001 | BX6: Amort of
F7: Premium | K7: Premium | P7: Premium | U7: Premium | Z7: Premium | AE7: Premium | AJ7: Premium | AO7: Premium | AT7: Premium | AY7: Premium | BD7: Premium | BI7: Premium | BN7: Premium | BS7: Premium | BX7: Premium
C8: Principal | D8: Interest | E8: Total | F8: Total | H8: Principal | I8: Interest | J8: Total | K8: Total | M8: Principal | N8: Interest | O8: Total | P8: Total | R8: Principal | S8: Interest | T8: Total | U8: Total | W8: Principal | X8: Interest | Y8: Total | Z8: Total | AB8: Principal | AC8: Interest | AD8: Total | AE8: Total | AG8: Principal | AH8: Interest | AI8: Total | AJ8: Total | AL8: Principal | AM8: Interest | AN8: Total | AO8: Total | AQ8: Principal | AR8: Interest | AS8: Total | AT8: Total | AV8: Principal | AW8: Interest | AX8: Total | AY8: Total | BA8: Principal | BB8: Interest | BC8: Total | BD8: Total | BF8: Principal | BG8: Interest | BH8: Total | BI8: Total | BK8: Principal | BL8: Interest | BM8: Total | BN8: Total | BP8: Principal | BQ8: Interest | BR8: Total | BS8: Total | BU8: Principal | BV8: Interest | BW8: Total | BX8: Total
A9: 45200 | D9: 482875 | E9: =C9+D9 -> 482875 | F9: =129308-7 -> 129301 | I9: =N9+S9+X9+AC9+AM9+AR9+AW9+BB9+BG9+BL9+BQ9+BV9+AH9 -> 482875 | J9: =H9+I9 -> 482875 | K9: =P9+U9+Z9+AE9+AO9+AT9+AY9+BD9+BI9+BN9+BS9+BX9+AJ9 -> 129301 | N9: =$D$9*O6 -> 205358.15 | O9: =M9+N9 -> 205358.15 | P9: =O$6*$F9 -> 54989.415 | S9: =$D$9*T6 -> 104560.28 | T9: =R9+S9 -> 104560.28 | U9: =T$6*$F9 -> 27998.445 | X9: =$D$9*Y6 -> 17912.553 | Y9: =W9+X9 -> 17912.553 | Z9: =Y$6*$F9 -> 4796.5022 | AC9: =$D$9*AD6 -> 9517.8711 | AD9: =AB9+AC9 -> 9517.8711 | AE9: =AD$6*$F9 -> 2548.6311 | AH9: =$D$9*AI6 -> 4175.2872 | AI9: =AG9+AH9 -> 4175.2872 | AJ9: =AI$6*$F9 -> 1118.0302 | AM9: =$D$9*AN6 -> 26543.831 | AN9: =AL9+AM9 -> 26543.831 | AO9: =AN$6*$F9 -> 7107.7273 | AR9: =$D$9*AS6 -> 35888.038 | AS9: =AQ9+AR9 -> 35888.038 | AT9: =AS$6*$F9 -> 9609.856 | AW9: =$D$9*AX6 -> 15942.299 | AX9: =AV9+AW9 -> 15942.299 | AY9: =AX$6*$F9 -> 4268.921 | BB9: =$D$9*BC6 -> 30183.41 | BC9: =BA9+BB9 -> 30183.41 | BD9: =BC$6*$F9 -> 8082.3093 | BG9: =$D$9*BH6 -> 17075.737 | BH9: =BF9+BG9 -> 17075.737 | BI9: =BH$6*$F9 -> 4572.4253 | BL9: =$D$9*BM6 -> 12967.522 | BM9: =BK9+BL9 -> 12967.522 | BN9: =BM$6*$F9 -> 3472.3552 | BQ9: =$D$9*BR6 -> 2750.0241 | BR9: =BP9+BQ9 -> 2750.0241 | BS9: =BR$6*$F9 -> 736.38285 | BV9: =$D$9*BW6 -> 0 | BW9: =BU9+BV9 -> 0 | BX9: =BW$6*$F9 -> 0
A10: 45383 | C10: 1750000 | D10: 482875 | E10: =C10+D10 -> 2232875 | F10: 129308 | H10: =M10+R10+W10+AB10+AL10+AQ10+AV10+BA10+BF10+BK10+BP10+BU10+AG10 -> 1750000 | I10: =N10+S10+X10+AC10+AM10+AR10+AW10+BB10+BG10+BL10+BQ10+BV10+AH10 -> 482875 | J10: =H10+I10 -> 2232875 | K10: =P10+U10+Z10+AE10+AO10+AT10+AY10+BD10+BI10+BN10+BS10+BX10+AJ10 -> 129308 | M10: =C10*$O$6 -> 744243.86 | N10: =D10*$O$6 -> 205358.15 | O10: =M10+N10 -> 949602.01 | P10: =O$6*$F10 -> 54992.391 | R10: =C10*$T$6 -> 378939.68 | S10: =D10*$T$6 -> 104560.28 | T10: =R10+S10 -> 483499.96 | U10: =T$6*$F10 -> 27999.961 | W10: =C10*$Y$6 -> 64917.354 | X10: =D10*$Y$6 -> 17912.553 | Y10: =W10+X10 -> 82829.907 | Z10: =Y$6*$F10 -> 4796.7618 | AB10: =C10*$AD$6 -> 34493.967 | AC10: =D10*$AD$6 -> 9517.8711 | AD10: =AB10+AC10 -> 44011.838 | AE10: =AD$6*$F10 -> 2548.7691 | AG10: =C10*$AI$6 -> 15131.768 | AH10: =D10*$AI$6 -> 4175.2872 | AI10: =AG10+AH10 -> 19307.056 | AJ10: =AI$6*$F10 -> 1118.0907 | AL10: =C10*$AN$6 -> 96198.195 | AM10: =D10*$AN$6 -> 26543.831 | AN10: =AL10+AM10 -> 122742.03 | AO10: =AN$6*$F10 -> 7108.1121 | AQ10: =C10*$AS$6 -> 130062.78 | AR10: =D10*$AS$6 -> 35888.038 | AS10: =AQ10+AR10 -> 165950.82 | AT10: =AS$6*$F10 -> 9610.3762 | AV10: =C10*$AX$6 -> 57776.906 | AW10: =D10*$AX$6 -> 15942.299 | AX10: =AV10+AW10 -> 73719.205 | AY10: =AX$6*$F10 -> 4269.1521 | BA10: =C10*$BC$6 -> 109388.49 | BB10: =D10*$BC$6 -> 30183.41 | BC10: =BA10+BB10 -> 139571.9 | BD10: =BC$6*$F10 -> 8082.7469 | BF10: =C10*$BH$6 -> 61884.628 | BG10: =D10*$BH$6 -> 17075.737 | BH10: =BF10+BG10 -> 78960.365 | BI10: =BH$6*$F10 -> 4572.6728 | BK10: =C10*$BM$6 -> 46995.936 | BL10: =D10*$BM$6 -> 12967.522 | BM10: =BK10+BL10 -> 59963.458 | BN10: =BM$6*$F10 -> 3472.5432 | BP10: =C10*$BR$6 -> 9966.4348 | BQ10: =D10*$BR$6 -> 2750.0241 | BR10: =BP10+BQ10 -> 12716.459 | BS10: =BR$6*$F10 -> 736.42271 | BX10: =BW$6*$F10 -> 0
A11: 45566 | D11: 439125 | E11: =C11+D11 -> 439125 | F11: 129308 | I11: =N11+S11+X11+AC11+AM11+AR11+AW11+BB11+BG11+BL11+BQ11+BV11+AH11 -> 439125 | J11: =H11+I11 -> 439125 | K11: =P11+U11+Z11+AE11+AO11+AT11+AY11+BD11+BI11+BN11+BS11+BX11+AJ11 -> 129308 | M11: =C11*$O$6 -> 0 | N11: =D11*$O$6 -> 186752.05 | O11: =M11+N11 -> 186752.05 | P11: =O$6*$F11 -> 54992.391 | R11: =C11*$T$6 -> 0 | S11: =D11*$T$6 -> 95086.792 | T11: =R11+S11 -> 95086.792 | U11: =T$6*$F11 -> 27999.961 | W11: =C11*$Y$6 -> 0 | X11: =D11*$Y$6 -> 16289.619 | Y11: =W11+X11 -> 16289.619 | Z11: =Y$6*$F11 -> 4796.7618 | AC11: =D11*$AD$6 -> 8655.5219 | AD11: =AB11+AC11 -> 8655.5219 | AE11: =AD$6*$F11 -> 2548.7691 | AH11: =D11*$AI$6 -> 3796.993 | AI11: =AG11+AH11 -> 3796.993 | AJ11: =AI$6*$F11 -> 1118.0907 | AM11: =D11*$AN$6 -> 24138.876 | AN11: =AL11+AM11 -> 24138.876 | AO11: =AN$6*$F11 -> 7108.1121 | AR11: =D11*$AS$6 -> 32636.468 | AS11: =AQ11+AR11 -> 32636.468 | AT11: =AS$6*$F11 -> 9610.3762 | AW11: =D11*$AX$6 -> 14497.876 | AX11: =AV11+AW11 -> 14497.876 | AY11: =AX$6*$F11 -> 4269.1521 | BB11: =D11*$BC$6 -> 27448.698 | BC11: =BA11+BB11 -> 27448.698 | BD11: =BC$6*$F11 -> 8082.7469 | BG11: =D11*$BH$6 -> 15528.621 | BH11: =BF11+BG11 -> 15528.621 | BI11: =BH$6*$F11 -> 4572.6728 | BL11: =D11*$BM$6 -> 11792.623 | BM11: =BK11+BL11 -> 11792.623 | BN11: =BM$6*$F11 -> 3472.5432 | BP11: =C11*$BR$6 -> 0 | BQ11: =D11*$BR$6 -> 2500.8632 | BR11: =BP11+BQ11 -> 2500.8632 | BS11: =BR$6*$F11 -> 736.42271 | BX11: =BW$6*$F11 -> 0
A12: 45748 | C12: 1840000 | D12: 439125 | E12: =C12+D12 -> 2279125 | F12: 129308 | H12: =M12+R12+W12+AB12+AL12+AQ12+AV12+BA12+BF12+BK12+BP12+BU12+AG12 -> 1840000 | I12: =N12+S12+X12+AC12+AM12+AR12+AW12+BB12+BG12+BL12+BQ12+BV12+AH12 -> 439125 | J12: =H12+I12 -> 2279125 | K12: =P12+U12+Z12+AE12+AO12+AT12+AY12+BD12+BI12+BN12+BS12+BX12+AJ12 -> 129308 | M12: =C12*$O$6 -> 782519.26 | N12: =D12*$O$6 -> 186752.05 | O12: =M12+N12 -> 969271.31 | P12: =O$6*$F12 -> 54992.391 | R12: =C12*$T$6 -> 398428 | S12: =D12*$T$6 -> 95086.792 | T12: =R12+S12 -> 493514.79 | U12: =T$6*$F12 -> 27999.961 | W12: =C12*$Y$6 -> 68255.961 | X12: =D12*$Y$6 -> 16289.619 | Y12: =W12+X12 -> 84545.58 | Z12: =Y$6*$F12 -> 4796.7618 | AB12: =C12*$AD$6 -> 36267.943 | AC12: =D12*$AD$6 -> 8655.5219 | AD12: =AB12+AC12 -> 44923.465 | AE12: =AD$6*$F12 -> 2548.7691 | AG12: =C12*$AI$6 -> 15909.974 | AH12: =D12*$AI$6 -> 3796.993 | AI12: =AG12+AH12 -> 19706.967 | AJ12: =AI$6*$F12 -> 1118.0907 | AL12: =C12*$AN$6 -> 101145.53 | AM12: =D12*$AN$6 -> 24138.876 | AN12: =AL12+AM12 -> 125284.41 | AO12: =AN$6*$F12 -> 7108.1121 | AQ12: =C12*$AS$6 -> 136751.73 | AR12: =D12*$AS$6 -> 32636.468 | AS12: =AQ12+AR12 -> 169388.19 | AT12: =AS$6*$F12 -> 9610.3762 | AV12: =C12*$AX$6 -> 60748.29 | AW12: =D12*$AX$6 -> 14497.876 | AX12: =AV12+AW12 -> 75246.166 | AY12: =AX$6*$F12 -> 4269.1521 | BA12: =C12*$BC$6 -> 115014.18 | BB12: =D12*$BC$6 -> 27448.698 | BC12: =BA12+BB12 -> 142462.88 | BD12: =BC$6*$F12 -> 8082.7469 | BF12: =C12*$BH$6 -> 65067.266 | BG12: =D12*$BH$6 -> 15528.621 | BH12: =BF12+BG12 -> 80595.887 | BI12: =BH$6*$F12 -> 4572.6728 | BK12: =C12*$BM$6 -> 49412.87 | BL12: =D12*$BM$6 -> 11792.623 | BM12: =BK12+BL12 -> 61205.493 | BN12: =BM$6*$F12 -> 3472.5432 | BP12: =C12*$BR$6 -> 10478.994 | BQ12: =D12*$BR$6 -> 2500.8632 | BR12: =BP12+BQ12 -> 12979.858 | BS12: =BR$6*$F12 -> 736.42271 | BX12: =BW$6*$F12 -> 0
A13: 45931 | D13: 393125 | E13: =C13+D13 -> 393125 | F13: 129308 | I13: =N13+S13+X13+AC13+AM13+AR13+AW13+BB13+BG13+BL13+BQ13+BV13+AH13 -> 393125 | J13: =H13+I13 -> 393125 | K13: =P13+U13+Z13+AE13+AO13+AT13+AY13+BD13+BI13+BN13+BS13+BX13+AJ13 -> 129308 | M13: =C13*$O$6 -> 0 | N13: =D13*$O$6 -> 167189.07 | O13: =M13+N13 -> 167189.07 | P13: =O$6*$F13 -> 54992.391 | R13: =C13*$T$6 -> 0 | S13: =D13*$T$6 -> 85126.091 | T13: =R13+S13 -> 85126.091 | U13: =T$6*$F13 -> 27999.961 | W13: =C13*$Y$6 -> 0 | X13: =D13*$Y$6 -> 14583.22 | Y13: =W13+X13 -> 14583.22 | Z13: =Y$6*$F13 -> 4796.7618 | AC13: =D13*$AD$6 -> 7748.8233 | AD13: =AB13+AC13 -> 7748.8233 | AE13: =AD$6*$F13 -> 2548.7691 | AH13: =D13*$AI$6 -> 3399.2437 | AI13: =AG13+AH13 -> 3399.2437 | AJ13: =AI$6*$F13 -> 1118.0907 | AM13: =D13*$AN$6 -> 21610.237 | AN13: =AL13+AM13 -> 21610.237 | AO13: =AN$6*$F13 -> 7108.1121 | AR13: =D13*$AS$6 -> 29217.675 | AS13: =AQ13+AR13 -> 29217.675 | AT13: =AS$6*$F13 -> 9610.3762 | AW13: =D13*$AX$6 -> 12979.169 | AX13: =AV13+AW13 -> 12979.169 | AY13: =AX$6*$F13 -> 4269.1521 | BB13: =D13*$BC$6 -> 24573.343 | BC13: =BA13+BB13 -> 24573.343 | BD13: =BC$6*$F13 -> 8082.7469 | BG13: =D13*$BH$6 -> 13901.94 | BH13: =BF13+BG13 -> 13901.94 | BI13: =BH$6*$F13 -> 4572.6728 | BL13: =D13*$BM$6 -> 10557.301 | BM13: =BK13+BL13 -> 10557.301 | BN13: =BM$6*$F13 -> 3472.5432 | BP13: =C13*$BR$6 -> 0 | BQ13: =D13*$BR$6 -> 2238.8884 | BR13: =BP13+BQ13 -> 2238.8884 | BS13: =BR$6*$F13 -> 736.42271 | BX13: =BW$6*$F13 -> 0
A14: 46113 | C14: 1930000 | D14: 393125 | E14: =C14+D14 -> 2323125 | F14: 129308 | H14: =M14+R14+W14+AB14+AL14+AQ14+AV14+BA14+BF14+BK14+BP14+BU14+AG14 -> 1930000 | I14: =N14+S14+X14+AC14+AM14+AR14+AW14+BB14+BG14+BL14+BQ14+BV14+AH14 -> 393125 | J14: =H14+I14 -> 2323125 | K14: =P14+U14+Z14+AE14+AO14+AT14+AY14+BD14+BI14+BN14+BS14+BX14+AJ14 -> 129308 | M14: =C14*$O$6 -> 820794.66 | N14: =D14*$O$6 -> 167189.07 | O14: =M14+N14 -> 987983.72 | P14: =O$6*$F14 -> 54992.391 | R14: =C14*$T$6 -> 417916.33 | S14: =D14*$T$6 -> 85126.091 | T14: =R14+S14 -> 503042.42 | U14: =T$6*$F14 -> 27999.961 | W14: =C14*$Y$6 -> 71594.567 | X14: =D14*$Y$6 -> 14583.22 | Y14: =W14+X14 -> 86177.787 | Z14: =Y$6*$F14 -> 4796.7618 | AB14: =C14*$AD$6 -> 38041.918 | AC14: =D14*$AD$6 -> 7748.8233 | AD14: =AB14+AC14 -> 45790.741 | AE14: =AD$6*$F14 -> 2548.7691 | AG14: =C14*$AI$6 -> 16688.179 | AH14: =D14*$AI$6 -> 3399.2437 | AI14: =AG14+AH14 -> 20087.423 | AJ14: =AI$6*$F14 -> 1118.0907 | AL14: =C14*$AN$6 -> 106092.87 | AM14: =D14*$AN$6 -> 21610.237 | AN14: =AL14+AM14 -> 127703.1 | AO14: =AN$6*$F14 -> 7108.1121 | AQ14: =C14*$AS$6 -> 143440.67 | AR14: =D14*$AS$6 -> 29217.675 | AS14: =AQ14+AR14 -> 172658.34 | AT14: =AS$6*$F14 -> 9610.3762 | AV14: =C14*$AX$6 -> 63719.673 | AW14: =D14*$AX$6 -> 12979.169 | AX14: =AV14+AW14 -> 76698.843 | AY14: =AX$6*$F14 -> 4269.1521 | BA14: =C14*$BC$6 -> 120639.88 | BB14: =D14*$BC$6 -> 24573.343 | BC14: =BA14+BB14 -> 145213.22 | BD14: =BC$6*$F14 -> 8082.7469 | BF14: =C14*$BH$6 -> 68249.904 | BG14: =D14*$BH$6 -> 13901.94 | BH14: =BF14+BG14 -> 82151.843 | BI14: =BH$6*$F14 -> 4572.6728 | BK14: =C14*$BM$6 -> 51829.804 | BL14: =D14*$BM$6 -> 10557.301 | BM14: =BK14+BL14 -> 62387.106 | BN14: =BM$6*$F14 -> 3472.5432 | BP14: =C14*$BR$6 -> 10991.554 | BQ14: =D14*$BR$6 -> 2238.8884 | BR14: =BP14+BQ14 -> 13230.442 | BS14: =BR$6*$F14 -> 736.42271 | BX14: =BW$6*$F14 -> 0
A15: 46296 | D15: 344875 | E15: =C15+D15 -> 344875 | F15: 129308 | I15: =N15+S15+X15+AC15+AM15+AR15+AW15+BB15+BG15+BL15+BQ15+BV15+AH15 -> 344875 | J15: =H15+I15 -> 344875 | K15: =P15+U15+Z15+AE15+AO15+AT15+AY15+BD15+BI15+BN15+BS15+BX15+AJ15 -> 129308 | M15: =C15*$O$6 -> 0 | N15: =D15*$O$6 -> 146669.2 | O15: =M15+N15 -> 146669.2 | P15: =O$6*$F15 -> 54992.391 | R15: =C15*$T$6 -> 0 | S15: =D15*$T$6 -> 74678.183 | T15: =R15+S15 -> 74678.183 | U15: =T$6*$F15 -> 27999.961 | W15: =C15*$Y$6 -> 0 | X15: =D15*$Y$6 -> 12793.356 | Y15: =W15+X15 -> 12793.356 | Z15: =Y$6*$F15 -> 4796.7618 | AC15: =D15*$AD$6 -> 6797.7754 | AD15: =AB15+AC15 -> 6797.7754 | AE15: =AD$6*$F15 -> 2548.7691 | AH15: =D15*$AI$6 -> 2982.0392 | AI15: =AG15+AH15 -> 2982.0392 | AJ15: =AI$6*$F15 -> 1118.0907 | AM15: =D15*$AN$6 -> 18957.916 | AN15: =AL15+AM15 -> 18957.916 | AO15: =AN$6*$F15 -> 7108.1121 | AR15: =D15*$AS$6 -> 25631.658 | AS15: =AQ15+AR15 -> 25631.658 | AT15: =AS$6*$F15 -> 9610.3762 | AW15: =D15*$AX$6 -> 11386.177 | AX15: =AV15+AW15 -> 11386.177 | AY15: =AX$6*$F15 -> 4269.1521 | BB15: =D15*$BC$6 -> 21557.346 | BC15: =BA15+BB15 -> 21557.346 | BD15: =BC$6*$F15 -> 8082.7469 | BG15: =D15*$BH$6 -> 12195.692 | BH15: =BF15+BG15 -> 12195.692 | BI15: =BH$6*$F15 -> 4572.6728 | BL15: =D15*$BM$6 -> 9261.5563 | BM15: =BK15+BL15 -> 9261.5563 | BN15: =BM$6*$F15 -> 3472.5432 | BP15: =C15*$BR$6 -> 0 | BQ15: =D15*$BR$6 -> 1964.0995 | BR15: =BP15+BQ15 -> 1964.0995 | BS15: =BR$6*$F15 -> 736.42271 | BX15: =BW$6*$F15 -> 0
A16: 46478 | C16: 2030000 | D16: 344875 | E16: =C16+D16 -> 2374875 | F16: 129308 | H16: =M16+R16+W16+AB16+AL16+AQ16+AV16+BA16+BF16+BK16+BP16+BU16+AG16 -> 2030000 | I16: =N16+S16+X16+AC16+AM16+AR16+AW16+BB16+BG16+BL16+BQ16+BV16+AH16 -> 344875 | J16: =H16+I16 -> 2374875 | K16: =P16+U16+Z16+AE16+AO16+AT16+AY16+BD16+BI16+BN16+BS16+BX16+AJ16 -> 129308 | M16: =C16*$O$6 -> 863322.88 | N16: =D16*$O$6 -> 146669.2 | O16: =M16+N16 -> 1009992.1 | P16: =O$6*$F16 -> 54992.391 | R16: =C16*$T$6 -> 439570.02 | S16: =D16*$T$6 -> 74678.183 | T16: =R16+S16 -> 514248.21 | U16: =T$6*$F16 -> 27999.961 | W16: =C16*$Y$6 -> 75304.131 | X16: =D16*$Y$6 -> 12793.356 | Y16: =W16+X16 -> 88097.486 | Z16: =Y$6*$F16 -> 4796.7618 | AB16: =C16*$AD$6 -> 40013.002 | AC16: =D16*$AD$6 -> 6797.7754 | AD16: =AB16+AC16 -> 46810.777 | AE16: =AD$6*$F16 -> 2548.7691 | AG16: =C16*$AI$6 -> 17552.851 | AH16: =D16*$AI$6 -> 2982.0392 | AI16: =AG16+AH16 -> 20534.891 | AJ16: =AI$6*$F16 -> 1118.0907 | AL16: =C16*$AN$6 -> 111589.91 | AM16: =D16*$AN$6 -> 18957.916 | AN16: =AL16+AM16 -> 130547.82 | AO16: =AN$6*$F16 -> 7108.1121 | AQ16: =C16*$AS$6 -> 150872.83 | AR16: =D16*$AS$6 -> 25631.658 | AS16: =AQ16+AR16 -> 176504.49 | AT16: =AS$6*$F16 -> 9610.3762 | AV16: =C16*$AX$6 -> 67021.211 | AW16: =D16*$AX$6 -> 11386.177 | AX16: =AV16+AW16 -> 78407.388 | AY16: =AX$6*$F16 -> 4269.1521 | BA16: =C16*$BC$6 -> 126890.65 | BB16: =D16*$BC$6 -> 21557.346 | BC16: =BA16+BB16 -> 148448 | BD16: =BC$6*$F16 -> 8082.7469 | BF16: =C16*$BH$6 -> 71786.168 | BG16: =D16*$BH$6 -> 12195.692 | BH16: =BF16+BG16 -> 83981.86 | BI16: =BH$6*$F16 -> 4572.6728 | BK16: =C16*$BM$6 -> 54515.286 | BL16: =D16*$BM$6 -> 9261.5563 | BM16: =BK16+BL16 -> 63776.843 | BN16: =BM$6*$F16 -> 3472.5432 | BP16: =C16*$BR$6 -> 11561.064 | BQ16: =D16*$BR$6 -> 1964.0995 | BR16: =BP16+BQ16 -> 13525.164 | BS16: =BR$6*$F16 -> 736.42271 | BX16: =BW$6*$F16 -> 0
A17: 46661 | D17: 294125 | E17: =C17+D17 -> 294125 | F17: 129308 | I17: =N17+S17+X17+AC17+AM17+AR17+AW17+BB17+BG17+BL17+BQ17+BV17+AH17 -> 294125 | J17: =H17+I17 -> 294125 | K17: =P17+U17+Z17+AE17+AO17+AT17+AY17+BD17+BI17+BN17+BS17+BX17+AJ17 -> 129308 | M17: =C17*$O$6 -> 0 | N17: =D17*$O$6 -> 125086.13 | O17: =M17+N17 -> 125086.13 | P17: =O$6*$F17 -> 54992.391 | R17: =C17*$T$6 -> 0 | S17: =D17*$T$6 -> 63688.933 | T17: =R17+S17 -> 63688.933 | U17: =T$6*$F17 -> 27999.961 | W17: =C17*$Y$6 -> 0 | X17: =D17*$Y$6 -> 10910.752 | Y17: =W17+X17 -> 10910.752 | Z17: =Y$6*$F17 -> 4796.7618 | AC17: =D17*$AD$6 -> 5797.4503 | AD17: =AB17+AC17 -> 5797.4503 | AE17: =AD$6*$F17 -> 2548.7691 | AH17: =D17*$AI$6 -> 2543.2179 | AI17: =AG17+AH17 -> 2543.2179 | AJ17: =AI$6*$F17 -> 1118.0907 | AM17: =D17*$AN$6 -> 16168.168 | AN17: =AL17+AM17 -> 16168.168 | AO17: =AN$6*$F17 -> 7108.1121 | AR17: =D17*$AS$6 -> 21859.838 | AS17: =AQ17+AR17 -> 21859.838 | AT17: =AS$6*$F17 -> 9610.3762 | AW17: =D17*$AX$6 -> 9710.6471 | AX17: =AV17+AW17 -> 9710.6471 | AY17: =AX$6*$F17 -> 4269.1521 | BB17: =D17*$BC$6 -> 18385.08 | BC17: =BA17+BB17 -> 18385.08 | BD17: =BC$6*$F17 -> 8082.7469 | BG17: =D17*$BH$6 -> 10401.038 | BH17: =BF17+BG17 -> 10401.038 | BI17: =BH$6*$F17 -> 4572.6728 | BL17: =D17*$BM$6 -> 7898.6742 | BM17: =BK17+BL17 -> 7898.6742 | BN17: =BM$6*$F17 -> 3472.5432 | BP17: =C17*$BR$6 -> 0 | BQ17: =D17*$BR$6 -> 1675.0729 | BR17: =BP17+BQ17 -> 1675.0729 | BS17: =BR$6*$F17 -> 736.42271 | BX17: =BW$6*$F17 -> 0
